Workbook
Name _SUB100: введ!$A$3
Name sub1002163307: введ!$A$4

Sheet введ
B3: Уважаемые пользователи ИС §«Бухгалтер»!
B6: Данная форма призвана оказать Вам помощь при заполнении упрощенной декларации для субъектов малого бизнеса ИП по форме 910.00 за полугодие 2021 года. В форме № 910 Декларации ничего заполнять вручную не надо, все данные заполняются автомотически из приложений №1, №2.1, №2.2, №2.3, №2.4, №2.5, №2.6, №3. В приложениях нужно заполнять только те строки, которые выделены желтым цветом, все остальное считается автоматически.
B10: Справочник
B11: МЗП = | C11: 42500 | E11: тенге
B12: Доход для ОПВ max = | C12: 2125000 | E12: тенге
B13: ОПВ max = | C13: =C12*0.1 -> 212500 | E13: тенге
B14: Доход для СО max = | C14: 297500 | E14: тенге
B15: ставка для СО= | C15: 0.035
B16: СО max = | C16: =C14*C15 -> 10412.5 | E16: тенге
B17: Доход для ОСМС отчислений max = | C17: 425000
B18: ставка для ООСМС= | C18: 0.02
B19: ООСМС max = | C19: =C17*C18 -> 8500
B20: Месячный расчетный показатель = | C20: 2917 | E20: тенге
B21: Доход для взносов ОСМС max = | C21: 425000
B22: ставка для ВОСМС= | C22: 0.02
B23: ООСМС max = | C23: =C21*C22 -> 8500

Sheet 910.00
N2: Форма 910.00
B4: УПРОЩЕННАЯ ДЕКЛАРАЦИЯ ДЛЯ СУБЪЕКТОВ МАЛОГО БИЗНЕСА (910.00) за полугодие 2021 года для ТОО
B6: Раздел. Общая информация о налогоплательщике
A8: 1 | B8: ИИН (БИН) | D8: 111111111111
A10: 2 | B10: Ф.И.О. или наименование налогоплательщика | J10: ТОО ААА
A12: 3 | B12: Налоговый период, за который представляется налоговая отчетность: | J12: полугодие | L12: 1 | N12: год | O12: 2021
A14: 4 | B14: Категория налогоплательщика | E14: (укажите | F14: Х | I14: в соответствующей ячейке)
C16: А | D16: доверительный управляющий в соответствии со статьей 40 Налогового кодекса | M16: С | N16: ведет бухгалтерский учет в соответствии с пунктом 2 статьи 2 Закона РК "О бухгалтерском учете и финансовой отчетности" | P16: х
C18: В | D18: учредитель доверительного управления в соответствии со статьей 40 Налогового кодекса | M18: D | N18: не ведет бухгалтерский учет в соответствии с пунктом 2 статьи 2 Закона РК "О бухгалтерском учете и финансовой отчетности"
A20: 5 | B20: Вид декларации | D20: (укажите | E20: Х | G20: в соответствующей ячейке)
B22: первоначальная | E22: очередная | H22: дополнительная | J22: дополнительная по уведомлению | N22: ликвидационная
A23: 6 | B23: Трехкомпонентная интегрированная система (в случае наличия, укажите Х в ячейке):
A24: А | B24: Укажите наименование трехкомпонентной интегрированной системы:
A26: В | B26: номер регистрационной карточки
A27: С | B27: дата постановки на учет
A29: 7 | B29: Номер и дата уведомления (заполняется в случае представления дополнительной декларации по уведомлению)
C31: А | D31: номер | M31: В | N31: Дата
A34: 8 | B34: Код валюты | D34: KZT
A36: 9 | B36: Признак резидентства: | E36: А | G36: резидент РК | J36: X | N36: В | O36: нерезидент РК
B37: (укажите | C37: Х | E37: в соответствующей ячейке)
A38: 10 | B38: Представленные приложения (укажите Х в соответствующей ячейке) | K38: 01 | L38: 02
A39: Раздел. Исчисление налогов
A41: Код строки | C41: Наименование показателей | M41: Сумма
A42: 910.00.001 | C42: Доход | M42: =дохТОО!C21 -> 56958000
C44: A | D44: доходы полученные путем безналичных расчетов | M44: 51958000
D45: I | E45: в том числе, с применением трехкомпонентной системы | M45: 0
C46: B | D46: доходы полученные путем наличных расчетов | M46: 5000000
D47: I | E47: в том числе, с применением трехкомпонентной системы | M47: 0
A48: 910.00.002 | C48: в том числе доход от корректировки в соответствии с Законом о трансферном ценообразовании
A50: 910.00.003 | C50: Среднемесячная численность работников | M50: =ROUND(('2.1'!W26+'2.2'!W26+'2.3'!W26+'2.4'!W26+'2.5'!W26+'2.6'!W26)/6,0) -> 3
C52: А | D52: пенсионеры | M52: =ROUND(('2.1'!O26+'2.2'!N25+'2.3'!M25+'2.4'!M25+'2.5'!M25+'2.6'!M25)/6,0) -> 0 | Q52: указывается среднесписочная численность работников-пенсионеров
C54: В | D54: инвалиды | Q54: указывается среднесписочная численность работников-инвалидов
A56: 910.00.004 | C56: Среднемесячная заработная плата на одного работника (2.1+2.2+2.3+2.4+2.5+2.6)/6 | M56: =('2.1'!AD26+'2.2'!AD26+'2.3'!AD26+'2.4'!AD26+'2.5'!AD26+'2.6'!AD26)/6 -> 205833.33
A58: 910.00.005 | C58: Сумма исчисленных налогов (910.00.001*3%) | M58: =ROUND(M42*3%,0) -> 1708740
A60: 910.00.006 | C60: Корректировка суммы налогов в соответствии с пунктом 2 статьи 687 Налогового кодекса | M60: =ROUND((IF(M56>=23*введ!C20,M58*(M50)*0.015,0)),0) -> 76893
A62: 910.00.007 | C62: Сумма налогов после корректировки (910.00.005-910.00.006) | M62: =M58-M60 -> 1631847
A64: 910.00.008 | C64: Сумма индивидуального (корпоративного) подоходного налога, подлежащего уплате в бюджет (910.00.007*0,5) | M64: =ROUND(M62*0.5,0) -> 815924
A66: 910.00.009 | C66: Сумма социального налога, подлежащего уплате в бюджет ((910.00.007*0,5)-910.00.011 VII-910.00.018 VII) | M66: =ROUND((IF((M62*0.5-M135)>0,M62*0.5-M135,0)),0) -> 723629 | Q66: Если в 2020-2022 гг. ТОО вправе уменьшить сумму КПН и социального налога, исчисленных в соответствии со статьей 687 Налогового кодекса на основании статьи 57-4 Закона РК от 25 декабря 2017 года № 121-VI «О введении в действие Кодекса РК «О налогах и других обязательных платежах в бюджет» (Налоговый кодекс)», то в строках 910.00.008, 910.00.009, 910.00.011 будут указываться нулевые суммы КПН и социального налога.
A68: 910.00.010 | C68: Уменьшение индивидуальным предпринимателем суммы ИПН, подлежащего уплате в бюджет в соответствии с пунктом 2-1 статьи 687 Налогового кодекса (на сумму 60 000 тенге, но не более чем на 50 процентов от исчисленной суммы ИПН) за текущий календарный год
A70: 910.00.011 | C70: Сумма КПН (ИПН), подлежащего уплате в бюджет за налоговый период, 910.00.008-910.00.010 | M70: =M64-M68 -> 815924
A72: Раздел. Исчисление социальных отчислений и обязательных пенсионных взносов за индивидуального предпринимателя
A74: 910.00.012 | C74: Доход, для исчисления социальных отчислений
A75: 1 мес | C75: I | J75: 4 мес | L75: IV | Q75: раздел заполняется ИП
A76: 2 мес | C76: II | J76: 5 мес | L76: V
A77: 3 мес | C77: III | J77: 6 мес | L77: VI
C78: ИТОГО за полугодие | L78: VII | M78: =D75+D76+D77+M75+M76+M77 -> 0
A79: 910.00.013 | C79: Сумма социальных отчислений, к уплате | M79: =#REF! -> #REF!
A80: 1 мес | C80: I | J80: 4 мес | L80: IV
A81: 2 мес | C81: II | J81: 5 мес | L81: V
A82: 3 мес | C82: III | J82: 6 мес | L82: VI
C83: ИТОГО за полугодие | L83: VII | M83: =D80+D81+D82+M80+M81+M82 -> 0
A84: 910.00.014 | C84: Доход, для исчисления обязательных пенсионных взносов | M84: =#REF! -> #REF!
A85: 1 мес | C85: I | J85: 4 мес | L85: IV
A86: 2 мес | C86: II | J86: 5 мес | L86: V
A87: 3 мес | C87: III | J87: 6 мес | L87: VI
C88: ИТОГО за полугодие | L88: VII | M88: =D85+D86+D87+M85+M86+M87 -> 0
A89: 910.00.015 | C89: Сумма обязательных пенсионных взносов, к уплате | M89: =M84*10% -> #REF!
A90: 1 мес | C90: I | J90: 4 мес | L90: IV
A91: 2 мес | C91: II | J91: 5 мес | L91: V
A92: 3 мес | C92: III | J92: 6 мес | L92: VI
C93: ИТОГО за полугодие | L93: VII | M93: =D90+D91+D92+M90+M91+M92 -> 0
A94: 910.00.016 | C94: Сумма взносов на обязательное социальное медицинское страхование, к уплате | M94: =M89*10% -> #REF!
A95: 1 мес | C95: I | J95: 4 мес | L95: IV
A96: 2 мес | C96: II | J96: 5 мес | L96: V
A97: 3 мес | C97: III | J97: 6 мес | L97: VI
C98: ИТОГО за полугодие | L98: VII | M98: =D95+D96+D97+M95+M96+M97 -> 0
A99: Раздел. Начисленные доходы физических лиц (граждане РК)
A101: 910.00.017 | C101: Начисленные доходы | M101: =#REF! -> #REF!
A102: 1 мес | C102: I | D102: ='2.1'!AE26+'3гпх'!AA27+дивид!Y27 -> 430000 | J102: 4 мес | L102: IV | M102: ='2.4'!AE26+'3гпх'!AG27+дивид!AE27 -> 340000
A103: 2 мес | C103: II | D103: ='2.2'!AE26+'3гпх'!AC27+дивид!AA27 -> 430000 | J103: 5 мес | L103: V | M103: ='2.5'!AE26+'3гпх'!AI27+дивид!AG27 -> 180000
A104: 3 мес | C104: III | D104: ='2.3'!AE26+'3гпх'!AE27+дивид!AC27 -> 430000 | J104: 6 мес | L104: VI | M104: ='2.6'!AE26+'3гпх'!AK27+дивид!AI27 -> 180000
C105: ИТОГО за полугодие | L105: VII | M105: =D102+D103+D104+M102+M103+M104 -> 1990000
A106: в том числе за отчетный период:
A107: A | B107: доходы работников | M107: ='2.1'!AE26+'2.2'!AE26+'2.3'!AE26+'2.4'!AE26+'2.5'!AE26+'2.6'!AE26 -> 1830000
A108: B | B108: дивиденды | M108: =дивид!AK27 -> 0
A109: C | B109: выигрыши
A110: D | B110: вознаграждения
A111: E | B111: доходы физических лиц по договорам ГПХ предметом которых является оказание услуг, выполнение работ | M111: ='3гпх'!AA27+'3гпх'!AC27+'3гпх'!AE27+'3гпх'!AG27+'3гпх'!AI27+'3гпх'!AK27 -> 160000
A112: Раздел. Исчисление индивидуального подоходного налога и социальных платежей физических лиц
A114: 910.00.018 | C114: Сумма индивидуального подоходного налога, подлежащая перечислению в бюджет с доходов граждан Республики Казахстан | M114: =#REF! -> #REF!
A115: 1 мес | C115: I | D115: ='2.1'!K26+'3гпх'!O27+дивид!M27 -> 29340 | J115: 4 мес | L115: IV | M115: ='2.4'!K26+'3гпх'!U27+дивид!S27 -> 25670
A116: 2 мес | C116: II | D116: ='2.2'!K26+'3гпх'!Q27+дивид!O27 -> 29340 | J116: 5 мес | L116: V | M116: ='2.5'!K26+'3гпх'!W27+дивид!U27 -> 11590
A117: 3 мес | C117: III | D117: ='2.3'!K26+'3гпх'!S27+дивид!Q27 -> 29340 | J117: 6 мес | L117: VI | M117: ='2.6'!K26+'3гпх'!Y27+дивид!W27 -> 11590
C118: ИТОГО за полугодие | L118: VII | M118: =D115+D116+D117+M115+M116+M117 -> 136870
A119: 910.00.019 | C119: Сумма индивидуального подоходного налога, подлежащая перечислению в бюджет с доходов иностранцев и лиц без гражданства
A120: 1 мес | C120: I | D120: ='2.1'!L26+'3гпх'!P27+дивид!N27 -> 20000 | J120: 4 мес | L120: IV | M120: ='2.4'!L26+'3гпх'!V27+дивид!T27 -> 35110
A121: 2 мес | C121: II | D121: ='2.2'!L26+'3гпх'!R27+дивид!P27 -> 260110 | J121: 5 мес | L121: V | M121: ='2.5'!L26+'3гпх'!X27+дивид!V27 -> 35110
A122: 3 мес | C122: III | D122: ='2.3'!L26+'3гпх'!T27+дивид!R27 -> 35110 | J122: 6 мес | L122: VI | M122: ='2.6'!L26+'3гпх'!Z27+дивид!X27 -> 35110
C123: ИТОГО за полугодие | L123: VII | M123: =D120+D121+D122+M120+M121+M122 -> 420550
A124: Раздел. Исчисление индивидуального подоходного налога и социальных платежей физических лиц
A126: 910.00.020 | C126: Доходы физических лиц, с которых исчисляются социальные отчисления
A127: 1 мес | C127: I | D127: ='2.1'!S26 -> 387000 | J127: 4 мес | L127: IV | M127: ='2.4'!S26 -> 360000
A128: 2 мес | C128: II | D128: ='2.2'!S26 -> 585000 | J128: 5 мес | L128: V | M128: ='2.5'!S26 -> 360000
A129: 3 мес | C129: III | D129: ='2.3'!S26 -> 585000 | J129: 6 мес | L129: VI | M129: ='2.6'!S26 -> 360000
C130: ИТОГО за полугодие | L130: VII | M130: =D127+D128+D129+M127+M128+M129 -> 2637000
A131: 910.00.021 | C131: Сумма социальных отчислений, к уплате
A132: 1 мес | C132: I | D132: ='2.1'!T26 -> 13545 | J132: 4 мес | L132: IV | M132: ='2.4'!T26 -> 12600
A133: 2 мес | C133: II | D133: ='2.2'!T26 -> 20475 | J133: 5 мес | L133: V | M133: ='2.5'!T26 -> 12600
A134: 3 мес | C134: III | D134: ='2.3'!T26 -> 20475 | J134: 6 мес | L134: VI | M134: ='2.6'!T26 -> 12600
C135: ИТОГО за полугодие | L135: VII | M135: =D132+D133+D134+M132+M133+M134 -> 92295
...

Sheet дохТОО
F2: Форма 910.00
B3: Реализация товаров, выполнение работ, оказание услуг
B5: Раздел. Общая информация о налогоплательщике
A7: 1 | B7: ИИН (БИН) | C7: ='910.00'!D8 -> 111111111111
A8: 2 | B8: Налоговый период, за который предоставляется налоговая отчетность: полугодие | F8: ='910.00'!L12 -> 1 | G8: год | H8: ='910.00'!O12 -> 2021
B12: период | C12: реализация товаров | D12: выполнение работ, оказание услуг | E12: прочий доход
B13: 1 | C13: 2 | D13: 3 | E13: 4
A14: 1 | B14: 1 месяц полугодия
A15: 2 | B15: 2 месяц полугодия
A16: 2 | B16: 3 месяц полугодия
A17: 4 | B17: 4 месяц полугодия
A18: 5 | B18: 5 месяц полугодия
A19: 6 | B19: 6 месяц полугодия | C19: 54458000 | D19: 2500000
A20: 13 | B20: Итого | C20: =SUM(C14:C19) -> 54458000 | D20: =SUM(D14:D19) -> 2500000 | E20: =SUM(E14:E19) -> 0
A21: 14 | B21: Итого | C21: =C20+D20+E20 -> 56958000
B24: Ограничения по доходам согласно п. 2 ст.683 НК | C24: =24038*введ!C20 -> 70118846 | E24: =IF(C21<24038*введ!C20,"Может применять текущий налоговый режим","НЕОБХОДИМО СМЕНИТЬ НАЛОГОВЫЙ РЕЖИМ!!!!") -> Может применять текущий налоговый режим
A30: (Ф.И.О., подпись руководителя (налогоплательщика), печать)
A33: (Ф.И.О., подпись главного бухгалтера )
A36: (Дата составления налогового регистра)
A39: Примечание. | C39: строка итого переносится в 910.00 по строке 910.00.001

Sheet 2.1
V1: Форма 910.00
A4: Наименование налогоплательщика
A6: 1 | B6: РНН
A7: 2 | B7: ИИН (БИН) | E7: ='910.00'!D8 -> 111111111111
A8: 3 | B8: Налоговый период: месяц Год | E8: =IF('910.00'!L12=1,"январь","июль") -> январь | H8: ='910.00'!O12 -> 2021
A10: Налоговый регистр: "Начисленные доходы работникам для целей налогообложения в первом месяце полугодия"
A13: № п/п | B13: Ф.И.О. работника | C13: Признак резиденства: гражданин РК - 1; иностранный гражданин резидент - 2; иностранный гражданин нерезидент - 3; гражданин ЕАЭС - 4 | D13: начисленный доход | E13: примененный вычет 1 МЗП | F13: вычет взносов ОСМС | G13: прочие стандартные вычеты | H13: прочие вычеты | I13: Доходы, не облагаемые ИПН (корректировка) | J13: Доходы, облагаемые ИПН | K13: Индивидуальный подоходный налог с доходов граждан РК | L13: Индивидуальный подоходный налог с доходов иностранцев и лиц без гражданства | M13: Доходы, не облагаемые ОПВ | N13: Доход для исчисления обязательных пенсионных взносов | O13: Пенсионер (если да, то нужно поставить 1) | P13: Обязательные пенсионные взносы | Q13: Доходы не облагаемые СО | R13: Предварительный расчет объекта для исчисления СО | S13: Доход для исчисления социальных отчислений | T13: Обязательные социальные отчисления | U13: Доход для исчисления обязательных профессиональных пенсионных взносов | V13: Обязательные профессиональные пенсионные взносы | W13: Численность работников | X13: Доходы не принимаемые для исчисления ОСМС | Z13: Предварительный расчет объекта для исчисления ОСМС | AA13: Доходы принимаемые для исчисления ОСМС | AB13: Сумма отчислений на обязательное социальное медицинское страхование, к уплате | AC13: Сумма взносов на обязательное социальное медицинское страхование, к уплате | AD13: Среднемесячная заработная плата на одного работника | AE13: Доход граждане РК | AF13: Доход иностранцев
A14: 1 | B14: иванов | C14: 1 | D14: 250000 | E14: =IF(C14>=3,0,IF((D14-P14)>введ!C$11,введ!C$11,IF((D14-P14)<=введ!C$11,D14-P14,0))) -> 42500 | F14: =IF(AC14>0,AC14,0) -> 5000 | J14: =IF(C14>=3,D14-I14,D14-I14-E14-P14-F14-H14-G14) -> 177500 | K14: =IF(C14=0,0,IF(C14>1,0,IF(D14<=введ!C$20*25,J14/100,J14/10))) -> 17750 | L14: =IF(C14=0,0,IF(C14=1,0,IF(C14>=3,J14/10,IF(C14=2,IF(D14<=введ!C$20*25,J14/100,J14/10))))) -> 0 | N14: =IF(C14=3,0,IF(O14=1,0,D14-M14)) -> 250000 | P14: =N14*10% -> 25000 | R14: =IF(C14=3,0,IF(O14=1,0,D14-P14-Q14)) -> 225000 | S14: =IF(OR(R14<=0,),0,MIN(MAX(введ!$C$11,R14),введ!$C$14)) -> 225000 | T14: =ROUND(S14*введ!C$15,0) -> 7875 | V14: =ROUND(U14*0.05,0) -> 0 | W14: =IF(D14=0,0,1) -> 1 | Z14: =IF(C14=3,0,IF(O14=1,0,D14-X14)) -> 250000 | AA14: =IF(OR(Z14<=0,),0,MIN(MIN(введ!$C$17,Z14),введ!$C$17)) -> 250000 | AB14: =AA14*введ!C$18 -> 5000 | AC14: =AA14*введ!C$22 -> 5000 | AE14: =IF(C14=1,D14,0) -> 250000 | AF14: =IF(C14>1,D14,0) -> 0
A15: 2 | B15: петров | C15: 1 | D15: 180000 | E15: =IF(C15>=3,0,IF((D15-P15)>введ!C$11,введ!C$11,IF((D15-P15)<=введ!C$11,D15-P15,0))) -> 42500 | F15: =IF(AC15>0,AC15,0) -> 3600 | J15: =IF(C15>=3,D15-I15,D15-I15-E15-P15-F15-H15-G15) -> 115900 | K15: =IF(C15=0,0,IF(C15>1,0,IF(D15<=введ!C$20*25,J15/100,J15/10))) -> 11590 | L15: =IF(C15=0,0,IF(C15=1,0,IF(C15>=3,J15/10,IF(C15=2,IF(D15<=введ!C$20*25,J15/100,J15/10))))) -> 0 | N15: =IF(C15=3,0,IF(O15=1,0,D15-M15)) -> 180000 | P15: =N15*10% -> 18000 | R15: =IF(C15=3,0,IF(O15=1,0,D15-P15-Q15)) -> 162000 | S15: =IF(OR(R15<=0,),0,MIN(MAX(введ!$C$11,R15),введ!$C$14)) -> 162000 | T15: =ROUND(S15*введ!C$15,0) -> 5670 | V15: =ROUND(U15*0.05,0) -> 0 | W15: =IF(D15=0,0,1) -> 1 | Z15: =IF(C15=3,0,IF(O15=1,0,D15-X15)) -> 180000 | AA15: =IF(OR(Z15<=0,),0,MIN(MIN(введ!$C$17,Z15),введ!$C$17)) -> 180000 | AB15: =AA15*введ!C$18 -> 3600 | AC15: =AA15*введ!C$22 -> 3600 | AE15: =IF(C15=1,D15,0) -> 180000 | AF15: =IF(C15>1,D15,0) -> 0
A16: 3 | B16: сид | C16: 3 | D16: 200000 | E16: =IF(C16>=3,0,IF((D16-P16)>введ!C$11,введ!C$11,IF((D16-P16)<=введ!C$11,D16-P16,0))) -> 0 | F16: =IF(AC16>0,AC16,0) -> 0 | J16: =IF(C16>=3,D16-I16,D16-I16-E16-P16-F16-H16-G16) -> 200000 | K16: =IF(C16=0,0,IF(C16>1,0,IF(D16<=введ!C$20*25,J16/100,J16/10))) -> 0 | L16: =IF(C16=0,0,IF(C16=1,0,IF(C16>=3,J16/10,IF(C16=2,IF(D16<=введ!C$20*25,J16/100,J16/10))))) -> 20000 | N16: =IF(C16=3,0,IF(O16=1,0,D16-M16)) -> 0 | P16: =N16*10% -> 0 | R16: =IF(C16=3,0,IF(O16=1,0,D16-P16-Q16)) -> 0 | S16: =IF(OR(R16<=0,),0,MIN(MAX(введ!$C$11,R16),введ!$C$14)) -> 0 | T16: =ROUND(S16*введ!C$15,0) -> 0 | V16: =ROUND(U16*0.05,0) -> 0 | W16: =IF(D16=0,0,1) -> 1 | Z16: =IF(C16=3,0,IF(O16=1,0,D16-X16)) -> 0 | AA16: =IF(OR(Z16<=0,),0,MIN(MIN(введ!$C$17,Z16),введ!$C$17)) -> 0 | AB16: =AA16*введ!C$18 -> 0 | AC16: =AA16*введ!C$22 -> 0 | AE16: =IF(C16=1,D16,0) -> 0 | AF16: =IF(C16>1,D16,0) -> 200000
A17: 4 | E17: =IF(C17>=3,0,IF((D17-P17)>введ!C$11,введ!C$11,IF((D17-P17)<=введ!C$11,D17-P17,0))) -> 0 | F17: =IF(AC17>0,AC17,0) -> 0 | J17: =IF(C17>=3,D17-I17,D17-I17-E17-P17-F17-H17-G17) -> 0 | K17: =IF(C17=0,0,IF(C17>1,0,IF(D17<=введ!C$20*25,J17/100,J17/10))) -> 0 | L17: =IF(C17=0,0,IF(C17=1,0,IF(C17>=3,J17/10,IF(C17=2,IF(D17<=введ!C$20*25,J17/100,J17/10))))) -> 0 | N17: =IF(C17=3,0,IF(O17=1,0,D17-M17)) -> 0 | P17: =N17*10% -> 0 | R17: =IF(C17=3,0,IF(O17=1,0,D17-P17-Q17)) -> 0 | S17: =IF(OR(R17<=0,),0,MIN(MAX(введ!$C$11,R17),введ!$C$14)) -> 0 | T17: =ROUND(S17*введ!C$15,0) -> 0 | V17: =ROUND(U17*0.05,0) -> 0 | W17: =IF(D17=0,0,1) -> 0 | Z17: =IF(C17=3,0,IF(O17=1,0,D17-X17)) -> 0 | AA17: =IF(OR(Z17<=0,),0,MIN(MIN(введ!$C$17,Z17),введ!$C$17)) -> 0 | AB17: =AA17*введ!C$18 -> 0 | AC17: =AA17*введ!C$22 -> 0 | AE17: =IF(C17=1,D17,0) -> 0 | AF17: =IF(C17>1,D17,0) -> 0
A18: 5 | E18: =IF(C18>=3,0,IF((D18-P18)>введ!C$11,введ!C$11,IF((D18-P18)<=введ!C$11,D18-P18,0))) -> 0 | F18: =IF(AC18>0,AC18,0) -> 0 | J18: =IF(C18>=3,D18-I18,D18-I18-E18-P18-F18-H18-G18) -> 0 | K18: =IF(C18=0,0,IF(C18>1,0,IF(D18<=введ!C$20*25,J18/100,J18/10))) -> 0 | L18: =IF(C18=0,0,IF(C18=1,0,IF(C18>=3,J18/10,IF(C18=2,IF(D18<=введ!C$20*25,J18/100,J18/10))))) -> 0 | N18: =IF(C18=3,0,IF(O18=1,0,D18-M18)) -> 0 | P18: =N18*10% -> 0 | R18: =IF(C18=3,0,IF(O18=1,0,D18-P18-Q18)) -> 0 | S18: =IF(OR(R18<=0,),0,MIN(MAX(введ!$C$11,R18),введ!$C$14)) -> 0 | T18: =ROUND(S18*введ!C$15,0) -> 0 | V18: =ROUND(U18*0.05,0) -> 0 | W18: =IF(D18=0,0,1) -> 0 | Z18: =IF(C18=3,0,IF(O18=1,0,D18-X18)) -> 0 | AA18: =IF(OR(Z18<=0,),0,MIN(MIN(введ!$C$17,Z18),введ!$C$17)) -> 0 | AB18: =AA18*введ!C$18 -> 0 | AC18: =AA18*введ!C$22 -> 0 | AE18: =IF(C18=1,D18,0) -> 0 | AF18: =IF(C18>1,D18,0) -> 0
A19: 6 | E19: =IF(C19>=3,0,IF((D19-P19)>введ!C$11,введ!C$11,IF((D19-P19)<=введ!C$11,D19-P19,0))) -> 0 | F19: =IF(AC19>0,AC19,0) -> 0 | J19: =IF(C19>=3,D19-I19,D19-I19-E19-P19-F19-H19-G19) -> 0 | K19: =IF(C19=0,0,IF(C19>1,0,IF(D19<=введ!C$20*25,J19/100,J19/10))) -> 0 | L19: =IF(C19=0,0,IF(C19=1,0,IF(C19>=3,J19/10,IF(C19=2,IF(D19<=введ!C$20*25,J19/100,J19/10))))) -> 0 | N19: =IF(C19=3,0,IF(O19=1,0,D19-M19)) -> 0 | P19: =N19*10% -> 0 | R19: =IF(C19=3,0,IF(O19=1,0,D19-P19-Q19)) -> 0 | S19: =IF(OR(R19<=0,),0,MIN(MAX(введ!$C$11,R19),введ!$C$14)) -> 0 | T19: =ROUND(S19*введ!C$15,0) -> 0 | V19: =ROUND(U19*0.05,0) -> 0 | W19: =IF(D19=0,0,1) -> 0 | Z19: =IF(C19=3,0,IF(O19=1,0,D19-X19)) -> 0 | AA19: =IF(OR(Z19<=0,),0,MIN(MIN(введ!$C$17,Z19),введ!$C$17)) -> 0 | AB19: =AA19*введ!C$18 -> 0 | AC19: =AA19*введ!C$22 -> 0 | AE19: =IF(C19=1,D19,0) -> 0 | AF19: =IF(C19>1,D19,0) -> 0
A20: 7 | E20: =IF(C20>=3,0,IF((D20-P20)>введ!C$11,введ!C$11,IF((D20-P20)<=введ!C$11,D20-P20,0))) -> 0 | F20: =IF(AC20>0,AC20,0) -> 0 | J20: =IF(C20>=3,D20-I20,D20-I20-E20-P20-F20-H20-G20) -> 0 | K20: =IF(C20=0,0,IF(C20>1,0,IF(D20<=введ!C$20*25,J20/100,J20/10))) -> 0 | L20: =IF(C20=0,0,IF(C20=1,0,IF(C20>=3,J20/10,IF(C20=2,IF(D20<=введ!C$20*25,J20/100,J20/10))))) -> 0 | N20: =IF(C20=3,0,IF(O20=1,0,D20-M20)) -> 0 | P20: =N20*10% -> 0 | R20: =IF(C20=3,0,IF(O20=1,0,D20-P20-Q20)) -> 0 | S20: =IF(OR(R20<=0,),0,MIN(MAX(введ!$C$11,R20),введ!$C$14)) -> 0 | T20: =ROUND(S20*введ!C$15,0) -> 0 | V20: =ROUND(U20*0.05,0) -> 0 | W20: =IF(D20=0,0,1) -> 0 | Z20: =IF(C20=3,0,IF(O20=1,0,D20-X20)) -> 0 | AA20: =IF(OR(Z20<=0,),0,MIN(MIN(введ!$C$17,Z20),введ!$C$17)) -> 0 | AB20: =AA20*введ!C$18 -> 0 | AC20: =AA20*введ!C$22 -> 0 | AE20: =IF(C20=1,D20,0) -> 0 | AF20: =IF(C20>1,D20,0) -> 0
A21: 8 | E21: =IF(C21>=3,0,IF((D21-P21)>введ!C$11,введ!C$11,IF((D21-P21)<=введ!C$11,D21-P21,0))) -> 0 | F21: =IF(AC21>0,AC21,0) -> 0 | J21: =IF(C21>=3,D21-I21,D21-I21-E21-P21-F21-H21-G21) -> 0 | K21: =IF(C21=0,0,IF(C21>1,0,IF(D21<=введ!C$20*25,J21/100,J21/10))) -> 0 | L21: =IF(C21=0,0,IF(C21=1,0,IF(C21>=3,J21/10,IF(C21=2,IF(D21<=введ!C$20*25,J21/100,J21/10))))) -> 0 | N21: =IF(C21=3,0,IF(O21=1,0,D21-M21)) -> 0 | P21: =N21*10% -> 0 | R21: =IF(C21=3,0,IF(O21=1,0,D21-P21-Q21)) -> 0 | S21: =IF(OR(R21<=0,),0,MIN(MAX(введ!$C$11,R21),введ!$C$14)) -> 0 | T21: =ROUND(S21*введ!C$15,0) -> 0 | V21: =ROUND(U21*0.05,0) -> 0 | W21: =IF(D21=0,0,1) -> 0 | Z21: =IF(C21=3,0,IF(O21=1,0,D21-X21)) -> 0 | AA21: =IF(OR(Z21<=0,),0,MIN(MIN(введ!$C$17,Z21),введ!$C$17)) -> 0 | AB21: =AA21*введ!C$18 -> 0 | AC21: =AA21*введ!C$22 -> 0 | AE21: =IF(C21=1,D21,0) -> 0 | AF21: =IF(C21>1,D21,0) -> 0
A22: 9 | E22: =IF(C22>=3,0,IF((D22-P22)>введ!C$11,введ!C$11,IF((D22-P22)<=введ!C$11,D22-P22,0))) -> 0 | F22: =IF(AC22>0,AC22,0) -> 0 | J22: =IF(C22>=3,D22-I22,D22-I22-E22-P22-F22-H22-G22) -> 0 | K22: =IF(C22=0,0,IF(C22>1,0,IF(D22<=введ!C$20*25,J22/100,J22/10))) -> 0 | L22: =IF(C22=0,0,IF(C22=1,0,IF(C22>=3,J22/10,IF(C22=2,IF(D22<=введ!C$20*25,J22/100,J22/10))))) -> 0 | N22: =IF(C22=3,0,IF(O22=1,0,D22-M22)) -> 0 | P22: =N22*10% -> 0 | R22: =IF(C22=3,0,IF(O22=1,0,D22-P22-Q22)) -> 0 | S22: =IF(OR(R22<=0,),0,MIN(MAX(введ!$C$11,R22),введ!$C$14)) -> 0 | T22: =ROUND(S22*введ!C$15,0) -> 0 | V22: =ROUND(U22*0.05,0) -> 0 | W22: =IF(D22=0,0,1) -> 0 | Z22: =IF(C22=3,0,IF(O22=1,0,D22-X22)) -> 0 | AA22: =IF(OR(Z22<=0,),0,MIN(MIN(введ!$C$17,Z22),введ!$C$17)) -> 0 | AB22: =AA22*введ!C$18 -> 0 | AC22: =AA22*введ!C$22 -> 0 | AE22: =IF(C22=1,D22,0) -> 0 | AF22: =IF(C22>1,D22,0) -> 0
A23: 10 | E23: =IF(C23>=3,0,IF((D23-P23)>введ!C$11,введ!C$11,IF((D23-P23)<=введ!C$11,D23-P23,0))) -> 0 | F23: =IF(AC23>0,AC23,0) -> 0 | J23: =IF(C23>=3,D23-I23,D23-I23-E23-P23-F23-H23-G23) -> 0 | K23: =IF(C23=0,0,IF(C23>1,0,IF(D23<=введ!C$20*25,J23/100,J23/10))) -> 0 | L23: =IF(C23=0,0,IF(C23=1,0,IF(C23>=3,J23/10,IF(C23=2,IF(D23<=введ!C$20*25,J23/100,J23/10))))) -> 0 | N23: =IF(C23=3,0,IF(O23=1,0,D23-M23)) -> 0 | P23: =N23*10% -> 0 | R23: =IF(C23=3,0,IF(O23=1,0,D23-P23-Q23)) -> 0 | S23: =IF(OR(R23<=0,),0,MIN(MAX(введ!$C$11,R23),введ!$C$14)) -> 0 | T23: =ROUND(S23*введ!C$15,0) -> 0 | V23: =ROUND(U23*0.05,0) -> 0 | W23: =IF(D23=0,0,1) -> 0 | Z23: =IF(C23=3,0,IF(O23=1,0,D23-X23)) -> 0 | AA23: =IF(OR(Z23<=0,),0,MIN(MIN(введ!$C$17,Z23),введ!$C$17)) -> 0 | AB23: =AA23*введ!C$18 -> 0 | AC23: =AA23*введ!C$22 -> 0 | AE23: =IF(C23=1,D23,0) -> 0 | AF23: =IF(C23>1,D23,0) -> 0
A24: 11 | E24: =IF(C24>=3,0,IF((D24-P24)>введ!C$11,введ!C$11,IF((D24-P24)<=введ!C$11,D24-P24,0))) -> 0 | F24: =IF(AC24>0,AC24,0) -> 0 | J24: =IF(C24>=3,D24-I24,D24-I24-E24-P24-F24-H24-G24) -> 0 | K24: =IF(C24=0,0,IF(C24>1,0,IF(D24<=введ!C$20*25,J24/100,J24/10))) -> 0 | L24: =IF(C24=0,0,IF(C24=1,0,IF(C24>=3,J24/10,IF(C24=2,IF(D24<=введ!C$20*25,J24/100,J24/10))))) -> 0 | N24: =IF(C24=3,0,IF(O24=1,0,D24-M24)) -> 0 | P24: =N24*10% -> 0 | R24: =IF(C24=3,0,IF(O24=1,0,D24-P24-Q24)) -> 0 | S24: =IF(OR(R24<=0,),0,MIN(MAX(введ!$C$11,R24),введ!$C$14)) -> 0 | T24: =ROUND(S24*введ!C$15,0) -> 0 | V24: =ROUND(U24*0.05,0) -> 0 | W24: =IF(D24=0,0,1) -> 0 | Z24: =IF(C24=3,0,IF(O24=1,0,D24-X24)) -> 0 | AA24: =IF(OR(Z24<=0,),0,MIN(MIN(введ!$C$17,Z24),введ!$C$17)) -> 0 | AB24: =AA24*введ!C$18 -> 0 | AC24: =AA24*введ!C$22 -> 0 | AE24: =IF(C24=1,D24,0) -> 0 | AF24: =IF(C24>1,D24,0) -> 0
A25: 12 | E25: =IF(C25>=3,0,IF((D25-P25)>введ!C$11,введ!C$11,IF((D25-P25)<=введ!C$11,D25-P25,0))) -> 0 | F25: =IF(AC25>0,AC25,0) -> 0 | J25: =IF(C25>=3,D25-I25,D25-I25-E25-P25-F25-H25-G25) -> 0 | K25: =IF(C25=0,0,IF(C25>1,0,IF(D25<=введ!C$20*25,J25/100,J25/10))) -> 0 | L25: =IF(C25=0,0,IF(C25=1,0,IF(C25>=3,J25/10,IF(C25=2,IF(D25<=введ!C$20*25,J25/100,J25/10))))) -> 0 | N25: =IF(C25=3,0,IF(O25=1,0,D25-M25)) -> 0 | P25: =N25*10% -> 0 | R25: =IF(C25=3,0,IF(O25=1,0,D25-P25-Q25)) -> 0 | S25: =IF(OR(R25<=0,),0,MIN(MAX(введ!$C$11,R25),введ!$C$14)) -> 0 | T25: =ROUND(S25*введ!C$15,0) -> 0 | V25: =ROUND(U25*0.05,0) -> 0 | W25: =IF(D25=0,0,1) -> 0 | Z25: =IF(C25=3,0,IF(O25=1,0,D25-X25)) -> 0 | AA25: =IF(OR(Z25<=0,),0,MIN(MIN(введ!$C$17,Z25),введ!$C$17)) -> 0 | AB25: =AA25*введ!C$18 -> 0 | AC25: =AA25*введ!C$22 -> 0 | AE25: =IF(C25=1,D25,0) -> 0 | AF25: =IF(C25>1,D25,0) -> 0
A26: Итого: | D26: =SUM(D14:D25) -> 630000 | E26: =SUM(E14:E25) -> 85000 | F26: =SUM(F14:F25) -> 8600 | G26: =SUM(G14:G25) -> 0 | H26: =SUM(H14:H25) -> 0 | I26: =SUM(I14:I25) -> 0 | J26: =SUM(J14:J25) -> 493400 | K26: =SUM(K14:K25) -> 29340 | ... AC26: =SUM(AC14:AC25) -> 8600 | AD26: =IF(D26>0,D26/W26,0) -> 210000 | AE26: =SUM(AE14:AE25) -> 430000 | AF26: =SUM(AF14:AF25) -> 200000
A29: (Ф.И.О., подпись руководителя (налогоплательщика), печать)
A32: (Ф.И.О., подпись главного бухгалтера )
A35: (Ф.И.О., подпись лица, ответственного за составление налогового регистра)
A38: (Дата составления налогового регистра)

Sheet 2.2
T2: Форма 910.00
A5: Наименование налогоплательщика
A7: 1 | B7: РНН
A8: 2 | B8: ИИН (БИН) | E8: ='910.00'!D8 -> 111111111111
A9: 3 | B9: Налоговый период: месяц Год | E9: =IF('910.00'!L12=1,"февраль","август") -> февраль | H9: ='910.00'!O12 -> 2021
A11: Налоговый регистр: "Начисленные доходы работникам для целей налогообложения во втором месяце полугодия"
A13: № п/п | B13: Ф.И.О. работника | C13: Признак резиденства: гражданин РК - 1; иностранный гражданин резидент - 2; иностранный гражданин нерезидент - 3; гражданин ЕАЭС - 4 | D13: начисленный доход | E13: примененный вычет 1 МЗП | F13: вычет взносов ОСМС | G13: прочие стандартные вычеты | H13: прочие вычеты | I13: Доходы, не облагаемые ИПН (корректировка) | J13: Доходы, облагаемые ИПН | K13: Индивидуальный подоходный налог с доходов граждан РК | L13: Индивидуальный подоходный налог с доходов иностранцев и лиц без гражданства | M13: Доходы, не облагаемые ОПВ | N13: Доход для исчисления обязательных пенсионных взносов | O13: Пенсионер (если да, то нужно поставить 1) | P13: Обязательные пенсионные взносы | Q13: Доходы не облагаемые СО | R13: Предварительный расчет объекта для исчисления СО | S13: Доход для исчисления социальных очтислений | T13: Обязательные социальные отчисления | U13: Доход для исчисления обязательных профессиональных пенсионных взносов | V13: Обязательные профессиональные пенсионные взносы | W13: Численность работников | X13: Доходы не принимаемые для исчисления ОСМС | Z13: Предварительный расчет объекта для исчисления ОСМС | AA13: Доходы принимаемые для исчисления ОСМС | AB13: Сумма отчислений на обязательное социальное медицинское страхование, к уплате | AC13: Сумма взносов на обязательное социальное медицинское страхование, к уплате | AD13: Среднемесячная заработная плата на одного работника | AE13: Доход граждане РК | AF13: Доход иностранцев
A14: 1 | B14: иванов | C14: 1 | D14: 250000 | E14: =IF(C14>=3,0,IF((D14-P14)>введ!C$11,введ!C$11,IF((D14-P14)<=введ!C$11,D14-P14,0))) -> 42500 | F14: =IF(AC14>0,AC14,0) -> 5000 | J14: =IF(C14>=3,D14-I14,D14-I14-E14-P14-F14-H14-G14) -> 177500 | K14: =IF(C14=0,0,IF(C14>1,0,IF(D14<=введ!C$20*25,J14/100,J14/10))) -> 17750 | L14: =IF(C14=0,0,IF(C14=1,0,IF(C14>=3,J14/10,IF(C14=2,IF(D14<=введ!C$20*25,J14/100,J14/10))))) -> 0 | N14: =IF(C14=3,0,IF(O14=1,0,D14-M14)) -> 250000 | P14: =N14*10% -> 25000 | R14: =IF(C14=3,0,IF(O14=1,0,D14-P14-Q14)) -> 225000 | S14: =IF(OR(R14<=0,),0,MIN(MAX(введ!$C$11,R14),введ!$C$14)) -> 225000 | T14: =ROUND(S14*введ!C$15,0) -> 7875 | V14: =ROUND(U14*0.05,0) -> 0 | W14: =IF(D14=0,0,1) -> 1 | Z14: =IF(C14=3,0,IF(O14=1,0,D14-X14)) -> 250000 | AA14: =IF(OR(Z14<=0,),0,MIN(MIN(введ!$C$17,Z14),введ!$C$17)) -> 250000 | AB14: =AA14*введ!C$18 -> 5000 | AC14: =AA14*введ!C$22 -> 5000 | AE14: =IF(C14=1,D14,0) -> 250000 | AF14: =IF(C14>1,D14,0) -> 0
A15: 2 | B15: петров | C15: 1 | D15: 180000 | E15: =IF(C15>=3,0,IF((D15-P15)>введ!C$11,введ!C$11,IF((D15-P15)<=введ!C$11,D15-P15,0))) -> 42500 | F15: =IF(AC15>0,AC15,0) -> 3600 | J15: =IF(C15>=3,D15-I15,D15-I15-E15-P15-F15-H15-G15) -> 115900 | K15: =IF(C15=0,0,IF(C15>1,0,IF(D15<=введ!C$20*25,J15/100,J15/10))) -> 11590 | L15: =IF(C15=0,0,IF(C15=1,0,IF(C15>=3,J15/10,IF(C15=2,IF(D15<=введ!C$20*25,J15/100,J15/10))))) -> 0 | N15: =IF(C15=3,0,IF(O15=1,0,D15-M15)) -> 180000 | P15: =N15*10% -> 18000 | R15: =IF(C15=3,0,IF(O15=1,0,D15-P15-Q15)) -> 162000 | S15: =IF(OR(R15<=0,),0,MIN(MAX(введ!$C$11,R15),введ!$C$14)) -> 162000 | T15: =ROUND(S15*введ!C$15,0) -> 5670 | V15: =ROUND(U15*0.05,0) -> 0 | W15: =IF(D15=0,0,1) -> 1 | Z15: =IF(C15=3,0,IF(O15=1,0,D15-X15)) -> 180000 | AA15: =IF(OR(Z15<=0,),0,MIN(MIN(введ!$C$17,Z15),введ!$C$17)) -> 180000 | AB15: =AA15*введ!C$18 -> 3600 | AC15: =AA15*введ!C$22 -> 3600 | AE15: =IF(C15=1,D15,0) -> 180000 | AF15: =IF(C15>1,D15,0) -> 0
A16: 3 | B16: сид | C16: 3 | D16: 200000 | E16: =IF(C16>=3,0,IF((D16-P16)>введ!C$11,введ!C$11,IF((D16-P16)<=введ!C$11,D16-P16,0))) -> 0 | F16: =IF(AC16>0,AC16,0) -> 0 | J16: =IF(C16>=3,D16-I16,D16-I16-E16-P16-F16-H16-G16) -> 200000 | K16: =IF(C16=0,0,IF(C16>1,0,IF(D16<=введ!C$20*25,J16/100,J16/10))) -> 0 | L16: =IF(C16=0,0,IF(C16=1,0,IF(C16>=3,J16/10,IF(C16=2,IF(D16<=введ!C$20*25,J16/100,J16/10))))) -> 20000 | N16: =IF(C16=3,0,IF(O16=1,0,D16-M16)) -> 0 | P16: =N16*10% -> 0 | R16: =IF(C16=3,0,IF(O16=1,0,D16-P16-Q16)) -> 0 | S16: =IF(OR(R16<=0,),0,MIN(MAX(введ!$C$11,R16),введ!$C$14)) -> 0 | T16: =ROUND(S16*введ!C$15,0) -> 0 | V16: =ROUND(U16*0.05,0) -> 0 | W16: =IF(D16=0,0,1) -> 1 | Z16: =IF(C16=3,0,IF(O16=1,0,D16-X16)) -> 0 | AA16: =IF(OR(Z16<=0,),0,MIN(MIN(введ!$C$17,Z16),введ!$C$17)) -> 0 | AB16: =AA16*введ!C$18 -> 0 | AC16: =AA16*введ!C$22 -> 0 | AE16: =IF(C16=1,D16,0) -> 0 | AF16: =IF(C16>1,D16,0) -> 200000
A17: 4 | B17: кузнецов | C17: 2 | D17: 220000 | E17: =IF(C17>=3,0,IF((D17-P17)>введ!C$11,введ!C$11,IF((D17-P17)<=введ!C$11,D17-P17,0))) -> 42500 | F17: =IF(AC17>0,AC17,0) -> 4400 | J17: =IF(C17>=3,D17-I17,D17-I17-E17-P17-F17-H17-G17) -> 151100 | K17: =IF(C17=0,0,IF(C17>1,0,IF(D17<=введ!C$20*25,J17/100,J17/10))) -> 0 | L17: =IF(C17=0,0,IF(C17=1,0,IF(C17>=3,J17/10,IF(C17=2,IF(D17<=введ!C$20*25,J17/100,J17/10))))) -> 15110 | N17: =IF(C17=3,0,IF(O17=1,0,D17-M17)) -> 220000 | P17: =N17*10% -> 22000 | R17: =IF(C17=3,0,IF(O17=1,0,D17-P17-Q17)) -> 198000 | S17: =IF(OR(R17<=0,),0,MIN(MAX(введ!$C$11,R17),введ!$C$14)) -> 198000 | T17: =ROUND(S17*введ!C$15,0) -> 6930 | V17: =ROUND(U17*0.05,0) -> 0 | W17: =IF(D17=0,0,1) -> 1 | Z17: =IF(C17=3,0,IF(O17=1,0,D17-X17)) -> 220000 | AA17: =IF(OR(Z17<=0,),0,MIN(MIN(введ!$C$17,Z17),введ!$C$17)) -> 220000 | AB17: =AA17*введ!C$18 -> 4400 | AC17: =AA17*введ!C$22 -> 4400 | AE17: =IF(C17=1,D17,0) -> 0 | AF17: =IF(C17>1,D17,0) -> 220000
A18: 5 | E18: =IF(C18>=3,0,IF((D18-P18)>введ!C$11,введ!C$11,IF((D18-P18)<=введ!C$11,D18-P18,0))) -> 0 | F18: =IF(AC18>0,AC18,0) -> 0 | J18: =IF(C18>=3,D18-I18,D18-I18-E18-P18-F18-H18-G18) -> 0 | K18: =IF(C18=0,0,IF(C18>1,0,IF(D18<=введ!C$20*25,J18/100,J18/10))) -> 0 | L18: =IF(C18=0,0,IF(C18=1,0,IF(C18>=3,J18/10,IF(C18=2,IF(D18<=введ!C$20*25,J18/100,J18/10))))) -> 0 | N18: =IF(C18=3,0,IF(O18=1,0,D18-M18)) -> 0 | P18: =N18*10% -> 0 | R18: =IF(C18=3,0,IF(O18=1,0,D18-P18-Q18)) -> 0 | S18: =IF(OR(R18<=0,),0,MIN(MAX(введ!$C$11,R18),введ!$C$14)) -> 0 | T18: =ROUND(S18*введ!C$15,0) -> 0 | V18: =ROUND(U18*0.05,0) -> 0 | W18: =IF(D18=0,0,1) -> 0 | Z18: =IF(C18=3,0,IF(O18=1,0,D18-X18)) -> 0 | AA18: =IF(OR(Z18<=0,),0,MIN(MIN(введ!$C$17,Z18),введ!$C$17)) -> 0 | AB18: =AA18*введ!C$18 -> 0 | AC18: =AA18*введ!C$22 -> 0 | AE18: =IF(C18=1,D18,0) -> 0 | AF18: =IF(C18>1,D18,0) -> 0
A19: 6 | E19: =IF(C19>=3,0,IF((D19-P19)>введ!C$11,введ!C$11,IF((D19-P19)<=введ!C$11,D19-P19,0))) -> 0 | F19: =IF(AC19>0,AC19,0) -> 0 | J19: =IF(C19>=3,D19-I19,D19-I19-E19-P19-F19-H19-G19) -> 0 | K19: =IF(C19=0,0,IF(C19>1,0,IF(D19<=введ!C$20*25,J19/100,J19/10))) -> 0 | L19: =IF(C19=0,0,IF(C19=1,0,IF(C19>=3,J19/10,IF(C19=2,IF(D19<=введ!C$20*25,J19/100,J19/10))))) -> 0 | N19: =IF(C19=3,0,IF(O19=1,0,D19-M19)) -> 0 | P19: =N19*10% -> 0 | R19: =IF(C19=3,0,IF(O19=1,0,D19-P19-Q19)) -> 0 | S19: =IF(OR(R19<=0,),0,MIN(MAX(введ!$C$11,R19),введ!$C$14)) -> 0 | T19: =ROUND(S19*введ!C$15,0) -> 0 | V19: =ROUND(U19*0.05,0) -> 0 | W19: =IF(D19=0,0,1) -> 0 | Z19: =IF(C19=3,0,IF(O19=1,0,D19-X19)) -> 0 | AA19: =IF(OR(Z19<=0,),0,MIN(MIN(введ!$C$17,Z19),введ!$C$17)) -> 0 | AB19: =AA19*введ!C$18 -> 0 | AC19: =AA19*введ!C$22 -> 0 | AE19: =IF(C19=1,D19,0) -> 0 | AF19: =IF(C19>1,D19,0) -> 0
A20: 7 | E20: =IF(C20>=3,0,IF((D20-P20)>введ!C$11,введ!C$11,IF((D20-P20)<=введ!C$11,D20-P20,0))) -> 0 | F20: =IF(AC20>0,AC20,0) -> 0 | J20: =IF(C20>=3,D20-I20,D20-I20-E20-P20-F20-H20-G20) -> 0 | K20: =IF(C20=0,0,IF(C20>1,0,IF(D20<=введ!C$20*25,J20/100,J20/10))) -> 0 | L20: =IF(C20=0,0,IF(C20=1,0,IF(C20>=3,J20/10,IF(C20=2,IF(D20<=введ!C$20*25,J20/100,J20/10))))) -> 0 | N20: =IF(C20=3,0,IF(O20=1,0,D20-M20)) -> 0 | P20: =N20*10% -> 0 | R20: =IF(C20=3,0,IF(O20=1,0,D20-P20-Q20)) -> 0 | S20: =IF(OR(R20<=0,),0,MIN(MAX(введ!$C$11,R20),введ!$C$14)) -> 0 | T20: =ROUND(S20*введ!C$15,0) -> 0 | V20: =ROUND(U20*0.05,0) -> 0 | W20: =IF(D20=0,0,1) -> 0 | Z20: =IF(C20=3,0,IF(O20=1,0,D20-X20)) -> 0 | AA20: =IF(OR(Z20<=0,),0,MIN(MIN(введ!$C$17,Z20),введ!$C$17)) -> 0 | AB20: =AA20*введ!C$18 -> 0 | AC20: =AA20*введ!C$22 -> 0 | AE20: =IF(C20=1,D20,0) -> 0 | AF20: =IF(C20>1,D20,0) -> 0
A21: 8 | E21: =IF(C21>=3,0,IF((D21-P21)>введ!C$11,введ!C$11,IF((D21-P21)<=введ!C$11,D21-P21,0))) -> 0 | F21: =IF(AC21>0,AC21,0) -> 0 | J21: =IF(C21>=3,D21-I21,D21-I21-E21-P21-F21-H21-G21) -> 0 | K21: =IF(C21=0,0,IF(C21>1,0,IF(D21<=введ!C$20*25,J21/100,J21/10))) -> 0 | L21: =IF(C21=0,0,IF(C21=1,0,IF(C21>=3,J21/10,IF(C21=2,IF(D21<=введ!C$20*25,J21/100,J21/10))))) -> 0 | N21: =IF(C21=3,0,IF(O21=1,0,D21-M21)) -> 0 | P21: =N21*10% -> 0 | R21: =IF(C21=3,0,IF(O21=1,0,D21-P21-Q21)) -> 0 | S21: =IF(OR(R21<=0,),0,MIN(MAX(введ!$C$11,R21),введ!$C$14)) -> 0 | T21: =ROUND(S21*введ!C$15,0) -> 0 | V21: =ROUND(U21*0.05,0) -> 0 | W21: =IF(D21=0,0,1) -> 0 | Z21: =IF(C21=3,0,IF(O21=1,0,D21-X21)) -> 0 | AA21: =IF(OR(Z21<=0,),0,MIN(MIN(введ!$C$17,Z21),введ!$C$17)) -> 0 | AB21: =AA21*введ!C$18 -> 0 | AC21: =AA21*введ!C$22 -> 0 | AE21: =IF(C21=1,D21,0) -> 0 | AF21: =IF(C21>1,D21,0) -> 0
A22: 9 | E22: =IF(C22>=3,0,IF((D22-P22)>введ!C$11,введ!C$11,IF((D22-P22)<=введ!C$11,D22-P22,0))) -> 0 | F22: =IF(AC22>0,AC22,0) -> 0 | J22: =IF(C22>=3,D22-I22,D22-I22-E22-P22-F22-H22-G22) -> 0 | K22: =IF(C22=0,0,IF(C22>1,0,IF(D22<=введ!C$20*25,J22/100,J22/10))) -> 0 | L22: =IF(C22=0,0,IF(C22=1,0,IF(C22>=3,J22/10,IF(C22=2,IF(D22<=введ!C$20*25,J22/100,J22/10))))) -> 0 | N22: =IF(C22=3,0,IF(O22=1,0,D22-M22)) -> 0 | P22: =N22*10% -> 0 | R22: =IF(C22=3,0,IF(O22=1,0,D22-P22-Q22)) -> 0 | S22: =IF(OR(R22<=0,),0,MIN(MAX(введ!$C$11,R22),введ!$C$14)) -> 0 | T22: =ROUND(S22*введ!C$15,0) -> 0 | V22: =ROUND(U22*0.05,0) -> 0 | W22: =IF(D22=0,0,1) -> 0 | Z22: =IF(C22=3,0,IF(O22=1,0,D22-X22)) -> 0 | AA22: =IF(OR(Z22<=0,),0,MIN(MIN(введ!$C$17,Z22),введ!$C$17)) -> 0 | AB22: =AA22*введ!C$18 -> 0 | AC22: =AA22*введ!C$22 -> 0 | AE22: =IF(C22=1,D22,0) -> 0 | AF22: =IF(C22>1,D22,0) -> 0
A23: 10 | E23: =IF(C23>=3,0,IF((D23-P23)>введ!C$11,введ!C$11,IF((D23-P23)<=введ!C$11,D23-P23,0))) -> 0 | F23: =IF(AC23>0,AC23,0) -> 0 | J23: =IF(C23>=3,D23-I23,D23-I23-E23-P23-F23-H23-G23) -> 0 | K23: =IF(C23=0,0,IF(C23>1,0,IF(D23<=введ!C$20*25,J23/100,J23/10))) -> 0 | L23: =IF(C23=0,0,IF(C23=1,0,IF(C23>=3,J23/10,IF(C23=2,IF(D23<=введ!C$20*25,J23/100,J23/10))))) -> 0 | N23: =IF(C23=3,0,IF(O23=1,0,D23-M23)) -> 0 | P23: =N23*10% -> 0 | R23: =IF(C23=3,0,IF(O23=1,0,D23-P23-Q23)) -> 0 | S23: =IF(OR(R23<=0,),0,MIN(MAX(введ!$C$11,R23),введ!$C$14)) -> 0 | T23: =ROUND(S23*введ!C$15,0) -> 0 | V23: =ROUND(U23*0.05,0) -> 0 | W23: =IF(D23=0,0,1) -> 0 | Z23: =IF(C23=3,0,IF(O23=1,0,D23-X23)) -> 0 | AA23: =IF(OR(Z23<=0,),0,MIN(MIN(введ!$C$17,Z23),введ!$C$17)) -> 0 | AB23: =AA23*введ!C$18 -> 0 | AC23: =AA23*введ!C$22 -> 0 | AE23: =IF(C23=1,D23,0) -> 0 | AF23: =IF(C23>1,D23,0) -> 0
A24: 11 | E24: =IF(C24>=3,0,IF((D24-P24)>введ!C$11,введ!C$11,IF((D24-P24)<=введ!C$11,D24-P24,0))) -> 0 | F24: =IF(AC24>0,AC24,0) -> 0 | J24: =IF(C24>=3,D24-I24,D24-I24-E24-P24-F24-H24-G24) -> 0 | K24: =IF(C24=0,0,IF(C24>1,0,IF(D24<=введ!C$20*25,J24/100,J24/10))) -> 0 | L24: =IF(C24=0,0,IF(C24=1,0,IF(C24>=3,J24/10,IF(C24=2,IF(D24<=введ!C$20*25,J24/100,J24/10))))) -> 0 | N24: =IF(C24=3,0,IF(O24=1,0,D24-M24)) -> 0 | P24: =N24*10% -> 0 | R24: =IF(C24=3,0,IF(O24=1,0,D24-P24-Q24)) -> 0 | S24: =IF(OR(R24<=0,),0,MIN(MAX(введ!$C$11,R24),введ!$C$14)) -> 0 | T24: =ROUND(S24*введ!C$15,0) -> 0 | V24: =ROUND(U24*0.05,0) -> 0 | W24: =IF(D24=0,0,1) -> 0 | Z24: =IF(C24=3,0,IF(O24=1,0,D24-X24)) -> 0 | AA24: =IF(OR(Z24<=0,),0,MIN(MIN(введ!$C$17,Z24),введ!$C$17)) -> 0 | AB24: =AA24*введ!C$18 -> 0 | AC24: =AA24*введ!C$22 -> 0 | AE24: =IF(C24=1,D24,0) -> 0 | AF24: =IF(C24>1,D24,0) -> 0
A25: 12 | E25: =IF(C25>=3,0,IF((D25-P25)>введ!C$11,введ!C$11,IF((D25-P25)<=введ!C$11,D25-P25,0))) -> 0 | F25: =IF(AC25>0,AC25,0) -> 0 | J25: =IF(C25>=3,D25-I25,D25-I25-E25-P25-F25-H25-G25) -> 0 | K25: =IF(C25=0,0,IF(C25>1,0,IF(D25<=введ!C$20*25,J25/100,J25/10))) -> 0 | L25: =IF(C25=0,0,IF(C25=1,0,IF(C25>=3,J25/10,IF(C25=2,IF(D25<=введ!C$20*25,J25/100,J25/10))))) -> 0 | N25: =IF(C25=3,0,IF(O25=1,0,D25-M25)) -> 0 | P25: =N25*10% -> 0 | R25: =IF(C25=3,0,IF(O25=1,0,D25-P25-Q25)) -> 0 | S25: =IF(OR(R25<=0,),0,MIN(MAX(введ!$C$11,R25),введ!$C$14)) -> 0 | T25: =ROUND(S25*введ!C$15,0) -> 0 | V25: =ROUND(U25*0.05,0) -> 0 | W25: =IF(D25=0,0,1) -> 0 | Z25: =IF(C25=3,0,IF(O25=1,0,D25-X25)) -> 0 | AA25: =IF(OR(Z25<=0,),0,MIN(MIN(введ!$C$17,Z25),введ!$C$17)) -> 0 | AB25: =AA25*введ!C$18 -> 0 | AC25: =AA25*введ!C$22 -> 0 | AE25: =IF(C25=1,D25,0) -> 0 | AF25: =IF(C25>1,D25,0) -> 0
A26: Итого: | D26: =SUM(D14:D25) -> 850000 | E26: =SUM(E14:E25) -> 127500 | F26: =SUM(F14:F25) -> 13000 | G26: =SUM(G14:G25) -> 0 | H26: =SUM(H14:H25) -> 0 | I26: =SUM(I14:I25) -> 0 | J26: =SUM(J14:J25) -> 644500 | K26: =SUM(K14:K25) -> 29340 | ... AC26: =SUM(AC14:AC25) -> 13000 | AD26: =IF(D26>0,D26/W26,0) -> 212500 | AE26: =SUM(AE14:AE25) -> 430000 | AF26: =SUM(AF14:AF25) -> 420000
A28: (Ф.И.О., подпись руководителя (налогоплательщика), печать)
A31: (Ф.И.О., подпись главного бухгалтера )
A34: (Ф.И.О., подпись лица, ответственного за составление налогового регистра)
A37: (Дата составления налогового регистра)

Sheet 2.3
S2: Форма 910.00
A5: Наименование налогоплательщика
A7: 1 | B7: РНН
A8: 2 | B8: ИИН (БИН) | D8: ='910.00'!D8 -> 111111111111
A9: 3 | B9: Налоговый период: месяц Год | D9: =IF('910.00'!L12=1,"март","сентябрь") -> март | E9: ='910.00'!O12 -> 2021
A11: Налоговый регистр: "Начисленные доходы работникам для целей налогообложения в третьем месяце полугодия"
A13: № п/п | B13: Ф.И.О. работника | C13: Признак резиденства: гражданин РК - 1; иностранный гражданин резидент - 2; иностранный гражданин нерезидент - 3; гражданин ЕАЭС - 4 | D13: начисленный доход | E13: примененный вычет 1 МЗП | F13: вычет взносов ОСМС | G13: прочие стандартные вычеты | H13: прочие вычеты | I13: Доходы, не облагаемые ИПН (корректировка) | J13: Доходы, облагаемые ИПН | K13: Индивидуальный подоходный налог с доходов граждан РК | L13: Индивидуальный подоходный налог с доходов иностранцев и лиц без гражданства | M13: Доходы, не облагаемые ОПВ | N13: Доход для исчисления обязательных пенсионных взносов | O13: Пенсионер (если да, то нужно поставить 1) | P13: Обязательные пенсионные взносы | Q13: Доходы не облагаемые СО | R13: Предварительный расчет объекта для исчисления СО | S13: Доход для исчисления социальных очтислений | T13: Обязательные социальные отчисления | U13: Доход для исчисления обязательных профессиональных пенсионных взносов | V13: Обязательные профессиональные пенсионные взносы | W13: Численность работников | X13: Доходы не принимаемые для исчисления ОСМС | Z13: Предварительный расчет объекта для исчисления ОСМС | AA13: Доходы принимаемые для исчисления ОСМС | AB13: Сумма отчислений на обязательное социальное медицинское страхование, к уплате | AC13: Сумма взносов на обязательное социальное медицинское страхование, к уплате | AD13: Среднемесячная заработная плата на одного работника | AE13: Доход граждане РК | AF13: Доход иностранцев
A14: 1 | B14: иванов | C14: 1 | D14: 250000 | E14: =IF(C14>=3,0,IF((D14-P14)>введ!C$11,введ!C$11,IF((D14-P14)<=введ!C$11,D14-P14,0))) -> 42500 | F14: =IF(AC14>0,AC14,0) -> 5000 | J14: =IF(C14>=3,D14-I14,D14-I14-E14-P14-F14-H14-G14) -> 177500 | K14: =IF(C14=0,0,IF(C14>1,0,IF(D14<=введ!C$20*25,J14/100,J14/10))) -> 17750 | L14: =IF(C14=0,0,IF(C14=1,0,IF(C14>=3,J14/10,IF(C14=2,IF(D14<=введ!C$20*25,J14/100,J14/10))))) -> 0 | N14: =IF(C14=3,0,IF(O14=1,0,D14-M14)) -> 250000 | P14: =N14*10% -> 25000 | R14: =IF(C14=3,0,IF(O14=1,0,D14-P14-Q14)) -> 225000 | S14: =IF(OR(R14<=0,),0,MIN(MAX(введ!$C$11,R14),введ!$C$14)) -> 225000 | T14: =ROUND(S14*введ!C$15,0) -> 7875 | V14: =ROUND(U14*0.05,0) -> 0 | W14: =IF(D14=0,0,1) -> 1 | Z14: =IF(C14=3,0,IF(O14=1,0,D14-X14)) -> 250000 | AA14: =IF(OR(Z14<=0,),0,MIN(MIN(введ!$C$17,Z14),введ!$C$17)) -> 250000 | AB14: =AA14*введ!C$18 -> 5000 | AC14: =AA14*введ!C$22 -> 5000 | AE14: =IF(C14=1,D14,0) -> 250000 | AF14: =IF(C14>1,D14,0) -> 0
A15: 2 | B15: петров | C15: 1 | D15: 180000 | E15: =IF(C15>=3,0,IF((D15-P15)>введ!C$11,введ!C$11,IF((D15-P15)<=введ!C$11,D15-P15,0))) -> 42500 | F15: =IF(AC15>0,AC15,0) -> 3600 | J15: =IF(C15>=3,D15-I15,D15-I15-E15-P15-F15-H15-G15) -> 115900 | K15: =IF(C15=0,0,IF(C15>1,0,IF(D15<=введ!C$20*25,J15/100,J15/10))) -> 11590 | L15: =IF(C15=0,0,IF(C15=1,0,IF(C15>=3,J15/10,IF(C15=2,IF(D15<=введ!C$20*25,J15/100,J15/10))))) -> 0 | N15: =IF(C15=3,0,IF(O15=1,0,D15-M15)) -> 180000 | P15: =N15*10% -> 18000 | R15: =IF(C15=3,0,IF(O15=1,0,D15-P15-Q15)) -> 162000 | S15: =IF(OR(R15<=0,),0,MIN(MAX(введ!$C$11,R15),введ!$C$14)) -> 162000 | T15: =ROUND(S15*введ!C$15,0) -> 5670 | V15: =ROUND(U15*0.05,0) -> 0 | W15: =IF(D15=0,0,1) -> 1 | Z15: =IF(C15=3,0,IF(O15=1,0,D15-X15)) -> 180000 | AA15: =IF(OR(Z15<=0,),0,MIN(MIN(введ!$C$17,Z15),введ!$C$17)) -> 180000 | AB15: =AA15*введ!C$18 -> 3600 | AC15: =AA15*введ!C$22 -> 3600 | AE15: =IF(C15=1,D15,0) -> 180000 | AF15: =IF(C15>1,D15,0) -> 0
A16: 3 | B16: сид | C16: 3 | D16: 200000 | E16: =IF(C16>=3,0,IF((D16-P16)>введ!C$11,введ!C$11,IF((D16-P16)<=введ!C$11,D16-P16,0))) -> 0 | F16: =IF(AC16>0,AC16,0) -> 0 | J16: =IF(C16>=3,D16-I16,D16-I16-E16-P16-F16-H16-G16) -> 200000 | K16: =IF(C16=0,0,IF(C16>1,0,IF(D16<=введ!C$20*25,J16/100,J16/10))) -> 0 | L16: =IF(C16=0,0,IF(C16=1,0,IF(C16>=3,J16/10,IF(C16=2,IF(D16<=введ!C$20*25,J16/100,J16/10))))) -> 20000 | N16: =IF(C16=3,0,IF(O16=1,0,D16-M16)) -> 0 | P16: =N16*10% -> 0 | R16: =IF(C16=3,0,IF(O16=1,0,D16-P16-Q16)) -> 0 | S16: =IF(OR(R16<=0,),0,MIN(MAX(введ!$C$11,R16),введ!$C$14)) -> 0 | T16: =ROUND(S16*введ!C$15,0) -> 0 | V16: =ROUND(U16*0.05,0) -> 0 | W16: =IF(D16=0,0,1) -> 1 | Z16: =IF(C16=3,0,IF(O16=1,0,D16-X16)) -> 0 | AA16: =IF(OR(Z16<=0,),0,MIN(MIN(введ!$C$17,Z16),введ!$C$17)) -> 0 | AB16: =AA16*введ!C$18 -> 0 | AC16: =AA16*введ!C$22 -> 0 | AE16: =IF(C16=1,D16,0) -> 0 | AF16: =IF(C16>1,D16,0) -> 200000
A17: 4 | B17: кузнецов | C17: 2 | D17: 220000 | E17: =IF(C17>=3,0,IF((D17-P17)>введ!C$11,введ!C$11,IF((D17-P17)<=введ!C$11,D17-P17,0))) -> 42500 | F17: =IF(AC17>0,AC17,0) -> 4400 | J17: =IF(C17>=3,D17-I17,D17-I17-E17-P17-F17-H17-G17) -> 151100 | K17: =IF(C17=0,0,IF(C17>1,0,IF(D17<=введ!C$20*25,J17/100,J17/10))) -> 0 | L17: =IF(C17=0,0,IF(C17=1,0,IF(C17>=3,J17/10,IF(C17=2,IF(D17<=введ!C$20*25,J17/100,J17/10))))) -> 15110 | N17: =IF(C17=3,0,IF(O17=1,0,D17-M17)) -> 220000 | P17: =N17*10% -> 22000 | R17: =IF(C17=3,0,IF(O17=1,0,D17-P17-Q17)) -> 198000 | S17: =IF(OR(R17<=0,),0,MIN(MAX(введ!$C$11,R17),введ!$C$14)) -> 198000 | T17: =ROUND(S17*введ!C$15,0) -> 6930 | V17: =ROUND(U17*0.05,0) -> 0 | W17: =IF(D17=0,0,1) -> 1 | Z17: =IF(C17=3,0,IF(O17=1,0,D17-X17)) -> 220000 | AA17: =IF(OR(Z17<=0,),0,MIN(MIN(введ!$C$17,Z17),введ!$C$17)) -> 220000 | AB17: =AA17*введ!C$18 -> 4400 | AC17: =AA17*введ!C$22 -> 4400 | AE17: =IF(C17=1,D17,0) -> 0 | AF17: =IF(C17>1,D17,0) -> 220000
A18: 5 | E18: =IF(C18>=3,0,IF((D18-P18)>введ!C$11,введ!C$11,IF((D18-P18)<=введ!C$11,D18-P18,0))) -> 0 | F18: =IF(AC18>0,AC18,0) -> 0 | J18: =IF(C18>=3,D18-I18,D18-I18-E18-P18-F18-H18-G18) -> 0 | K18: =IF(C18=0,0,IF(C18>1,0,IF(D18<=введ!C$20*25,J18/100,J18/10))) -> 0 | L18: =IF(C18=0,0,IF(C18=1,0,IF(C18>=3,J18/10,IF(C18=2,IF(D18<=введ!C$20*25,J18/100,J18/10))))) -> 0 | N18: =IF(C18=3,0,IF(O18=1,0,D18-M18)) -> 0 | P18: =N18*10% -> 0 | R18: =IF(C18=3,0,IF(O18=1,0,D18-P18-Q18)) -> 0 | S18: =IF(OR(R18<=0,),0,MIN(MAX(введ!$C$11,R18),введ!$C$14)) -> 0 | T18: =ROUND(S18*введ!C$15,0) -> 0 | V18: =ROUND(U18*0.05,0) -> 0 | W18: =IF(D18=0,0,1) -> 0 | Z18: =IF(C18=3,0,IF(O18=1,0,D18-X18)) -> 0 | AA18: =IF(OR(Z18<=0,),0,MIN(MIN(введ!$C$17,Z18),введ!$C$17)) -> 0 | AB18: =AA18*введ!C$18 -> 0 | AC18: =AA18*введ!C$22 -> 0 | AE18: =IF(C18=1,D18,0) -> 0 | AF18: =IF(C18>1,D18,0) -> 0
A19: 6 | E19: =IF(C19>=3,0,IF((D19-P19)>введ!C$11,введ!C$11,IF((D19-P19)<=введ!C$11,D19-P19,0))) -> 0 | F19: =IF(AC19>0,AC19,0) -> 0 | J19: =IF(C19>=3,D19-I19,D19-I19-E19-P19-F19-H19-G19) -> 0 | K19: =IF(C19=0,0,IF(C19>1,0,IF(D19<=введ!C$20*25,J19/100,J19/10))) -> 0 | L19: =IF(C19=0,0,IF(C19=1,0,IF(C19>=3,J19/10,IF(C19=2,IF(D19<=введ!C$20*25,J19/100,J19/10))))) -> 0 | N19: =IF(C19=3,0,IF(O19=1,0,D19-M19)) -> 0 | P19: =N19*10% -> 0 | R19: =IF(C19=3,0,IF(O19=1,0,D19-P19-Q19)) -> 0 | S19: =IF(OR(R19<=0,),0,MIN(MAX(введ!$C$11,R19),введ!$C$14)) -> 0 | T19: =ROUND(S19*введ!C$15,0) -> 0 | V19: =ROUND(U19*0.05,0) -> 0 | W19: =IF(D19=0,0,1) -> 0 | Z19: =IF(C19=3,0,IF(O19=1,0,D19-X19)) -> 0 | AA19: =IF(OR(Z19<=0,),0,MIN(MIN(введ!$C$17,Z19),введ!$C$17)) -> 0 | AB19: =AA19*введ!C$18 -> 0 | AC19: =AA19*введ!C$22 -> 0 | AE19: =IF(C19=1,D19,0) -> 0 | AF19: =IF(C19>1,D19,0) -> 0
A20: 7 | E20: =IF(C20>=3,0,IF((D20-P20)>введ!C$11,введ!C$11,IF((D20-P20)<=введ!C$11,D20-P20,0))) -> 0 | F20: =IF(AC20>0,AC20,0) -> 0 | J20: =IF(C20>=3,D20-I20,D20-I20-E20-P20-F20-H20-G20) -> 0 | K20: =IF(C20=0,0,IF(C20>1,0,IF(D20<=введ!C$20*25,J20/100,J20/10))) -> 0 | L20: =IF(C20=0,0,IF(C20=1,0,IF(C20>=3,J20/10,IF(C20=2,IF(D20<=введ!C$20*25,J20/100,J20/10))))) -> 0 | N20: =IF(C20=3,0,IF(O20=1,0,D20-M20)) -> 0 | P20: =N20*10% -> 0 | R20: =IF(C20=3,0,IF(O20=1,0,D20-P20-Q20)) -> 0 | S20: =IF(OR(R20<=0,),0,MIN(MAX(введ!$C$11,R20),введ!$C$14)) -> 0 | T20: =ROUND(S20*введ!C$15,0) -> 0 | V20: =ROUND(U20*0.05,0) -> 0 | W20: =IF(D20=0,0,1) -> 0 | Z20: =IF(C20=3,0,IF(O20=1,0,D20-X20)) -> 0 | AA20: =IF(OR(Z20<=0,),0,MIN(MIN(введ!$C$17,Z20),введ!$C$17)) -> 0 | AB20: =AA20*введ!C$18 -> 0 | AC20: =AA20*введ!C$22 -> 0 | AE20: =IF(C20=1,D20,0) -> 0 | AF20: =IF(C20>1,D20,0) -> 0
A21: 8 | E21: =IF(C21>=3,0,IF((D21-P21)>введ!C$11,введ!C$11,IF((D21-P21)<=введ!C$11,D21-P21,0))) -> 0 | F21: =IF(AC21>0,AC21,0) -> 0 | J21: =IF(C21>=3,D21-I21,D21-I21-E21-P21-F21-H21-G21) -> 0 | K21: =IF(C21=0,0,IF(C21>1,0,IF(D21<=введ!C$20*25,J21/100,J21/10))) -> 0 | L21: =IF(C21=0,0,IF(C21=1,0,IF(C21>=3,J21/10,IF(C21=2,IF(D21<=введ!C$20*25,J21/100,J21/10))))) -> 0 | N21: =IF(C21=3,0,IF(O21=1,0,D21-M21)) -> 0 | P21: =N21*10% -> 0 | R21: =IF(C21=3,0,IF(O21=1,0,D21-P21-Q21)) -> 0 | S21: =IF(OR(R21<=0,),0,MIN(MAX(введ!$C$11,R21),введ!$C$14)) -> 0 | T21: =ROUND(S21*введ!C$15,0) -> 0 | V21: =ROUND(U21*0.05,0) -> 0 | W21: =IF(D21=0,0,1) -> 0 | Z21: =IF(C21=3,0,IF(O21=1,0,D21-X21)) -> 0 | AA21: =IF(OR(Z21<=0,),0,MIN(MIN(введ!$C$17,Z21),введ!$C$17)) -> 0 | AB21: =AA21*введ!C$18 -> 0 | AC21: =AA21*введ!C$22 -> 0 | AE21: =IF(C21=1,D21,0) -> 0 | AF21: =IF(C21>1,D21,0) -> 0
A22: 9 | E22: =IF(C22>=3,0,IF((D22-P22)>введ!C$11,введ!C$11,IF((D22-P22)<=введ!C$11,D22-P22,0))) -> 0 | F22: =IF(AC22>0,AC22,0) -> 0 | J22: =IF(C22>=3,D22-I22,D22-I22-E22-P22-F22-H22-G22) -> 0 | K22: =IF(C22=0,0,IF(C22>1,0,IF(D22<=введ!C$20*25,J22/100,J22/10))) -> 0 | L22: =IF(C22=0,0,IF(C22=1,0,IF(C22>=3,J22/10,IF(C22=2,IF(D22<=введ!C$20*25,J22/100,J22/10))))) -> 0 | N22: =IF(C22=3,0,IF(O22=1,0,D22-M22)) -> 0 | P22: =N22*10% -> 0 | R22: =IF(C22=3,0,IF(O22=1,0,D22-P22-Q22)) -> 0 | S22: =IF(OR(R22<=0,),0,MIN(MAX(введ!$C$11,R22),введ!$C$14)) -> 0 | T22: =ROUND(S22*введ!C$15,0) -> 0 | V22: =ROUND(U22*0.05,0) -> 0 | W22: =IF(D22=0,0,1) -> 0 | Z22: =IF(C22=3,0,IF(O22=1,0,D22-X22)) -> 0 | AA22: =IF(OR(Z22<=0,),0,MIN(MIN(введ!$C$17,Z22),введ!$C$17)) -> 0 | AB22: =AA22*введ!C$18 -> 0 | AC22: =AA22*введ!C$22 -> 0 | AE22: =IF(C22=1,D22,0) -> 0 | AF22: =IF(C22>1,D22,0) -> 0
A23: 10 | E23: =IF(C23>=3,0,IF((D23-P23)>введ!C$11,введ!C$11,IF((D23-P23)<=введ!C$11,D23-P23,0))) -> 0 | F23: =IF(AC23>0,AC23,0) -> 0 | J23: =IF(C23>=3,D23-I23,D23-I23-E23-P23-F23-H23-G23) -> 0 | K23: =IF(C23=0,0,IF(C23>1,0,IF(D23<=введ!C$20*25,J23/100,J23/10))) -> 0 | L23: =IF(C23=0,0,IF(C23=1,0,IF(C23>=3,J23/10,IF(C23=2,IF(D23<=введ!C$20*25,J23/100,J23/10))))) -> 0 | N23: =IF(C23=3,0,IF(O23=1,0,D23-M23)) -> 0 | P23: =N23*10% -> 0 | R23: =IF(C23=3,0,IF(O23=1,0,D23-P23-Q23)) -> 0 | S23: =IF(OR(R23<=0,),0,MIN(MAX(введ!$C$11,R23),введ!$C$14)) -> 0 | T23: =ROUND(S23*введ!C$15,0) -> 0 | V23: =ROUND(U23*0.05,0) -> 0 | W23: =IF(D23=0,0,1) -> 0 | Z23: =IF(C23=3,0,IF(O23=1,0,D23-X23)) -> 0 | AA23: =IF(OR(Z23<=0,),0,MIN(MIN(введ!$C$17,Z23),введ!$C$17)) -> 0 | AB23: =AA23*введ!C$18 -> 0 | AC23: =AA23*введ!C$22 -> 0 | AE23: =IF(C23=1,D23,0) -> 0 | AF23: =IF(C23>1,D23,0) -> 0
A24: 11 | E24: =IF(C24>=3,0,IF((D24-P24)>введ!C$11,введ!C$11,IF((D24-P24)<=введ!C$11,D24-P24,0))) -> 0 | F24: =IF(AC24>0,AC24,0) -> 0 | J24: =IF(C24>=3,D24-I24,D24-I24-E24-P24-F24-H24-G24) -> 0 | K24: =IF(C24=0,0,IF(C24>1,0,IF(D24<=введ!C$20*25,J24/100,J24/10))) -> 0 | L24: =IF(C24=0,0,IF(C24=1,0,IF(C24>=3,J24/10,IF(C24=2,IF(D24<=введ!C$20*25,J24/100,J24/10))))) -> 0 | N24: =IF(C24=3,0,IF(O24=1,0,D24-M24)) -> 0 | P24: =N24*10% -> 0 | R24: =IF(C24=3,0,IF(O24=1,0,D24-P24-Q24)) -> 0 | S24: =IF(OR(R24<=0,),0,MIN(MAX(введ!$C$11,R24),введ!$C$14)) -> 0 | T24: =ROUND(S24*введ!C$15,0) -> 0 | V24: =ROUND(U24*0.05,0) -> 0 | W24: =IF(D24=0,0,1) -> 0 | Z24: =IF(C24=3,0,IF(O24=1,0,D24-X24)) -> 0 | AA24: =IF(OR(Z24<=0,),0,MIN(MIN(введ!$C$17,Z24),введ!$C$17)) -> 0 | AB24: =AA24*введ!C$18 -> 0 | AC24: =AA24*введ!C$22 -> 0 | AE24: =IF(C24=1,D24,0) -> 0 | AF24: =IF(C24>1,D24,0) -> 0
A25: 12 | E25: =IF(C25>=3,0,IF((D25-P25)>введ!C$11,введ!C$11,IF((D25-P25)<=введ!C$11,D25-P25,0))) -> 0 | F25: =IF(AC25>0,AC25,0) -> 0 | J25: =IF(C25>=3,D25-I25,D25-I25-E25-P25-F25-H25-G25) -> 0 | K25: =IF(C25=0,0,IF(C25>1,0,IF(D25<=введ!C$20*25,J25/100,J25/10))) -> 0 | L25: =IF(C25=0,0,IF(C25=1,0,IF(C25>=3,J25/10,IF(C25=2,IF(D25<=введ!C$20*25,J25/100,J25/10))))) -> 0 | N25: =IF(C25=3,0,IF(O25=1,0,D25-M25)) -> 0 | P25: =N25*10% -> 0 | R25: =IF(C25=3,0,IF(O25=1,0,D25-P25-Q25)) -> 0 | S25: =IF(OR(R25<=0,),0,MIN(MAX(введ!$C$11,R25),введ!$C$14)) -> 0 | T25: =ROUND(S25*введ!C$15,0) -> 0 | V25: =ROUND(U25*0.05,0) -> 0 | W25: =IF(D25=0,0,1) -> 0 | Z25: =IF(C25=3,0,IF(O25=1,0,D25-X25)) -> 0 | AA25: =IF(OR(Z25<=0,),0,MIN(MIN(введ!$C$17,Z25),введ!$C$17)) -> 0 | AB25: =AA25*введ!C$18 -> 0 | AC25: =AA25*введ!C$22 -> 0 | AE25: =IF(C25=1,D25,0) -> 0 | AF25: =IF(C25>1,D25,0) -> 0
A26: Итого: | D26: =SUM(D14:D25) -> 850000 | E26: =SUM(E14:E25) -> 127500 | F26: =SUM(F14:F25) -> 13000 | G26: =SUM(G14:G25) -> 0 | H26: =SUM(H14:H25) -> 0 | I26: =SUM(I14:I25) -> 0 | J26: =SUM(J14:J25) -> 644500 | K26: =SUM(K14:K25) -> 29340 | ... AC26: =SUM(AC14:AC25) -> 13000 | AD26: =IF(D26>0,D26/W26,0) -> 212500 | AE26: =SUM(AE14:AE25) -> 430000 | AF26: =SUM(AF14:AF25) -> 420000
A28: (Ф.И.О., подпись руководителя (налогоплательщика), печать)
A31: (Ф.И.О., подпись главного бухгалтера )
A34: (Ф.И.О., подпись лица, ответственного за составление налогового регистра)
A37: (Дата составления налогового регистра)

Sheet 2.4
S2: Форма 910.00
A5: Наименование налогоплательщика
A7: 1 | B7: РНН
A8: 2 | B8: ИИН (БИН) | D8: ='910.00'!D8 -> 111111111111
A9: 3 | B9: Налоговый период: месяц Год | D9: =IF('910.00'!L12=1,"апрель","октябрь") -> апрель | E9: ='910.00'!O12 -> 2021
A11: Налоговый регистр: "Начисленные доходы работникам для целей налогообложения в четвертом месяце полугодия"
A13: № п/п | B13: Ф.И.О. работника | C13: Признак резиденства: гражданин РК - 1; иностранный гражданин резидент - 2; иностранный гражданин нерезидент - 3; гражданин ЕАЭС - 4 | D13: начисленный доход | E13: примененный вычет 1 МЗП | F13: вычет взносов ОСМС | G13: прочие стандартные вычеты | H13: прочие вычеты | I13: Доходы, не облагаемые ИПН (корректировка) | J13: Доходы, облагаемые ИПН | K13: Индивидуальный подоходный налог с доходов граждан РК | L13: Индивидуальный подоходный налог с доходов иностранцев и лиц без гражданства | M13: Доходы, не облагаемые ОПВ | N13: Доход для исчисления обязательных пенсионных взносов | O13: Пенсионер (если да, то нужно поставить 1) | P13: Обязательные пенсионные взносы | Q13: Доходы не облагаемые СО | R13: Предварительный расчет объекта для исчисления СО | S13: Доход для исчисления социальных очтислений | T13: Обязательные социальные отчисления | U13: Доход для исчисления обязательных профессиональных пенсионных взносов | V13: Обязательные профессиональные пенсионные взносы | W13: Численность работников | X13: Доходы не принимаемые для исчисления ОСМС | Z13: Предварительный расчет объекта для исчисления ОСМС | AA13: Доходы принимаемые для исчисления ОСМС | AB13: Сумма отчислений на обязательное социальное медицинское страхование, к уплате | AC13: Сумма взносов на обязательное социальное медицинское страхование, к уплате | AD13: Среднемесячная заработная плата на одного работника | AE13: Доход граждане РК | AF13: Доход иностранцев
A14: 1 | B14: петров | C14: 1 | D14: 180000 | E14: =IF(C14>=3,0,IF((D14-P14)>введ!C$11,введ!C$11,IF((D14-P14)<=введ!C$11,D14-P14,0))) -> 42500 | F14: =IF(AC14>0,AC14,0) -> 3600 | J14: =IF(C14>=3,D14-I14,D14-I14-E14-P14-F14-H14-G14) -> 115900 | K14: =IF(C14=0,0,IF(C14>1,0,IF(D14<=введ!C$20*25,J14/100,J14/10))) -> 11590 | L14: =IF(C14=0,0,IF(C14=1,0,IF(C14>=3,J14/10,IF(C14=2,IF(D14<=введ!C$20*25,J14/100,J14/10))))) -> 0 | N14: =IF(C14=3,0,IF(O14=1,0,D14-M14)) -> 180000 | P14: =N14*10% -> 18000 | R14: =IF(C14=3,0,IF(O14=1,0,D14-P14-Q14)) -> 162000 | S14: =IF(OR(R14<=0,),0,MIN(MAX(введ!$C$11,R14),введ!$C$14)) -> 162000 | T14: =ROUND(S14*введ!C$15,0) -> 5670 | V14: =ROUND(U14*0.05,0) -> 0 | W14: =IF(D14=0,0,1) -> 1 | Z14: =IF(C14=3,0,IF(O14=1,0,D14-X14)) -> 180000 | AA14: =IF(OR(Z14<=0,),0,MIN(MIN(введ!$C$17,Z14),введ!$C$17)) -> 180000 | AB14: =AA14*введ!C$18 -> 3600 | AC14: =AA14*введ!C$22 -> 3600 | AE14: =IF(C14=1,D14,0) -> 180000 | AF14: =IF(C14>1,D14,0) -> 0
A15: 2 | B15: сид | C15: 3 | D15: 200000 | E15: =IF(C15>=3,0,IF((D15-P15)>введ!C$11,введ!C$11,IF((D15-P15)<=введ!C$11,D15-P15,0))) -> 0 | F15: =IF(AC15>0,AC15,0) -> 0 | J15: =IF(C15>=3,D15-I15,D15-I15-E15-P15-F15-H15-G15) -> 200000 | K15: =IF(C15=0,0,IF(C15>1,0,IF(D15<=введ!C$20*25,J15/100,J15/10))) -> 0 | L15: =IF(C15=0,0,IF(C15=1,0,IF(C15>=3,J15/10,IF(C15=2,IF(D15<=введ!C$20*25,J15/100,J15/10))))) -> 20000 | N15: =IF(C15=3,0,IF(O15=1,0,D15-M15)) -> 0 | P15: =N15*10% -> 0 | R15: =IF(C15=3,0,IF(O15=1,0,D15-P15-Q15)) -> 0 | S15: =IF(OR(R15<=0,),0,MIN(MAX(введ!$C$11,R15),введ!$C$14)) -> 0 | T15: =ROUND(S15*введ!C$15,0) -> 0 | V15: =ROUND(U15*0.05,0) -> 0 | W15: =IF(D15=0,0,1) -> 1 | Z15: =IF(C15=3,0,IF(O15=1,0,D15-X15)) -> 0 | AA15: =IF(OR(Z15<=0,),0,MIN(MIN(введ!$C$17,Z15),введ!$C$17)) -> 0 | AB15: =AA15*введ!C$18 -> 0 | AC15: =AA15*введ!C$22 -> 0 | AE15: =IF(C15=1,D15,0) -> 0 | AF15: =IF(C15>1,D15,0) -> 200000
A16: 3 | B16: кузнецов | C16: 2 | D16: 220000 | E16: =IF(C16>=3,0,IF((D16-P16)>введ!C$11,введ!C$11,IF((D16-P16)<=введ!C$11,D16-P16,0))) -> 42500 | F16: =IF(AC16>0,AC16,0) -> 4400 | J16: =IF(C16>=3,D16-I16,D16-I16-E16-P16-F16-H16-G16) -> 151100 | K16: =IF(C16=0,0,IF(C16>1,0,IF(D16<=введ!C$20*25,J16/100,J16/10))) -> 0 | L16: =IF(C16=0,0,IF(C16=1,0,IF(C16>=3,J16/10,IF(C16=2,IF(D16<=введ!C$20*25,J16/100,J16/10))))) -> 15110 | N16: =IF(C16=3,0,IF(O16=1,0,D16-M16)) -> 220000 | P16: =N16*10% -> 22000 | R16: =IF(C16=3,0,IF(O16=1,0,D16-P16-Q16)) -> 198000 | S16: =IF(OR(R16<=0,),0,MIN(MAX(введ!$C$11,R16),введ!$C$14)) -> 198000 | T16: =ROUND(S16*введ!C$15,0) -> 6930 | V16: =ROUND(U16*0.05,0) -> 0 | W16: =IF(D16=0,0,1) -> 1 | Z16: =IF(C16=3,0,IF(O16=1,0,D16-X16)) -> 220000 | AA16: =IF(OR(Z16<=0,),0,MIN(MIN(введ!$C$17,Z16),введ!$C$17)) -> 220000 | AB16: =AA16*введ!C$18 -> 4400 | AC16: =AA16*введ!C$22 -> 4400 | AE16: =IF(C16=1,D16,0) -> 0 | AF16: =IF(C16>1,D16,0) -> 220000
A17: 4 | E17: =IF(C17>=3,0,IF((D17-P17)>введ!C$11,введ!C$11,IF((D17-P17)<=введ!C$11,D17-P17,0))) -> 0 | F17: =IF(AC17>0,AC17,0) -> 0 | J17: =IF(C17>=3,D17-I17,D17-I17-E17-P17-F17-H17-G17) -> 0 | K17: =IF(C17=0,0,IF(C17>1,0,IF(D17<=введ!C$20*25,J17/100,J17/10))) -> 0 | L17: =IF(C17=0,0,IF(C17=1,0,IF(C17>=3,J17/10,IF(C17=2,IF(D17<=введ!C$20*25,J17/100,J17/10))))) -> 0 | N17: =IF(C17=3,0,IF(O17=1,0,D17-M17)) -> 0 | P17: =N17*10% -> 0 | R17: =IF(C17=3,0,IF(O17=1,0,D17-P17-Q17)) -> 0 | S17: =IF(OR(R17<=0,),0,MIN(MAX(введ!$C$11,R17),введ!$C$14)) -> 0 | T17: =ROUND(S17*введ!C$15,0) -> 0 | V17: =ROUND(U17*0.05,0) -> 0 | W17: =IF(D17=0,0,1) -> 0 | Z17: =IF(C17=3,0,IF(O17=1,0,D17-X17)) -> 0 | AA17: =IF(OR(Z17<=0,),0,MIN(MIN(введ!$C$17,Z17),введ!$C$17)) -> 0 | AB17: =AA17*введ!C$18 -> 0 | AC17: =AA17*введ!C$22 -> 0 | AE17: =IF(C17=1,D17,0) -> 0 | AF17: =IF(C17>1,D17,0) -> 0
A18: 5 | E18: =IF(C18>=3,0,IF((D18-P18)>введ!C$11,введ!C$11,IF((D18-P18)<=введ!C$11,D18-P18,0))) -> 0 | F18: =IF(AC18>0,AC18,0) -> 0 | J18: =IF(C18>=3,D18-I18,D18-I18-E18-P18-F18-H18-G18) -> 0 | K18: =IF(C18=0,0,IF(C18>1,0,IF(D18<=введ!C$20*25,J18/100,J18/10))) -> 0 | L18: =IF(C18=0,0,IF(C18=1,0,IF(C18>=3,J18/10,IF(C18=2,IF(D18<=введ!C$20*25,J18/100,J18/10))))) -> 0 | N18: =IF(C18=3,0,IF(O18=1,0,D18-M18)) -> 0 | P18: =N18*10% -> 0 | R18: =IF(C18=3,0,IF(O18=1,0,D18-P18-Q18)) -> 0 | S18: =IF(OR(R18<=0,),0,MIN(MAX(введ!$C$11,R18),введ!$C$14)) -> 0 | T18: =ROUND(S18*введ!C$15,0) -> 0 | V18: =ROUND(U18*0.05,0) -> 0 | W18: =IF(D18=0,0,1) -> 0 | Z18: =IF(C18=3,0,IF(O18=1,0,D18-X18)) -> 0 | AA18: =IF(OR(Z18<=0,),0,MIN(MIN(введ!$C$17,Z18),введ!$C$17)) -> 0 | AB18: =AA18*введ!C$18 -> 0 | AC18: =AA18*введ!C$22 -> 0 | AE18: =IF(C18=1,D18,0) -> 0 | AF18: =IF(C18>1,D18,0) -> 0
A19: 6 | E19: =IF(C19>=3,0,IF((D19-P19)>введ!C$11,введ!C$11,IF((D19-P19)<=введ!C$11,D19-P19,0))) -> 0 | F19: =IF(AC19>0,AC19,0) -> 0 | J19: =IF(C19>=3,D19-I19,D19-I19-E19-P19-F19-H19-G19) -> 0 | K19: =IF(C19=0,0,IF(C19>1,0,IF(D19<=введ!C$20*25,J19/100,J19/10))) -> 0 | L19: =IF(C19=0,0,IF(C19=1,0,IF(C19>=3,J19/10,IF(C19=2,IF(D19<=введ!C$20*25,J19/100,J19/10))))) -> 0 | N19: =IF(C19=3,0,IF(O19=1,0,D19-M19)) -> 0 | P19: =N19*10% -> 0 | R19: =IF(C19=3,0,IF(O19=1,0,D19-P19-Q19)) -> 0 | S19: =IF(OR(R19<=0,),0,MIN(MAX(введ!$C$11,R19),введ!$C$14)) -> 0 | T19: =ROUND(S19*введ!C$15,0) -> 0 | V19: =ROUND(U19*0.05,0) -> 0 | W19: =IF(D19=0,0,1) -> 0 | Z19: =IF(C19=3,0,IF(O19=1,0,D19-X19)) -> 0 | AA19: =IF(OR(Z19<=0,),0,MIN(MIN(введ!$C$17,Z19),введ!$C$17)) -> 0 | AB19: =AA19*введ!C$18 -> 0 | AC19: =AA19*введ!C$22 -> 0 | AE19: =IF(C19=1,D19,0) -> 0 | AF19: =IF(C19>1,D19,0) -> 0
A20: 7 | E20: =IF(C20>=3,0,IF((D20-P20)>введ!C$11,введ!C$11,IF((D20-P20)<=введ!C$11,D20-P20,0))) -> 0 | F20: =IF(AC20>0,AC20,0) -> 0 | J20: =IF(C20>=3,D20-I20,D20-I20-E20-P20-F20-H20-G20) -> 0 | K20: =IF(C20=0,0,IF(C20>1,0,IF(D20<=введ!C$20*25,J20/100,J20/10))) -> 0 | L20: =IF(C20=0,0,IF(C20=1,0,IF(C20>=3,J20/10,IF(C20=2,IF(D20<=введ!C$20*25,J20/100,J20/10))))) -> 0 | N20: =IF(C20=3,0,IF(O20=1,0,D20-M20)) -> 0 | P20: =N20*10% -> 0 | R20: =IF(C20=3,0,IF(O20=1,0,D20-P20-Q20)) -> 0 | S20: =IF(OR(R20<=0,),0,MIN(MAX(введ!$C$11,R20),введ!$C$14)) -> 0 | T20: =ROUND(S20*введ!C$15,0) -> 0 | V20: =ROUND(U20*0.05,0) -> 0 | W20: =IF(D20=0,0,1) -> 0 | Z20: =IF(C20=3,0,IF(O20=1,0,D20-X20)) -> 0 | AA20: =IF(OR(Z20<=0,),0,MIN(MIN(введ!$C$17,Z20),введ!$C$17)) -> 0 | AB20: =AA20*введ!C$18 -> 0 | AC20: =AA20*введ!C$22 -> 0 | AE20: =IF(C20=1,D20,0) -> 0 | AF20: =IF(C20>1,D20,0) -> 0
A21: 8 | E21: =IF(C21>=3,0,IF((D21-P21)>введ!C$11,введ!C$11,IF((D21-P21)<=введ!C$11,D21-P21,0))) -> 0 | F21: =IF(AC21>0,AC21,0) -> 0 | J21: =IF(C21>=3,D21-I21,D21-I21-E21-P21-F21-H21-G21) -> 0 | K21: =IF(C21=0,0,IF(C21>1,0,IF(D21<=введ!C$20*25,J21/100,J21/10))) -> 0 | L21: =IF(C21=0,0,IF(C21=1,0,IF(C21>=3,J21/10,IF(C21=2,IF(D21<=введ!C$20*25,J21/100,J21/10))))) -> 0 | N21: =IF(C21=3,0,IF(O21=1,0,D21-M21)) -> 0 | P21: =N21*10% -> 0 | R21: =IF(C21=3,0,IF(O21=1,0,D21-P21-Q21)) -> 0 | S21: =IF(OR(R21<=0,),0,MIN(MAX(введ!$C$11,R21),введ!$C$14)) -> 0 | T21: =ROUND(S21*введ!C$15,0) -> 0 | V21: =ROUND(U21*0.05,0) -> 0 | W21: =IF(D21=0,0,1) -> 0 | Z21: =IF(C21=3,0,IF(O21=1,0,D21-X21)) -> 0 | AA21: =IF(OR(Z21<=0,),0,MIN(MIN(введ!$C$17,Z21),введ!$C$17)) -> 0 | AB21: =AA21*введ!C$18 -> 0 | AC21: =AA21*введ!C$22 -> 0 | AE21: =IF(C21=1,D21,0) -> 0 | AF21: =IF(C21>1,D21,0) -> 0
A22: 9 | E22: =IF(C22>=3,0,IF((D22-P22)>введ!C$11,введ!C$11,IF((D22-P22)<=введ!C$11,D22-P22,0))) -> 0 | F22: =IF(AC22>0,AC22,0) -> 0 | J22: =IF(C22>=3,D22-I22,D22-I22-E22-P22-F22-H22-G22) -> 0 | K22: =IF(C22=0,0,IF(C22>1,0,IF(D22<=введ!C$20*25,J22/100,J22/10))) -> 0 | L22: =IF(C22=0,0,IF(C22=1,0,IF(C22>=3,J22/10,IF(C22=2,IF(D22<=введ!C$20*25,J22/100,J22/10))))) -> 0 | N22: =IF(C22=3,0,IF(O22=1,0,D22-M22)) -> 0 | P22: =N22*10% -> 0 | R22: =IF(C22=3,0,IF(O22=1,0,D22-P22-Q22)) -> 0 | S22: =IF(OR(R22<=0,),0,MIN(MAX(введ!$C$11,R22),введ!$C$14)) -> 0 | T22: =ROUND(S22*введ!C$15,0) -> 0 | V22: =ROUND(U22*0.05,0) -> 0 | W22: =IF(D22=0,0,1) -> 0 | Z22: =IF(C22=3,0,IF(O22=1,0,D22-X22)) -> 0 | AA22: =IF(OR(Z22<=0,),0,MIN(MIN(введ!$C$17,Z22),введ!$C$17)) -> 0 | AB22: =AA22*введ!C$18 -> 0 | AC22: =AA22*введ!C$22 -> 0 | AE22: =IF(C22=1,D22,0) -> 0 | AF22: =IF(C22>1,D22,0) -> 0
A23: 10 | E23: =IF(C23>=3,0,IF((D23-P23)>введ!C$11,введ!C$11,IF((D23-P23)<=введ!C$11,D23-P23,0))) -> 0 | F23: =IF(AC23>0,AC23,0) -> 0 | J23: =IF(C23>=3,D23-I23,D23-I23-E23-P23-F23-H23-G23) -> 0 | K23: =IF(C23=0,0,IF(C23>1,0,IF(D23<=введ!C$20*25,J23/100,J23/10))) -> 0 | L23: =IF(C23=0,0,IF(C23=1,0,IF(C23>=3,J23/10,IF(C23=2,IF(D23<=введ!C$20*25,J23/100,J23/10))))) -> 0 | N23: =IF(C23=3,0,IF(O23=1,0,D23-M23)) -> 0 | P23: =N23*10% -> 0 | R23: =IF(C23=3,0,IF(O23=1,0,D23-P23-Q23)) -> 0 | S23: =IF(OR(R23<=0,),0,MIN(MAX(введ!$C$11,R23),введ!$C$14)) -> 0 | T23: =ROUND(S23*введ!C$15,0) -> 0 | V23: =ROUND(U23*0.05,0) -> 0 | W23: =IF(D23=0,0,1) -> 0 | Z23: =IF(C23=3,0,IF(O23=1,0,D23-X23)) -> 0 | AA23: =IF(OR(Z23<=0,),0,MIN(MIN(введ!$C$17,Z23),введ!$C$17)) -> 0 | AB23: =AA23*введ!C$18 -> 0 | AC23: =AA23*введ!C$22 -> 0 | AE23: =IF(C23=1,D23,0) -> 0 | AF23: =IF(C23>1,D23,0) -> 0
A24: 11 | E24: =IF(C24>=3,0,IF((D24-P24)>введ!C$11,введ!C$11,IF((D24-P24)<=введ!C$11,D24-P24,0))) -> 0 | F24: =IF(AC24>0,AC24,0) -> 0 | J24: =IF(C24>=3,D24-I24,D24-I24-E24-P24-F24-H24-G24) -> 0 | K24: =IF(C24=0,0,IF(C24>1,0,IF(D24<=введ!C$20*25,J24/100,J24/10))) -> 0 | L24: =IF(C24=0,0,IF(C24=1,0,IF(C24>=3,J24/10,IF(C24=2,IF(D24<=введ!C$20*25,J24/100,J24/10))))) -> 0 | N24: =IF(C24=3,0,IF(O24=1,0,D24-M24)) -> 0 | P24: =N24*10% -> 0 | R24: =IF(C24=3,0,IF(O24=1,0,D24-P24-Q24)) -> 0 | S24: =IF(OR(R24<=0,),0,MIN(MAX(введ!$C$11,R24),введ!$C$14)) -> 0 | T24: =ROUND(S24*введ!C$15,0) -> 0 | V24: =ROUND(U24*0.05,0) -> 0 | W24: =IF(D24=0,0,1) -> 0 | Z24: =IF(C24=3,0,IF(O24=1,0,D24-X24)) -> 0 | AA24: =IF(OR(Z24<=0,),0,MIN(MIN(введ!$C$17,Z24),введ!$C$17)) -> 0 | AB24: =AA24*введ!C$18 -> 0 | AC24: =AA24*введ!C$22 -> 0 | AE24: =IF(C24=1,D24,0) -> 0 | AF24: =IF(C24>1,D24,0) -> 0
A25: 12 | E25: =IF(C25>=3,0,IF((D25-P25)>введ!C$11,введ!C$11,IF((D25-P25)<=введ!C$11,D25-P25,0))) -> 0 | F25: =IF(AC25>0,AC25,0) -> 0 | J25: =IF(C25>=3,D25-I25,D25-I25-E25-P25-F25-H25-G25) -> 0 | K25: =IF(C25=0,0,IF(C25>1,0,IF(D25<=введ!C$20*25,J25/100,J25/10))) -> 0 | L25: =IF(C25=0,0,IF(C25=1,0,IF(C25>=3,J25/10,IF(C25=2,IF(D25<=введ!C$20*25,J25/100,J25/10))))) -> 0 | N25: =IF(C25=3,0,IF(O25=1,0,D25-M25)) -> 0 | P25: =N25*10% -> 0 | R25: =IF(C25=3,0,IF(O25=1,0,D25-P25-Q25)) -> 0 | S25: =IF(OR(R25<=0,),0,MIN(MAX(введ!$C$11,R25),введ!$C$14)) -> 0 | T25: =ROUND(S25*введ!C$15,0) -> 0 | V25: =ROUND(U25*0.05,0) -> 0 | W25: =IF(D25=0,0,1) -> 0 | Z25: =IF(C25=3,0,IF(O25=1,0,D25-X25)) -> 0 | AA25: =IF(OR(Z25<=0,),0,MIN(MIN(введ!$C$17,Z25),введ!$C$17)) -> 0 | AB25: =AA25*введ!C$18 -> 0 | AC25: =AA25*введ!C$22 -> 0 | AE25: =IF(C25=1,D25,0) -> 0 | AF25: =IF(C25>1,D25,0) -> 0
A26: Итого: | D26: =SUM(D14:D25) -> 600000 | E26: =SUM(E14:E25) -> 85000 | F26: =SUM(F14:F25) -> 8000 | G26: =SUM(G14:G25) -> 0 | H26: =SUM(H14:H25) -> 0 | I26: =SUM(I14:I25) -> 0 | J26: =SUM(J14:J25) -> 467000 | K26: =SUM(K14:K25) -> 11590 | ... AC26: =SUM(AC14:AC25) -> 8000 | AD26: =IF(D26>0,D26/W26,0) -> 200000 | AE26: =SUM(AE14:AE25) -> 180000 | AF26: =SUM(AF14:AF25) -> 420000
A28: (Ф.И.О., подпись руководителя (налогоплательщика), печать)
A31: (Ф.И.О., подпись главного бухгалтера )
A34: (Ф.И.О., подпись лица, ответственного за составление налогового регистра)
A37: (Дата составления налогового регистра)

Sheet 2.5
S2: Форма 910.00
A4: Наименование налогоплательщика
A6: 1 | B6: РНН
A7: 2 | B7: ИИН (БИН) | D7: ='910.00'!D8 -> 111111111111
A8: 3 | B8: Налоговый период: месяц Год | D8: =IF('910.00'!L12=1,"май","ноябрь") -> май | E8: ='910.00'!O12 -> 2021
A10: Налоговый регистр: "Начисленные доходы работникам для целей налогообложения в пятом месяце полугодия"
A13: № п/п | B13: Ф.И.О. работника | C13: Признак резиденства: гражданин РК - 1; иностранный гражданин резидент - 2; иностранный гражданин нерезидент - 3; гражданин ЕАЭС - 4 | D13: начисленный доход | E13: примененный вычет 1 МЗП | F13: вычет взносов ОСМС | G13: прочие стандартные вычеты | H13: прочие вычеты | I13: Доходы, не облагаемые ИПН (корректировка) | J13: Доходы, облагаемые ИПН | K13: Индивидуальный подоходный налог с доходов граждан РК | L13: Индивидуальный подоходный налог с доходов иностранцев и лиц без гражданства | M13: Доходы, не облагаемые ОПВ | N13: Доход для исчисления обязательных пенсионных взносов | O13: Пенсионер (если да, то нужно поставить 1) | P13: Обязательные пенсионные взносы | Q13: Доходы не облагаемые СО | R13: Предварительный расчет объекта для исчисления СО | S13: Доход для исчисления социальных очтислений | T13: Обязательные социальные отчисления | U13: Доход для исчисления обязательных профессиональных пенсионных взносов | V13: Обязательные профессиональные пенсионные взносы | W13: Численность работников | X13: Доходы не принимаемые для исчисления ОСМС | Z13: Предварительный расчет объекта для исчисления ОСМС | AA13: Доходы принимаемые для исчисления ОСМС | AB13: Сумма отчислений на обязательное социальное медицинское страхование, к уплате | AC13: Сумма взносов на обязательное социальное медицинское страхование, к уплате | AD13: Среднемесячная заработная плата на одного работника | AE13: Доход граждане РК | AF13: Доход иностранцев
A14: 1 | B14: петров | C14: 1 | D14: 180000 | E14: =IF(C14>=3,0,IF((D14-P14)>введ!C$11,введ!C$11,IF((D14-P14)<=введ!C$11,D14-P14,0))) -> 42500 | F14: =IF(AC14>0,AC14,0) -> 3600 | J14: =IF(C14>=3,D14-I14,D14-I14-E14-P14-F14-H14-G14) -> 115900 | K14: =IF(C14=0,0,IF(C14>1,0,IF(D14<=введ!C$20*25,J14/100,J14/10))) -> 11590 | L14: =IF(C14=0,0,IF(C14=1,0,IF(C14>=3,J14/10,IF(C14=2,IF(D14<=введ!C$20*25,J14/100,J14/10))))) -> 0 | N14: =IF(C14=3,0,IF(O14=1,0,D14-M14)) -> 180000 | P14: =N14*10% -> 18000 | R14: =IF(C14=3,0,IF(O14=1,0,D14-P14-Q14)) -> 162000 | S14: =IF(OR(R14<=0,),0,MIN(MAX(введ!$C$11,R14),введ!$C$14)) -> 162000 | T14: =ROUND(S14*введ!C$15,0) -> 5670 | V14: =ROUND(U14*0.05,0) -> 0 | W14: =IF(D14=0,0,1) -> 1 | Z14: =IF(C14=3,0,IF(O14=1,0,D14-X14)) -> 180000 | AA14: =IF(OR(Z14<=0,),0,MIN(MIN(введ!$C$17,Z14),введ!$C$17)) -> 180000 | AB14: =AA14*введ!C$18 -> 3600 | AC14: =AA14*введ!C$22 -> 3600 | AE14: =IF(C14=1,D14,0) -> 180000 | AF14: =IF(C14>1,D14,0) -> 0
A15: 2 | B15: сид | C15: 3 | D15: 200000 | E15: =IF(C15>=3,0,IF((D15-P15)>введ!C$11,введ!C$11,IF((D15-P15)<=введ!C$11,D15-P15,0))) -> 0 | F15: =IF(AC15>0,AC15,0) -> 0 | J15: =IF(C15>=3,D15-I15,D15-I15-E15-P15-F15-H15-G15) -> 200000 | K15: =IF(C15=0,0,IF(C15>1,0,IF(D15<=введ!C$20*25,J15/100,J15/10))) -> 0 | L15: =IF(C15=0,0,IF(C15=1,0,IF(C15>=3,J15/10,IF(C15=2,IF(D15<=введ!C$20*25,J15/100,J15/10))))) -> 20000 | N15: =IF(C15=3,0,IF(O15=1,0,D15-M15)) -> 0 | P15: =N15*10% -> 0 | R15: =IF(C15=3,0,IF(O15=1,0,D15-P15-Q15)) -> 0 | S15: =IF(OR(R15<=0,),0,MIN(MAX(введ!$C$11,R15),введ!$C$14)) -> 0 | T15: =ROUND(S15*введ!C$15,0) -> 0 | V15: =ROUND(U15*0.05,0) -> 0 | W15: =IF(D15=0,0,1) -> 1 | Z15: =IF(C15=3,0,IF(O15=1,0,D15-X15)) -> 0 | AA15: =IF(OR(Z15<=0,),0,MIN(MIN(введ!$C$17,Z15),введ!$C$17)) -> 0 | AB15: =AA15*введ!C$18 -> 0 | AC15: =AA15*введ!C$22 -> 0 | AE15: =IF(C15=1,D15,0) -> 0 | AF15: =IF(C15>1,D15,0) -> 200000
A16: 3 | B16: кузнецов | C16: 2 | D16: 220000 | E16: =IF(C16>=3,0,IF((D16-P16)>введ!C$11,введ!C$11,IF((D16-P16)<=введ!C$11,D16-P16,0))) -> 42500 | F16: =IF(AC16>0,AC16,0) -> 4400 | J16: =IF(C16>=3,D16-I16,D16-I16-E16-P16-F16-H16-G16) -> 151100 | K16: =IF(C16=0,0,IF(C16>1,0,IF(D16<=введ!C$20*25,J16/100,J16/10))) -> 0 | L16: =IF(C16=0,0,IF(C16=1,0,IF(C16>=3,J16/10,IF(C16=2,IF(D16<=введ!C$20*25,J16/100,J16/10))))) -> 15110 | N16: =IF(C16=3,0,IF(O16=1,0,D16-M16)) -> 220000 | P16: =N16*10% -> 22000 | R16: =IF(C16=3,0,IF(O16=1,0,D16-P16-Q16)) -> 198000 | S16: =IF(OR(R16<=0,),0,MIN(MAX(введ!$C$11,R16),введ!$C$14)) -> 198000 | T16: =ROUND(S16*введ!C$15,0) -> 6930 | V16: =ROUND(U16*0.05,0) -> 0 | W16: =IF(D16=0,0,1) -> 1 | Z16: =IF(C16=3,0,IF(O16=1,0,D16-X16)) -> 220000 | AA16: =IF(OR(Z16<=0,),0,MIN(MIN(введ!$C$17,Z16),введ!$C$17)) -> 220000 | AB16: =AA16*введ!C$18 -> 4400 | AC16: =AA16*введ!C$22 -> 4400 | AE16: =IF(C16=1,D16,0) -> 0 | AF16: =IF(C16>1,D16,0) -> 220000
A17: 4 | E17: =IF(C17>=3,0,IF((D17-P17)>введ!C$11,введ!C$11,IF((D17-P17)<=введ!C$11,D17-P17,0))) -> 0 | F17: =IF(AC17>0,AC17,0) -> 0 | J17: =IF(C17>=3,D17-I17,D17-I17-E17-P17-F17-H17-G17) -> 0 | K17: =IF(C17=0,0,IF(C17>1,0,IF(D17<=введ!C$20*25,J17/100,J17/10))) -> 0 | L17: =IF(C17=0,0,IF(C17=1,0,IF(C17>=3,J17/10,IF(C17=2,IF(D17<=введ!C$20*25,J17/100,J17/10))))) -> 0 | N17: =IF(C17=3,0,IF(O17=1,0,D17-M17)) -> 0 | P17: =N17*10% -> 0 | R17: =IF(C17=3,0,IF(O17=1,0,D17-P17-Q17)) -> 0 | S17: =IF(OR(R17<=0,),0,MIN(MAX(введ!$C$11,R17),введ!$C$14)) -> 0 | T17: =ROUND(S17*введ!C$15,0) -> 0 | V17: =ROUND(U17*0.05,0) -> 0 | W17: =IF(D17=0,0,1) -> 0 | Z17: =IF(C17=3,0,IF(O17=1,0,D17-X17)) -> 0 | AA17: =IF(OR(Z17<=0,),0,MIN(MIN(введ!$C$17,Z17),введ!$C$17)) -> 0 | AB17: =AA17*введ!C$18 -> 0 | AC17: =AA17*введ!C$22 -> 0 | AE17: =IF(C17=1,D17,0) -> 0 | AF17: =IF(C17>1,D17,0) -> 0
A18: 5 | E18: =IF(C18>=3,0,IF((D18-P18)>введ!C$11,введ!C$11,IF((D18-P18)<=введ!C$11,D18-P18,0))) -> 0 | F18: =IF(AC18>0,AC18,0) -> 0 | J18: =IF(C18>=3,D18-I18,D18-I18-E18-P18-F18-H18-G18) -> 0 | K18: =IF(C18=0,0,IF(C18>1,0,IF(D18<=введ!C$20*25,J18/100,J18/10))) -> 0 | L18: =IF(C18=0,0,IF(C18=1,0,IF(C18>=3,J18/10,IF(C18=2,IF(D18<=введ!C$20*25,J18/100,J18/10))))) -> 0 | N18: =IF(C18=3,0,IF(O18=1,0,D18-M18)) -> 0 | P18: =N18*10% -> 0 | R18: =IF(C18=3,0,IF(O18=1,0,D18-P18-Q18)) -> 0 | S18: =IF(OR(R18<=0,),0,MIN(MAX(введ!$C$11,R18),введ!$C$14)) -> 0 | T18: =ROUND(S18*введ!C$15,0) -> 0 | V18: =ROUND(U18*0.05,0) -> 0 | W18: =IF(D18=0,0,1) -> 0 | Z18: =IF(C18=3,0,IF(O18=1,0,D18-X18)) -> 0 | AA18: =IF(OR(Z18<=0,),0,MIN(MIN(введ!$C$17,Z18),введ!$C$17)) -> 0 | AB18: =AA18*введ!C$18 -> 0 | AC18: =AA18*введ!C$22 -> 0 | AE18: =IF(C18=1,D18,0) -> 0 | AF18: =IF(C18>1,D18,0) -> 0
A19: 6 | E19: =IF(C19>=3,0,IF((D19-P19)>введ!C$11,введ!C$11,IF((D19-P19)<=введ!C$11,D19-P19,0))) -> 0 | F19: =IF(AC19>0,AC19,0) -> 0 | J19: =IF(C19>=3,D19-I19,D19-I19-E19-P19-F19-H19-G19) -> 0 | K19: =IF(C19=0,0,IF(C19>1,0,IF(D19<=введ!C$20*25,J19/100,J19/10))) -> 0 | L19: =IF(C19=0,0,IF(C19=1,0,IF(C19>=3,J19/10,IF(C19=2,IF(D19<=введ!C$20*25,J19/100,J19/10))))) -> 0 | N19: =IF(C19=3,0,IF(O19=1,0,D19-M19)) -> 0 | P19: =N19*10% -> 0 | R19: =IF(C19=3,0,IF(O19=1,0,D19-P19-Q19)) -> 0 | S19: =IF(OR(R19<=0,),0,MIN(MAX(введ!$C$11,R19),введ!$C$14)) -> 0 | T19: =ROUND(S19*введ!C$15,0) -> 0 | V19: =ROUND(U19*0.05,0) -> 0 | W19: =IF(D19=0,0,1) -> 0 | Z19: =IF(C19=3,0,IF(O19=1,0,D19-X19)) -> 0 | AA19: =IF(OR(Z19<=0,),0,MIN(MIN(введ!$C$17,Z19),введ!$C$17)) -> 0 | AB19: =AA19*введ!C$18 -> 0 | AC19: =AA19*введ!C$22 -> 0 | AE19: =IF(C19=1,D19,0) -> 0 | AF19: =IF(C19>1,D19,0) -> 0
A20: 7 | E20: =IF(C20>=3,0,IF((D20-P20)>введ!C$11,введ!C$11,IF((D20-P20)<=введ!C$11,D20-P20,0))) -> 0 | F20: =IF(AC20>0,AC20,0) -> 0 | J20: =IF(C20>=3,D20-I20,D20-I20-E20-P20-F20-H20-G20) -> 0 | K20: =IF(C20=0,0,IF(C20>1,0,IF(D20<=введ!C$20*25,J20/100,J20/10))) -> 0 | L20: =IF(C20=0,0,IF(C20=1,0,IF(C20>=3,J20/10,IF(C20=2,IF(D20<=введ!C$20*25,J20/100,J20/10))))) -> 0 | N20: =IF(C20=3,0,IF(O20=1,0,D20-M20)) -> 0 | P20: =N20*10% -> 0 | R20: =IF(C20=3,0,IF(O20=1,0,D20-P20-Q20)) -> 0 | S20: =IF(OR(R20<=0,),0,MIN(MAX(введ!$C$11,R20),введ!$C$14)) -> 0 | T20: =ROUND(S20*введ!C$15,0) -> 0 | V20: =ROUND(U20*0.05,0) -> 0 | W20: =IF(D20=0,0,1) -> 0 | Z20: =IF(C20=3,0,IF(O20=1,0,D20-X20)) -> 0 | AA20: =IF(OR(Z20<=0,),0,MIN(MIN(введ!$C$17,Z20),введ!$C$17)) -> 0 | AB20: =AA20*введ!C$18 -> 0 | AC20: =AA20*введ!C$22 -> 0 | AE20: =IF(C20=1,D20,0) -> 0 | AF20: =IF(C20>1,D20,0) -> 0
A21: 8 | E21: =IF(C21>=3,0,IF((D21-P21)>введ!C$11,введ!C$11,IF((D21-P21)<=введ!C$11,D21-P21,0))) -> 0 | F21: =IF(AC21>0,AC21,0) -> 0 | J21: =IF(C21>=3,D21-I21,D21-I21-E21-P21-F21-H21-G21) -> 0 | K21: =IF(C21=0,0,IF(C21>1,0,IF(D21<=введ!C$20*25,J21/100,J21/10))) -> 0 | L21: =IF(C21=0,0,IF(C21=1,0,IF(C21>=3,J21/10,IF(C21=2,IF(D21<=введ!C$20*25,J21/100,J21/10))))) -> 0 | N21: =IF(C21=3,0,IF(O21=1,0,D21-M21)) -> 0 | P21: =N21*10% -> 0 | R21: =IF(C21=3,0,IF(O21=1,0,D21-P21-Q21)) -> 0 | S21: =IF(OR(R21<=0,),0,MIN(MAX(введ!$C$11,R21),введ!$C$14)) -> 0 | T21: =ROUND(S21*введ!C$15,0) -> 0 | V21: =ROUND(U21*0.05,0) -> 0 | W21: =IF(D21=0,0,1) -> 0 | Z21: =IF(C21=3,0,IF(O21=1,0,D21-X21)) -> 0 | AA21: =IF(OR(Z21<=0,),0,MIN(MIN(введ!$C$17,Z21),введ!$C$17)) -> 0 | AB21: =AA21*введ!C$18 -> 0 | AC21: =AA21*введ!C$22 -> 0 | AE21: =IF(C21=1,D21,0) -> 0 | AF21: =IF(C21>1,D21,0) -> 0
A22: 9 | E22: =IF(C22>=3,0,IF((D22-P22)>введ!C$11,введ!C$11,IF((D22-P22)<=введ!C$11,D22-P22,0))) -> 0 | F22: =IF(AC22>0,AC22,0) -> 0 | J22: =IF(C22>=3,D22-I22,D22-I22-E22-P22-F22-H22-G22) -> 0 | K22: =IF(C22=0,0,IF(C22>1,0,IF(D22<=введ!C$20*25,J22/100,J22/10))) -> 0 | L22: =IF(C22=0,0,IF(C22=1,0,IF(C22>=3,J22/10,IF(C22=2,IF(D22<=введ!C$20*25,J22/100,J22/10))))) -> 0 | N22: =IF(C22=3,0,IF(O22=1,0,D22-M22)) -> 0 | P22: =N22*10% -> 0 | R22: =IF(C22=3,0,IF(O22=1,0,D22-P22-Q22)) -> 0 | S22: =IF(OR(R22<=0,),0,MIN(MAX(введ!$C$11,R22),введ!$C$14)) -> 0 | T22: =ROUND(S22*введ!C$15,0) -> 0 | V22: =ROUND(U22*0.05,0) -> 0 | W22: =IF(D22=0,0,1) -> 0 | Z22: =IF(C22=3,0,IF(O22=1,0,D22-X22)) -> 0 | AA22: =IF(OR(Z22<=0,),0,MIN(MIN(введ!$C$17,Z22),введ!$C$17)) -> 0 | AB22: =AA22*введ!C$18 -> 0 | AC22: =AA22*введ!C$22 -> 0 | AE22: =IF(C22=1,D22,0) -> 0 | AF22: =IF(C22>1,D22,0) -> 0
A23: 10 | E23: =IF(C23>=3,0,IF((D23-P23)>введ!C$11,введ!C$11,IF((D23-P23)<=введ!C$11,D23-P23,0))) -> 0 | F23: =IF(AC23>0,AC23,0) -> 0 | J23: =IF(C23>=3,D23-I23,D23-I23-E23-P23-F23-H23-G23) -> 0 | K23: =IF(C23=0,0,IF(C23>1,0,IF(D23<=введ!C$20*25,J23/100,J23/10))) -> 0 | L23: =IF(C23=0,0,IF(C23=1,0,IF(C23>=3,J23/10,IF(C23=2,IF(D23<=введ!C$20*25,J23/100,J23/10))))) -> 0 | N23: =IF(C23=3,0,IF(O23=1,0,D23-M23)) -> 0 | P23: =N23*10% -> 0 | R23: =IF(C23=3,0,IF(O23=1,0,D23-P23-Q23)) -> 0 | S23: =IF(OR(R23<=0,),0,MIN(MAX(введ!$C$11,R23),введ!$C$14)) -> 0 | T23: =ROUND(S23*введ!C$15,0) -> 0 | V23: =ROUND(U23*0.05,0) -> 0 | W23: =IF(D23=0,0,1) -> 0 | Z23: =IF(C23=3,0,IF(O23=1,0,D23-X23)) -> 0 | AA23: =IF(OR(Z23<=0,),0,MIN(MIN(введ!$C$17,Z23),введ!$C$17)) -> 0 | AB23: =AA23*введ!C$18 -> 0 | AC23: =AA23*введ!C$22 -> 0 | AE23: =IF(C23=1,D23,0) -> 0 | AF23: =IF(C23>1,D23,0) -> 0
A24: 11 | E24: =IF(C24>=3,0,IF((D24-P24)>введ!C$11,введ!C$11,IF((D24-P24)<=введ!C$11,D24-P24,0))) -> 0 | F24: =IF(AC24>0,AC24,0) -> 0 | J24: =IF(C24>=3,D24-I24,D24-I24-E24-P24-F24-H24-G24) -> 0 | K24: =IF(C24=0,0,IF(C24>1,0,IF(D24<=введ!C$20*25,J24/100,J24/10))) -> 0 | L24: =IF(C24=0,0,IF(C24=1,0,IF(C24>=3,J24/10,IF(C24=2,IF(D24<=введ!C$20*25,J24/100,J24/10))))) -> 0 | N24: =IF(C24=3,0,IF(O24=1,0,D24-M24)) -> 0 | P24: =N24*10% -> 0 | R24: =IF(C24=3,0,IF(O24=1,0,D24-P24-Q24)) -> 0 | S24: =IF(OR(R24<=0,),0,MIN(MAX(введ!$C$11,R24),введ!$C$14)) -> 0 | T24: =ROUND(S24*введ!C$15,0) -> 0 | V24: =ROUND(U24*0.05,0) -> 0 | W24: =IF(D24=0,0,1) -> 0 | Z24: =IF(C24=3,0,IF(O24=1,0,D24-X24)) -> 0 | AA24: =IF(OR(Z24<=0,),0,MIN(MIN(введ!$C$17,Z24),введ!$C$17)) -> 0 | AB24: =AA24*введ!C$18 -> 0 | AC24: =AA24*введ!C$22 -> 0 | AE24: =IF(C24=1,D24,0) -> 0 | AF24: =IF(C24>1,D24,0) -> 0
A25: 12 | E25: =IF(C25>=3,0,IF((D25-P25)>введ!C$11,введ!C$11,IF((D25-P25)<=введ!C$11,D25-P25,0))) -> 0 | F25: =IF(AC25>0,AC25,0) -> 0 | J25: =IF(C25>=3,D25-I25,D25-I25-E25-P25-F25-H25-G25) -> 0 | K25: =IF(C25=0,0,IF(C25>1,0,IF(D25<=введ!C$20*25,J25/100,J25/10))) -> 0 | L25: =IF(C25=0,0,IF(C25=1,0,IF(C25>=3,J25/10,IF(C25=2,IF(D25<=введ!C$20*25,J25/100,J25/10))))) -> 0 | N25: =IF(C25=3,0,IF(O25=1,0,D25-M25)) -> 0 | P25: =N25*10% -> 0 | R25: =IF(C25=3,0,IF(O25=1,0,D25-P25-Q25)) -> 0 | S25: =IF(OR(R25<=0,),0,MIN(MAX(введ!$C$11,R25),введ!$C$14)) -> 0 | T25: =ROUND(S25*введ!C$15,0) -> 0 | V25: =ROUND(U25*0.05,0) -> 0 | W25: =IF(D25=0,0,1) -> 0 | Z25: =IF(C25=3,0,IF(O25=1,0,D25-X25)) -> 0 | AA25: =IF(OR(Z25<=0,),0,MIN(MIN(введ!$C$17,Z25),введ!$C$17)) -> 0 | AB25: =AA25*введ!C$18 -> 0 | AC25: =AA25*введ!C$22 -> 0 | AE25: =IF(C25=1,D25,0) -> 0 | AF25: =IF(C25>1,D25,0) -> 0
A26: Итого: | D26: =SUM(D14:D25) -> 600000 | E26: =SUM(E14:E25) -> 85000 | F26: =SUM(F14:F25) -> 8000 | G26: =SUM(G14:G25) -> 0 | H26: =SUM(H14:H25) -> 0 | I26: =SUM(I14:I25) -> 0 | J26: =SUM(J14:J25) -> 467000 | K26: =SUM(K14:K25) -> 11590 | ... AC26: =SUM(AC14:AC25) -> 8000 | AD26: =IF(D26>0,D26/W26,0) -> 200000 | AE26: =SUM(AE14:AE25) -> 180000 | AF26: =SUM(AF14:AF25) -> 420000
A28: (Ф.И.О., подпись руководителя (налогоплательщика), печать)
A31: (Ф.И.О., подпись главного бухгалтера )
A34: (Ф.И.О., подпись лица, ответственного за составление налогового регистра)
A37: (Дата составления налогового регистра)

Sheet 2.6
D2: Форма 910.00
A4: Наименование налогоплательщика
A6: 1 | B6: РНН
A7: 2 | B7: ИИН (БИН) | D7: ='910.00'!D8 -> 111111111111
A8: 3 | B8: Налоговый период: месяц Год | D8: =IF('910.00'!L12=1,"июнь","декабрь") -> июнь | E8: ='910.00'!O12 -> 2021
A10: Налоговый регистр: "Начисленные доходы работникам для целей налогообложения в шестом месяце полугодия"
A13: № п/п | B13: Ф.И.О. работника | C13: Признак резиденства: гражданин РК - 1; иностранный гражданин резидент - 2; иностранный гражданин нерезидент - 3; гражданин ЕАЭС - 4 | D13: начисленный доход | E13: примененный вычет 1 МЗП | F13: вычет взносов ОСМС | G13: прочие стандартные вычеты | H13: прочие вычеты | I13: Доходы, не облагаемые ИПН (корректировка) | J13: Доходы, облагаемые ИПН | K13: Индивидуальный подоходный налог с доходов граждан РК | L13: Индивидуальный подоходный налог с доходов иностранцев и лиц без гражданства | M13: Доходы, не облагаемые ОПВ | N13: Доход для исчисления обязательных пенсионных взносов | O13: Пенсионер (если да, то нужно поставить 1) | P13: Обязательные пенсионные взносы | Q13: Доходы не облагаемые СО | R13: Предварительный расчет объекта для исчисления СО | S13: Доход для исчисления социальных очтислений | T13: Обязательные социальные отчисления | U13: Доход для исчисления обязательных профессиональных пенсионных взносов | V13: Обязательные профессиональные пенсионные взносы | W13: Численность работников | X13: Доходы не принимаемые для исчисления ОСМС | Z13: Предварительный расчет объекта для исчисления ОСМС | AA13: Доходы принимаемые для исчисления ОСМС | AB13: Сумма отчислений на обязательное социальное медицинское страхование, к уплате | AC13: Сумма взносов на обязательное социальное медицинское страхование, к уплате | AD13: Среднемесячная заработная плата на одного работника | AE13: Доход граждане РК | AF13: Доход иностранцев
A14: 1 | B14: петров | C14: 1 | D14: 180000 | E14: =IF(C14>=3,0,IF((D14-P14)>введ!C$11,введ!C$11,IF((D14-P14)<=введ!C$11,D14-P14,0))) -> 42500 | F14: =IF(AC14>0,AC14,0) -> 3600 | J14: =IF(C14>=3,D14-I14,D14-I14-E14-P14-F14-H14-G14) -> 115900 | K14: =IF(C14=0,0,IF(C14>1,0,IF(D14<=введ!C$20*25,J14/100,J14/10))) -> 11590 | L14: =IF(C14=0,0,IF(C14=1,0,IF(C14>=3,J14/10,IF(C14=2,IF(D14<=введ!C$20*25,J14/100,J14/10))))) -> 0 | N14: =IF(C14=3,0,IF(O14=1,0,D14-M14)) -> 180000 | P14: =N14*10% -> 18000 | R14: =IF(C14=3,0,IF(O14=1,0,D14-P14-Q14)) -> 162000 | S14: =IF(OR(R14<=0,),0,MIN(MAX(введ!$C$11,R14),введ!$C$14)) -> 162000 | T14: =ROUND(S14*введ!C$15,0) -> 5670 | V14: =ROUND(U14*0.05,0) -> 0 | W14: =IF(D14=0,0,1) -> 1 | Z14: =IF(C14=3,0,IF(O14=1,0,D14-X14)) -> 180000 | AA14: =IF(OR(Z14<=0,),0,MIN(MIN(введ!$C$17,Z14),введ!$C$17)) -> 180000 | AB14: =AA14*введ!C$18 -> 3600 | AC14: =AA14*введ!C$22 -> 3600 | AE14: =IF(C14=1,D14,0) -> 180000 | AF14: =IF(C14>1,D14,0) -> 0
A15: 2 | B15: сид | C15: 3 | D15: 200000 | E15: =IF(C15>=3,0,IF((D15-P15)>введ!C$11,введ!C$11,IF((D15-P15)<=введ!C$11,D15-P15,0))) -> 0 | F15: =IF(AC15>0,AC15,0) -> 0 | J15: =IF(C15>=3,D15-I15,D15-I15-E15-P15-F15-H15-G15) -> 200000 | K15: =IF(C15=0,0,IF(C15>1,0,IF(D15<=введ!C$20*25,J15/100,J15/10))) -> 0 | L15: =IF(C15=0,0,IF(C15=1,0,IF(C15>=3,J15/10,IF(C15=2,IF(D15<=введ!C$20*25,J15/100,J15/10))))) -> 20000 | N15: =IF(C15=3,0,IF(O15=1,0,D15-M15)) -> 0 | P15: =N15*10% -> 0 | R15: =IF(C15=3,0,IF(O15=1,0,D15-P15-Q15)) -> 0 | S15: =IF(OR(R15<=0,),0,MIN(MAX(введ!$C$11,R15),введ!$C$14)) -> 0 | T15: =ROUND(S15*введ!C$15,0) -> 0 | V15: =ROUND(U15*0.05,0) -> 0 | W15: =IF(D15=0,0,1) -> 1 | Z15: =IF(C15=3,0,IF(O15=1,0,D15-X15)) -> 0 | AA15: =IF(OR(Z15<=0,),0,MIN(MIN(введ!$C$17,Z15),введ!$C$17)) -> 0 | AB15: =AA15*введ!C$18 -> 0 | AC15: =AA15*введ!C$22 -> 0 | AE15: =IF(C15=1,D15,0) -> 0 | AF15: =IF(C15>1,D15,0) -> 200000
A16: 3 | B16: кузнецов | C16: 2 | D16: 220000 | E16: =IF(C16>=3,0,IF((D16-P16)>введ!C$11,введ!C$11,IF((D16-P16)<=введ!C$11,D16-P16,0))) -> 42500 | F16: =IF(AC16>0,AC16,0) -> 4400 | J16: =IF(C16>=3,D16-I16,D16-I16-E16-P16-F16-H16-G16) -> 151100 | K16: =IF(C16=0,0,IF(C16>1,0,IF(D16<=введ!C$20*25,J16/100,J16/10))) -> 0 | L16: =IF(C16=0,0,IF(C16=1,0,IF(C16>=3,J16/10,IF(C16=2,IF(D16<=введ!C$20*25,J16/100,J16/10))))) -> 15110 | N16: =IF(C16=3,0,IF(O16=1,0,D16-M16)) -> 220000 | P16: =N16*10% -> 22000 | R16: =IF(C16=3,0,IF(O16=1,0,D16-P16-Q16)) -> 198000 | S16: =IF(OR(R16<=0,),0,MIN(MAX(введ!$C$11,R16),введ!$C$14)) -> 198000 | T16: =ROUND(S16*введ!C$15,0) -> 6930 | V16: =ROUND(U16*0.05,0) -> 0 | W16: =IF(D16=0,0,1) -> 1 | Z16: =IF(C16=3,0,IF(O16=1,0,D16-X16)) -> 220000 | AA16: =IF(OR(Z16<=0,),0,MIN(MIN(введ!$C$17,Z16),введ!$C$17)) -> 220000 | AB16: =AA16*введ!C$18 -> 4400 | AC16: =AA16*введ!C$22 -> 4400 | AE16: =IF(C16=1,D16,0) -> 0 | AF16: =IF(C16>1,D16,0) -> 220000
A17: 4 | E17: =IF(C17>=3,0,IF((D17-P17)>введ!C$11,введ!C$11,IF((D17-P17)<=введ!C$11,D17-P17,0))) -> 0 | F17: =IF(AC17>0,AC17,0) -> 0 | J17: =IF(C17>=3,D17-I17,D17-I17-E17-P17-F17-H17-G17) -> 0 | K17: =IF(C17=0,0,IF(C17>1,0,IF(D17<=введ!C$20*25,J17/100,J17/10))) -> 0 | L17: =IF(C17=0,0,IF(C17=1,0,IF(C17>=3,J17/10,IF(C17=2,IF(D17<=введ!C$20*25,J17/100,J17/10))))) -> 0 | N17: =IF(C17=3,0,IF(O17=1,0,D17-M17)) -> 0 | P17: =N17*10% -> 0 | R17: =IF(C17=3,0,IF(O17=1,0,D17-P17-Q17)) -> 0 | S17: =IF(OR(R17<=0,),0,MIN(MAX(введ!$C$11,R17),введ!$C$14)) -> 0 | T17: =ROUND(S17*введ!C$15,0) -> 0 | V17: =ROUND(U17*0.05,0) -> 0 | W17: =IF(D17=0,0,1) -> 0 | Z17: =IF(C17=3,0,IF(O17=1,0,D17-X17)) -> 0 | AA17: =IF(OR(Z17<=0,),0,MIN(MIN(введ!$C$17,Z17),введ!$C$17)) -> 0 | AB17: =AA17*введ!C$18 -> 0 | AC17: =AA17*введ!C$22 -> 0 | AE17: =IF(C17=1,D17,0) -> 0 | AF17: =IF(C17>1,D17,0) -> 0
A18: 5 | E18: =IF(C18>=3,0,IF((D18-P18)>введ!C$11,введ!C$11,IF((D18-P18)<=введ!C$11,D18-P18,0))) -> 0 | F18: =IF(AC18>0,AC18,0) -> 0 | J18: =IF(C18>=3,D18-I18,D18-I18-E18-P18-F18-H18-G18) -> 0 | K18: =IF(C18=0,0,IF(C18>1,0,IF(D18<=введ!C$20*25,J18/100,J18/10))) -> 0 | L18: =IF(C18=0,0,IF(C18=1,0,IF(C18>=3,J18/10,IF(C18=2,IF(D18<=введ!C$20*25,J18/100,J18/10))))) -> 0 | N18: =IF(C18=3,0,IF(O18=1,0,D18-M18)) -> 0 | P18: =N18*10% -> 0 | R18: =IF(C18=3,0,IF(O18=1,0,D18-P18-Q18)) -> 0 | S18: =IF(OR(R18<=0,),0,MIN(MAX(введ!$C$11,R18),введ!$C$14)) -> 0 | T18: =ROUND(S18*введ!C$15,0) -> 0 | V18: =ROUND(U18*0.05,0) -> 0 | W18: =IF(D18=0,0,1) -> 0 | Z18: =IF(C18=3,0,IF(O18=1,0,D18-X18)) -> 0 | AA18: =IF(OR(Z18<=0,),0,MIN(MIN(введ!$C$17,Z18),введ!$C$17)) -> 0 | AB18: =AA18*введ!C$18 -> 0 | AC18: =AA18*введ!C$22 -> 0 | AE18: =IF(C18=1,D18,0) -> 0 | AF18: =IF(C18>1,D18,0) -> 0
A19: 6 | E19: =IF(C19>=3,0,IF((D19-P19)>введ!C$11,введ!C$11,IF((D19-P19)<=введ!C$11,D19-P19,0))) -> 0 | F19: =IF(AC19>0,AC19,0) -> 0 | J19: =IF(C19>=3,D19-I19,D19-I19-E19-P19-F19-H19-G19) -> 0 | K19: =IF(C19=0,0,IF(C19>1,0,IF(D19<=введ!C$20*25,J19/100,J19/10))) -> 0 | L19: =IF(C19=0,0,IF(C19=1,0,IF(C19>=3,J19/10,IF(C19=2,IF(D19<=введ!C$20*25,J19/100,J19/10))))) -> 0 | N19: =IF(C19=3,0,IF(O19=1,0,D19-M19)) -> 0 | P19: =N19*10% -> 0 | R19: =IF(C19=3,0,IF(O19=1,0,D19-P19-Q19)) -> 0 | S19: =IF(OR(R19<=0,),0,MIN(MAX(введ!$C$11,R19),введ!$C$14)) -> 0 | T19: =ROUND(S19*введ!C$15,0) -> 0 | V19: =ROUND(U19*0.05,0) -> 0 | W19: =IF(D19=0,0,1) -> 0 | Z19: =IF(C19=3,0,IF(O19=1,0,D19-X19)) -> 0 | AA19: =IF(OR(Z19<=0,),0,MIN(MIN(введ!$C$17,Z19),введ!$C$17)) -> 0 | AB19: =AA19*введ!C$18 -> 0 | AC19: =AA19*введ!C$22 -> 0 | AE19: =IF(C19=1,D19,0) -> 0 | AF19: =IF(C19>1,D19,0) -> 0
A20: 7 | E20: =IF(C20>=3,0,IF((D20-P20)>введ!C$11,введ!C$11,IF((D20-P20)<=введ!C$11,D20-P20,0))) -> 0 | F20: =IF(AC20>0,AC20,0) -> 0 | J20: =IF(C20>=3,D20-I20,D20-I20-E20-P20-F20-H20-G20) -> 0 | K20: =IF(C20=0,0,IF(C20>1,0,IF(D20<=введ!C$20*25,J20/100,J20/10))) -> 0 | L20: =IF(C20=0,0,IF(C20=1,0,IF(C20>=3,J20/10,IF(C20=2,IF(D20<=введ!C$20*25,J20/100,J20/10))))) -> 0 | N20: =IF(C20=3,0,IF(O20=1,0,D20-M20)) -> 0 | P20: =N20*10% -> 0 | R20: =IF(C20=3,0,IF(O20=1,0,D20-P20-Q20)) -> 0 | S20: =IF(OR(R20<=0,),0,MIN(MAX(введ!$C$11,R20),введ!$C$14)) -> 0 | T20: =ROUND(S20*введ!C$15,0) -> 0 | V20: =ROUND(U20*0.05,0) -> 0 | W20: =IF(D20=0,0,1) -> 0 | Z20: =IF(C20=3,0,IF(O20=1,0,D20-X20)) -> 0 | AA20: =IF(OR(Z20<=0,),0,MIN(MIN(введ!$C$17,Z20),введ!$C$17)) -> 0 | AB20: =AA20*введ!C$18 -> 0 | AC20: =AA20*введ!C$22 -> 0 | AE20: =IF(C20=1,D20,0) -> 0 | AF20: =IF(C20>1,D20,0) -> 0
A21: 8 | E21: =IF(C21>=3,0,IF((D21-P21)>введ!C$11,введ!C$11,IF((D21-P21)<=введ!C$11,D21-P21,0))) -> 0 | F21: =IF(AC21>0,AC21,0) -> 0 | J21: =IF(C21>=3,D21-I21,D21-I21-E21-P21-F21-H21-G21) -> 0 | K21: =IF(C21=0,0,IF(C21>1,0,IF(D21<=введ!C$20*25,J21/100,J21/10))) -> 0 | L21: =IF(C21=0,0,IF(C21=1,0,IF(C21>=3,J21/10,IF(C21=2,IF(D21<=введ!C$20*25,J21/100,J21/10))))) -> 0 | N21: =IF(C21=3,0,IF(O21=1,0,D21-M21)) -> 0 | P21: =N21*10% -> 0 | R21: =IF(C21=3,0,IF(O21=1,0,D21-P21-Q21)) -> 0 | S21: =IF(OR(R21<=0,),0,MIN(MAX(введ!$C$11,R21),введ!$C$14)) -> 0 | T21: =ROUND(S21*введ!C$15,0) -> 0 | V21: =ROUND(U21*0.05,0) -> 0 | W21: =IF(D21=0,0,1) -> 0 | Z21: =IF(C21=3,0,IF(O21=1,0,D21-X21)) -> 0 | AA21: =IF(OR(Z21<=0,),0,MIN(MIN(введ!$C$17,Z21),введ!$C$17)) -> 0 | AB21: =AA21*введ!C$18 -> 0 | AC21: =AA21*введ!C$22 -> 0 | AE21: =IF(C21=1,D21,0) -> 0 | AF21: =IF(C21>1,D21,0) -> 0
A22: 9 | E22: =IF(C22>=3,0,IF((D22-P22)>введ!C$11,введ!C$11,IF((D22-P22)<=введ!C$11,D22-P22,0))) -> 0 | F22: =IF(AC22>0,AC22,0) -> 0 | J22: =IF(C22>=3,D22-I22,D22-I22-E22-P22-F22-H22-G22) -> 0 | K22: =IF(C22=0,0,IF(C22>1,0,IF(D22<=введ!C$20*25,J22/100,J22/10))) -> 0 | L22: =IF(C22=0,0,IF(C22=1,0,IF(C22>=3,J22/10,IF(C22=2,IF(D22<=введ!C$20*25,J22/100,J22/10))))) -> 0 | N22: =IF(C22=3,0,IF(O22=1,0,D22-M22)) -> 0 | P22: =N22*10% -> 0 | R22: =IF(C22=3,0,IF(O22=1,0,D22-P22-Q22)) -> 0 | S22: =IF(OR(R22<=0,),0,MIN(MAX(введ!$C$11,R22),введ!$C$14)) -> 0 | T22: =ROUND(S22*введ!C$15,0) -> 0 | V22: =ROUND(U22*0.05,0) -> 0 | W22: =IF(D22=0,0,1) -> 0 | Z22: =IF(C22=3,0,IF(O22=1,0,D22-X22)) -> 0 | AA22: =IF(OR(Z22<=0,),0,MIN(MIN(введ!$C$17,Z22),введ!$C$17)) -> 0 | AB22: =AA22*введ!C$18 -> 0 | AC22: =AA22*введ!C$22 -> 0 | AE22: =IF(C22=1,D22,0) -> 0 | AF22: =IF(C22>1,D22,0) -> 0
A23: 10 | E23: =IF(C23>=3,0,IF((D23-P23)>введ!C$11,введ!C$11,IF((D23-P23)<=введ!C$11,D23-P23,0))) -> 0 | F23: =IF(AC23>0,AC23,0) -> 0 | J23: =IF(C23>=3,D23-I23,D23-I23-E23-P23-F23-H23-G23) -> 0 | K23: =IF(C23=0,0,IF(C23>1,0,IF(D23<=введ!C$20*25,J23/100,J23/10))) -> 0 | L23: =IF(C23=0,0,IF(C23=1,0,IF(C23>=3,J23/10,IF(C23=2,IF(D23<=введ!C$20*25,J23/100,J23/10))))) -> 0 | N23: =IF(C23=3,0,IF(O23=1,0,D23-M23)) -> 0 | P23: =N23*10% -> 0 | R23: =IF(C23=3,0,IF(O23=1,0,D23-P23-Q23)) -> 0 | S23: =IF(OR(R23<=0,),0,MIN(MAX(введ!$C$11,R23),введ!$C$14)) -> 0 | T23: =ROUND(S23*введ!C$15,0) -> 0 | V23: =ROUND(U23*0.05,0) -> 0 | W23: =IF(D23=0,0,1) -> 0 | Z23: =IF(C23=3,0,IF(O23=1,0,D23-X23)) -> 0 | AA23: =IF(OR(Z23<=0,),0,MIN(MIN(введ!$C$17,Z23),введ!$C$17)) -> 0 | AB23: =AA23*введ!C$18 -> 0 | AC23: =AA23*введ!C$22 -> 0 | AE23: =IF(C23=1,D23,0) -> 0 | AF23: =IF(C23>1,D23,0) -> 0
A24: 11 | E24: =IF(C24>=3,0,IF((D24-P24)>введ!C$11,введ!C$11,IF((D24-P24)<=введ!C$11,D24-P24,0))) -> 0 | F24: =IF(AC24>0,AC24,0) -> 0 | J24: =IF(C24>=3,D24-I24,D24-I24-E24-P24-F24-H24-G24) -> 0 | K24: =IF(C24=0,0,IF(C24>1,0,IF(D24<=введ!C$20*25,J24/100,J24/10))) -> 0 | L24: =IF(C24=0,0,IF(C24=1,0,IF(C24>=3,J24/10,IF(C24=2,IF(D24<=введ!C$20*25,J24/100,J24/10))))) -> 0 | N24: =IF(C24=3,0,IF(O24=1,0,D24-M24)) -> 0 | P24: =N24*10% -> 0 | R24: =IF(C24=3,0,IF(O24=1,0,D24-P24-Q24)) -> 0 | S24: =IF(OR(R24<=0,),0,MIN(MAX(введ!$C$11,R24),введ!$C$14)) -> 0 | T24: =ROUND(S24*введ!C$15,0) -> 0 | V24: =ROUND(U24*0.05,0) -> 0 | W24: =IF(D24=0,0,1) -> 0 | Z24: =IF(C24=3,0,IF(O24=1,0,D24-X24)) -> 0 | AA24: =IF(OR(Z24<=0,),0,MIN(MIN(введ!$C$17,Z24),введ!$C$17)) -> 0 | AB24: =AA24*введ!C$18 -> 0 | AC24: =AA24*введ!C$22 -> 0 | AE24: =IF(C24=1,D24,0) -> 0 | AF24: =IF(C24>1,D24,0) -> 0
A25: 12 | E25: =IF(C25>=3,0,IF((D25-P25)>введ!C$11,введ!C$11,IF((D25-P25)<=введ!C$11,D25-P25,0))) -> 0 | F25: =IF(AC25>0,AC25,0) -> 0 | J25: =IF(C25>=3,D25-I25,D25-I25-E25-P25-F25-H25-G25) -> 0 | K25: =IF(C25=0,0,IF(C25>1,0,IF(D25<=введ!C$20*25,J25/100,J25/10))) -> 0 | L25: =IF(C25=0,0,IF(C25=1,0,IF(C25>=3,J25/10,IF(C25=2,IF(D25<=введ!C$20*25,J25/100,J25/10))))) -> 0 | N25: =IF(C25=3,0,IF(O25=1,0,D25-M25)) -> 0 | P25: =N25*10% -> 0 | R25: =IF(C25=3,0,IF(O25=1,0,D25-P25-Q25)) -> 0 | S25: =IF(OR(R25<=0,),0,MIN(MAX(введ!$C$11,R25),введ!$C$14)) -> 0 | T25: =ROUND(S25*введ!C$15,0) -> 0 | V25: =ROUND(U25*0.05,0) -> 0 | W25: =IF(D25=0,0,1) -> 0 | Z25: =IF(C25=3,0,IF(O25=1,0,D25-X25)) -> 0 | AA25: =IF(OR(Z25<=0,),0,MIN(MIN(введ!$C$17,Z25),введ!$C$17)) -> 0 | AB25: =AA25*введ!C$18 -> 0 | AC25: =AA25*введ!C$22 -> 0 | AE25: =IF(C25=1,D25,0) -> 0 | AF25: =IF(C25>1,D25,0) -> 0
A26: Итого: | D26: =SUM(D14:D25) -> 600000 | E26: =SUM(E14:E25) -> 85000 | F26: =SUM(F14:F25) -> 8000 | G26: =SUM(G14:G25) -> 0 | H26: =SUM(H14:H25) -> 0 | I26: =SUM(I14:I25) -> 0 | J26: =SUM(J14:J25) -> 467000 | K26: =SUM(K14:K25) -> 11590 | ... AC26: =SUM(AC14:AC25) -> 8000 | AD26: =IF(D26>0,D26/W26,0) -> 200000 | AE26: =SUM(AE14:AE25) -> 180000 | AF26: =SUM(AF14:AF25) -> 420000
A28: (Ф.И.О., подпись руководителя (налогоплательщика), печать)
A31: (Ф.И.О., подпись главного бухгалтера )
A34: (Ф.И.О., подпись лица, ответственного за составление налогового регистра)
A37: (Дата составления налогового регистра)

Sheet 3гпх
E2: Форма 910.00
A4: Наименование налогоплательщика
A6: 1 | B6: РНН
A7: 2 | B7: ИИН (БИН) | E7: ='910.00'!D8 -> 111111111111
A8: 3 | B8: Налоговый период: полугодие | F8: ='910.00'!L12 -> 1 | J8: ='910.00'!O12 -> 2021 | K8: Год
A10: Налоговый регистр: "Начисленные доходы физических лиц для целей налогообложения по договорам гражданско-правового характера"
A13: № п/п | B13: Ф.И.О. физического лица | C13: Признак резиденства: гражданин РК - 1; иностранный гражданин резидент - 2; иностранный гражданин нерезидент - 3; гражданин ЕАЭС - 4 | D13: Номер месяца выплаты дохода | E13: начисленный доход по договору ГПХ | F13: Доходы, не облагаемые ИПН (корректировка) | G13: Вычет ОПВ | H13: Вычет ВОСМС | I13: Прочие стандартные вычеты | J13: Доходы, облагаемые ИПН | K13: Ставка обложения ( резиденту - 10%; нерезиденту -20% ) | L13: Индивидуальный подоходный налог с доходов граждан РК | M13: Индивидуальный подоходный налог с доходов иностранцев и лиц без гражданства | N13: Номер месяца в полугодии выплаты дохода | O13: Индивидуальный подоходный налог с доходов граждан РК | P13: Индивидуальный подоходный налог с доходов иностранцев и лиц без гражданства | Q13: Индивидуальный подоходный налог с доходов граждан РК | R13: Индивидуальный подоходный налог с доходов иностранцев и лиц без гражданства | S13: Индивидуальный подоходный налог с доходов граждан РК | T13: Индивидуальный подоходный налог с доходов иностранцев и лиц без гражданства | U13: Индивидуальный подоходный налог с доходов граждан РК | V13: Индивидуальный подоходный налог с доходов иностранцев и лиц без гражданства | W13: Индивидуальный подоходный налог с доходов граждан РК | X13: Индивидуальный подоходный налог с доходов иностранцев и лиц без гражданства | Y13: Индивидуальный подоходный налог с доходов граждан РК | Z13: Индивидуальный подоходный налог с доходов иностранцев и лиц без гражданства | AA13: Доход граждане РК | AB13: Доход иностранцев | AC13: Доход граждане РК | AD13: Доход иностранцев | AE13: Доход граждане РК | AF13: Доход иностранцев | AG13: Доход граждане РК | AH13: Доход иностранцев | AI13: Доход граждане РК | AJ13: Доход иностранцев | AK13: Доход граждане РК | AL13: Доход иностранцев | AM13: Доход граждане РК | AN13: Доход иностранцев
O14: =IF('910.00'!L12=1,"январь","июль") -> январь | Q14: =IF('910.00'!L12=1,"февраль","август") -> февраль | S14: =IF('910.00'!L12=1,"март","сентябрь") -> март | U14: =IF('910.00'!L12=1,"апрель","октябрь") -> апрель | W14: =IF('910.00'!L12=1,"май","ноябрь") -> май | Y14: =IF('910.00'!L12=1,"июнь","декабрь") -> июнь | AA14: =IF('910.00'!L12=1,"январь","июль") -> январь | AC14: =IF('910.00'!L12=1,"февраль","август") -> февраль | AE14: =IF('910.00'!L12=1,"март","сентябрь") -> март | AG14: =IF('910.00'!L12=1,"апрель","октябрь") -> апрель | AI14: =IF('910.00'!L12=1,"май","ноябрь") -> май | AK14: =IF('910.00'!L12=1,"июнь","декабрь") -> июнь | AM14: 6 месяцев
A15: 1 | B15: ахметов | C15: 1 | D15: 4 | E15: 160000 | G15: ='4гпх'!K3+'4гпх'!M3+'4гпх'!O3+'4гпх'!Q3+'4гпх'!S3+'4гпх'!U3 -> 16000 | H15: ='4гпх'!L3+'4гпх'!N3+'4гпх'!P3+'4гпх'!R3+'4гпх'!T3+'4гпх'!V3 -> 3200 | J15: =E15-F15-G15-H15-I15 -> 140800 | K15: =IF(E15<=0,0,IF(C15>=3,20%,10%)) -> 0.1 | L15: =IF(C15=1,J15*K15,0) -> 14080 | M15: =IF(C15>=3,E15*K15,IF(C15=2,J15*K15,0)) -> 0 | N15: =IF(D15>6,D15-6,D15) -> 4 | O15: =IF($N15=1,$L15,0) -> 0 | P15: =IF($N15=1,$M15,0) -> 0 | Q15: =IF($N15=2,$L15,0) -> 0 | R15: =IF($N15=2,$M15,0) -> 0 | S15: =IF($N15=3,$L15,0) -> 0 | T15: =IF($N15=3,$M15,0) -> 0 | U15: =IF($N15=4,$L15,0) -> 14080 | V15: =IF($N15=4,$M15,0) -> 0 | W15: =IF($N15=5,$L15,0) -> 0 | X15: =IF($N15=5,$M15,0) -> 0 | Y15: =IF($N15=6,$L15,0) -> 0 | Z15: =IF($N15=6,$M15,0) -> 0 | AA15: =IF(C15=1,IF(D15=1,E15,0),0) -> 0 | AB15: =IF(C15>1,IF(D15=1,E15,0),0) -> 0 | AC15: =IF(C15=1,IF(D15=2,E15,0),0) -> 0 | AD15: =IF(C15>1,IF(D15=2,E15,0),0) -> 0 | AE15: =IF(C15=1,IF(D15=3,E15,0),0) -> 0 | AF15: =IF(C15>1,IF(D15=3,E15,0),0) -> 0 | AG15: =IF(C15=1,IF(D15=4,E15,0),0) -> 160000 | AH15: =IF(C15>1,IF(D15=4,E15,0),0) -> 0 | AI15: =IF(C15=1,IF(D15=5,E15,0),0) -> 0 | AJ15: =IF(C15>1,IF(D15=5,E15,0),0) -> 0 | AK15: =IF(C15=1,IF(D15=6,E15,0),0) -> 0 | AL15: =IF(C15>1,IF(D15=6,E15,0),0) -> 0 | AM15: =AA15+AC15+AE15+AG15+AI15+AK15 -> 160000 | AN15: =AB15+AD15+AF15+AH15+AJ15+AL15 -> 0
A16: 2 | G16: ='4гпх'!K4+'4гпх'!M4+'4гпх'!O4+'4гпх'!Q4+'4гпх'!S4+'4гпх'!U4 -> 0 | H16: ='4гпх'!L4+'4гпх'!N4+'4гпх'!P4+'4гпх'!R4+'4гпх'!T4+'4гпх'!V4 -> 0 | J16: =E16-F16-G16-H16-I16 -> 0 | K16: =IF(E16<=0,0,IF(C16>=3,20%,10%)) -> 0 | L16: =IF(C16=1,J16*K16,0) -> 0 | M16: =IF(C16>=3,E16*K16,IF(C16=2,J16*K16,0)) -> 0 | N16: =IF(D16>6,D16-6,D16) -> 0 | O16: =IF($N16=1,$L16,0) -> 0 | P16: =IF($N16=1,$M16,0) -> 0 | Q16: =IF($N16=2,$L16,0) -> 0 | R16: =IF($N16=2,$M16,0) -> 0 | S16: =IF($N16=3,$L16,0) -> 0 | T16: =IF($N16=3,$M16,0) -> 0 | U16: =IF($N16=4,$L16,0) -> 0 | V16: =IF($N16=4,$M16,0) -> 0 | W16: =IF($N16=5,$L16,0) -> 0 | X16: =IF($N16=5,$M16,0) -> 0 | Y16: =IF($N16=6,$L16,0) -> 0 | Z16: =IF($N16=6,$M16,0) -> 0 | AA16: =IF(C16=1,IF(D16=1,E16,0),0) -> 0 | AB16: =IF(C16>1,IF(D16=1,E16,0),0) -> 0 | AC16: =IF(C16=1,IF(D16=2,E16,0),0) -> 0 | AD16: =IF(C16>1,IF(D16=2,E16,0),0) -> 0 | AE16: =IF(C16=1,IF(D16=3,E16,0),0) -> 0 | AF16: =IF(C16>1,IF(D16=3,E16,0),0) -> 0 | AG16: =IF(C16=1,IF(D16=4,E16,0),0) -> 0 | AH16: =IF(C16>1,IF(D16=4,E16,0),0) -> 0 | AI16: =IF(C16=1,IF(D16=5,E16,0),0) -> 0 | AJ16: =IF(C16>1,IF(D16=5,E16,0),0) -> 0 | AK16: =IF(C16=1,IF(D16=6,E16,0),0) -> 0 | AL16: =IF(C16>1,IF(D16=6,E16,0),0) -> 0 | AM16: =AA16+AC16+AE16+AG16+AI16+AK16 -> 0 | AN16: =AB16+AD16+AF16+AH16+AJ16+AL16 -> 0
A17: 3 | G17: ='4гпх'!K5+'4гпх'!M5+'4гпх'!O5+'4гпх'!Q5+'4гпх'!S5+'4гпх'!U5 -> 0 | H17: ='4гпх'!L5+'4гпх'!N5+'4гпх'!P5+'4гпх'!R5+'4гпх'!T5+'4гпх'!V5 -> 0 | J17: =E17-F17-G17-H17-I17 -> 0 | K17: =IF(E17<=0,0,IF(C17>=3,20%,10%)) -> 0 | L17: =IF(C17=1,J17*K17,0) -> 0 | M17: =IF(C17>=3,E17*K17,IF(C17=2,J17*K17,0)) -> 0 | N17: =IF(D17>6,D17-6,D17) -> 0 | O17: =IF($N17=1,$L17,0) -> 0 | P17: =IF($N17=1,$M17,0) -> 0 | Q17: =IF($N17=2,$L17,0) -> 0 | R17: =IF($N17=2,$M17,0) -> 0 | S17: =IF($N17=3,$L17,0) -> 0 | T17: =IF($N17=3,$M17,0) -> 0 | U17: =IF($N17=4,$L17,0) -> 0 | V17: =IF($N17=4,$M17,0) -> 0 | W17: =IF($N17=5,$L17,0) -> 0 | X17: =IF($N17=5,$M17,0) -> 0 | Y17: =IF($N17=6,$L17,0) -> 0 | Z17: =IF($N17=6,$M17,0) -> 0 | AA17: =IF(C17=1,IF(D17=1,E17,0),0) -> 0 | AB17: =IF(C17>1,IF(D17=1,E17,0),0) -> 0 | AC17: =IF(C17=1,IF(D17=2,E17,0),0) -> 0 | AD17: =IF(C17>1,IF(D17=2,E17,0),0) -> 0 | AE17: =IF(C17=1,IF(D17=3,E17,0),0) -> 0 | AF17: =IF(C17>1,IF(D17=3,E17,0),0) -> 0 | AG17: =IF(C17=1,IF(D17=4,E17,0),0) -> 0 | AH17: =IF(C17>1,IF(D17=4,E17,0),0) -> 0 | AI17: =IF(C17=1,IF(D17=5,E17,0),0) -> 0 | AJ17: =IF(C17>1,IF(D17=5,E17,0),0) -> 0 | AK17: =IF(C17=1,IF(D17=6,E17,0),0) -> 0 | AL17: =IF(C17>1,IF(D17=6,E17,0),0) -> 0 | AM17: =AA17+AC17+AE17+AG17+AI17+AK17 -> 0 | AN17: =AB17+AD17+AF17+AH17+AJ17+AL17 -> 0
A18: 4 | G18: ='4гпх'!K6+'4гпх'!M6+'4гпх'!O6+'4гпх'!Q6+'4гпх'!S6+'4гпх'!U6 -> 0 | H18: ='4гпх'!L6+'4гпх'!N6+'4гпх'!P6+'4гпх'!R6+'4гпх'!T6+'4гпх'!V6 -> 0 | J18: =E18-F18-G18-H18-I18 -> 0 | K18: =IF(E18<=0,0,IF(C18>=3,20%,10%)) -> 0 | L18: =IF(C18=1,J18*K18,0) -> 0 | M18: =IF(C18>=3,E18*K18,IF(C18=2,J18*K18,0)) -> 0 | N18: =IF(D18>6,D18-6,D18) -> 0 | O18: =IF($N18=1,$L18,0) -> 0 | P18: =IF($N18=1,$M18,0) -> 0 | Q18: =IF($N18=2,$L18,0) -> 0 | R18: =IF($N18=2,$M18,0) -> 0 | S18: =IF($N18=3,$L18,0) -> 0 | T18: =IF($N18=3,$M18,0) -> 0 | U18: =IF($N18=4,$L18,0) -> 0 | V18: =IF($N18=4,$M18,0) -> 0 | W18: =IF($N18=5,$L18,0) -> 0 | X18: =IF($N18=5,$M18,0) -> 0 | Y18: =IF($N18=6,$L18,0) -> 0 | Z18: =IF($N18=6,$M18,0) -> 0 | AA18: =IF(C18=1,IF(D18=1,E18,0),0) -> 0 | AB18: =IF(C18>1,IF(D18=1,E18,0),0) -> 0 | AC18: =IF(C18=1,IF(D18=2,E18,0),0) -> 0 | AD18: =IF(C18>1,IF(D18=2,E18,0),0) -> 0 | AE18: =IF(C18=1,IF(D18=3,E18,0),0) -> 0 | AF18: =IF(C18>1,IF(D18=3,E18,0),0) -> 0 | AG18: =IF(C18=1,IF(D18=4,E18,0),0) -> 0 | AH18: =IF(C18>1,IF(D18=4,E18,0),0) -> 0 | AI18: =IF(C18=1,IF(D18=5,E18,0),0) -> 0 | AJ18: =IF(C18>1,IF(D18=5,E18,0),0) -> 0 | AK18: =IF(C18=1,IF(D18=6,E18,0),0) -> 0 | AL18: =IF(C18>1,IF(D18=6,E18,0),0) -> 0 | AM18: =AA18+AC18+AE18+AG18+AI18+AK18 -> 0 | AN18: =AB18+AD18+AF18+AH18+AJ18+AL18 -> 0
A19: 5 | G19: ='4гпх'!K7+'4гпх'!M7+'4гпх'!O7+'4гпх'!Q7+'4гпх'!S7+'4гпх'!U7 -> 0 | H19: ='4гпх'!L7+'4гпх'!N7+'4гпх'!P7+'4гпх'!R7+'4гпх'!T7+'4гпх'!V7 -> 0 | J19: =E19-F19-G19-H19-I19 -> 0 | K19: =IF(E19<=0,0,IF(C19>=3,20%,10%)) -> 0 | L19: =IF(C19=1,J19*K19,0) -> 0 | M19: =IF(C19>=3,E19*K19,IF(C19=2,J19*K19,0)) -> 0 | N19: =IF(D19>6,D19-6,D19) -> 0 | O19: =IF($N19=1,$L19,0) -> 0 | P19: =IF($N19=1,$M19,0) -> 0 | Q19: =IF($N19=2,$L19,0) -> 0 | R19: =IF($N19=2,$M19,0) -> 0 | S19: =IF($N19=3,$L19,0) -> 0 | T19: =IF($N19=3,$M19,0) -> 0 | U19: =IF($N19=4,$L19,0) -> 0 | V19: =IF($N19=4,$M19,0) -> 0 | W19: =IF($N19=5,$L19,0) -> 0 | X19: =IF($N19=5,$M19,0) -> 0 | Y19: =IF($N19=6,$L19,0) -> 0 | Z19: =IF($N19=6,$M19,0) -> 0 | AA19: =IF(C19=1,IF(D19=1,E19,0),0) -> 0 | AB19: =IF(C19>1,IF(D19=1,E19,0),0) -> 0 | AC19: =IF(C19=1,IF(D19=2,E19,0),0) -> 0 | AD19: =IF(C19>1,IF(D19=2,E19,0),0) -> 0 | AE19: =IF(C19=1,IF(D19=3,E19,0),0) -> 0 | AF19: =IF(C19>1,IF(D19=3,E19,0),0) -> 0 | AG19: =IF(C19=1,IF(D19=4,E19,0),0) -> 0 | AH19: =IF(C19>1,IF(D19=4,E19,0),0) -> 0 | AI19: =IF(C19=1,IF(D19=5,E19,0),0) -> 0 | AJ19: =IF(C19>1,IF(D19=5,E19,0),0) -> 0 | AK19: =IF(C19=1,IF(D19=6,E19,0),0) -> 0 | AL19: =IF(C19>1,IF(D19=6,E19,0),0) -> 0 | AM19: =AA19+AC19+AE19+AG19+AI19+AK19 -> 0 | AN19: =AB19+AD19+AF19+AH19+AJ19+AL19 -> 0
A20: 6 | G20: ='4гпх'!K8+'4гпх'!M8+'4гпх'!O8+'4гпх'!Q8+'4гпх'!S8+'4гпх'!U8 -> 0 | H20: ='4гпх'!L8+'4гпх'!N8+'4гпх'!P8+'4гпх'!R8+'4гпх'!T8+'4гпх'!V8 -> 0 | J20: =E20-F20-G20-H20-I20 -> 0 | K20: =IF(E20<=0,0,IF(C20>=3,20%,10%)) -> 0 | L20: =IF(C20=1,J20*K20,0) -> 0 | M20: =IF(C20>=3,E20*K20,IF(C20=2,J20*K20,0)) -> 0 | N20: =IF(D20>6,D20-6,D20) -> 0 | O20: =IF($N20=1,$L20,0) -> 0 | P20: =IF($N20=1,$M20,0) -> 0 | Q20: =IF($N20=2,$L20,0) -> 0 | R20: =IF($N20=2,$M20,0) -> 0 | S20: =IF($N20=3,$L20,0) -> 0 | T20: =IF($N20=3,$M20,0) -> 0 | U20: =IF($N20=4,$L20,0) -> 0 | V20: =IF($N20=4,$M20,0) -> 0 | W20: =IF($N20=5,$L20,0) -> 0 | X20: =IF($N20=5,$M20,0) -> 0 | Y20: =IF($N20=6,$L20,0) -> 0 | Z20: =IF($N20=6,$M20,0) -> 0 | AA20: =IF(C20=1,IF(D20=1,E20,0),0) -> 0 | AB20: =IF(C20>1,IF(D20=1,E20,0),0) -> 0 | AC20: =IF(C20=1,IF(D20=2,E20,0),0) -> 0 | AD20: =IF(C20>1,IF(D20=2,E20,0),0) -> 0 | AE20: =IF(C20=1,IF(D20=3,E20,0),0) -> 0 | AF20: =IF(C20>1,IF(D20=3,E20,0),0) -> 0 | AG20: =IF(C20=1,IF(D20=4,E20,0),0) -> 0 | AH20: =IF(C20>1,IF(D20=4,E20,0),0) -> 0 | AI20: =IF(C20=1,IF(D20=5,E20,0),0) -> 0 | AJ20: =IF(C20>1,IF(D20=5,E20,0),0) -> 0 | AK20: =IF(C20=1,IF(D20=6,E20,0),0) -> 0 | AL20: =IF(C20>1,IF(D20=6,E20,0),0) -> 0 | AM20: =AA20+AC20+AE20+AG20+AI20+AK20 -> 0 | AN20: =AB20+AD20+AF20+AH20+AJ20+AL20 -> 0
A21: 7 | G21: ='4гпх'!K9+'4гпх'!M9+'4гпх'!O9+'4гпх'!Q9+'4гпх'!S9+'4гпх'!U9 -> 0 | H21: ='4гпх'!L9+'4гпх'!N9+'4гпх'!P9+'4гпх'!R9+'4гпх'!T9+'4гпх'!V9 -> 0 | J21: =E21-F21-G21-H21-I21 -> 0 | K21: =IF(E21<=0,0,IF(C21>=3,20%,10%)) -> 0 | L21: =IF(C21=1,J21*K21,0) -> 0 | M21: =IF(C21>=3,E21*K21,IF(C21=2,J21*K21,0)) -> 0 | N21: =IF(D21>6,D21-6,D21) -> 0 | O21: =IF($N21=1,$L21,0) -> 0 | P21: =IF($N21=1,$M21,0) -> 0 | Q21: =IF($N21=2,$L21,0) -> 0 | R21: =IF($N21=2,$M21,0) -> 0 | S21: =IF($N21=3,$L21,0) -> 0 | T21: =IF($N21=3,$M21,0) -> 0 | U21: =IF($N21=4,$L21,0) -> 0 | V21: =IF($N21=4,$M21,0) -> 0 | W21: =IF($N21=5,$L21,0) -> 0 | X21: =IF($N21=5,$M21,0) -> 0 | Y21: =IF($N21=6,$L21,0) -> 0 | Z21: =IF($N21=6,$M21,0) -> 0 | AA21: =IF(C21=1,IF(D21=1,E21,0),0) -> 0 | AB21: =IF(C21>1,IF(D21=1,E21,0),0) -> 0 | AC21: =IF(C21=1,IF(D21=2,E21,0),0) -> 0 | AD21: =IF(C21>1,IF(D21=2,E21,0),0) -> 0 | AE21: =IF(C21=1,IF(D21=3,E21,0),0) -> 0 | AF21: =IF(C21>1,IF(D21=3,E21,0),0) -> 0 | AG21: =IF(C21=1,IF(D21=4,E21,0),0) -> 0 | AH21: =IF(C21>1,IF(D21=4,E21,0),0) -> 0 | AI21: =IF(C21=1,IF(D21=5,E21,0),0) -> 0 | AJ21: =IF(C21>1,IF(D21=5,E21,0),0) -> 0 | AK21: =IF(C21=1,IF(D21=6,E21,0),0) -> 0 | AL21: =IF(C21>1,IF(D21=6,E21,0),0) -> 0 | AM21: =AA21+AC21+AE21+AG21+AI21+AK21 -> 0 | AN21: =AB21+AD21+AF21+AH21+AJ21+AL21 -> 0
A22: 8 | G22: ='4гпх'!K10+'4гпх'!M10+'4гпх'!O10+'4гпх'!Q10+'4гпх'!S10+'4гпх'!U10 -> 0 | H22: ='4гпх'!L10+'4гпх'!N10+'4гпх'!P10+'4гпх'!R10+'4гпх'!T10+'4гпх'!V10 -> 0 | J22: =E22-F22-G22-H22-I22 -> 0 | K22: =IF(E22<=0,0,IF(C22>=3,20%,10%)) -> 0 | L22: =IF(C22=1,J22*K22,0) -> 0 | M22: =IF(C22>=3,E22*K22,IF(C22=2,J22*K22,0)) -> 0 | N22: =IF(D22>6,D22-6,D22) -> 0 | O22: =IF($N22=1,$L22,0) -> 0 | P22: =IF($N22=1,$M22,0) -> 0 | Q22: =IF($N22=2,$L22,0) -> 0 | R22: =IF($N22=2,$M22,0) -> 0 | S22: =IF($N22=3,$L22,0) -> 0 | T22: =IF($N22=3,$M22,0) -> 0 | U22: =IF($N22=4,$L22,0) -> 0 | V22: =IF($N22=4,$M22,0) -> 0 | W22: =IF($N22=5,$L22,0) -> 0 | X22: =IF($N22=5,$M22,0) -> 0 | Y22: =IF($N22=6,$L22,0) -> 0 | Z22: =IF($N22=6,$M22,0) -> 0 | AA22: =IF(C22=1,IF(D22=1,E22,0),0) -> 0 | AB22: =IF(C22>1,IF(D22=1,E22,0),0) -> 0 | AC22: =IF(C22=1,IF(D22=2,E22,0),0) -> 0 | AD22: =IF(C22>1,IF(D22=2,E22,0),0) -> 0 | AE22: =IF(C22=1,IF(D22=3,E22,0),0) -> 0 | AF22: =IF(C22>1,IF(D22=3,E22,0),0) -> 0 | AG22: =IF(C22=1,IF(D22=4,E22,0),0) -> 0 | AH22: =IF(C22>1,IF(D22=4,E22,0),0) -> 0 | AI22: =IF(C22=1,IF(D22=5,E22,0),0) -> 0 | AJ22: =IF(C22>1,IF(D22=5,E22,0),0) -> 0 | AK22: =IF(C22=1,IF(D22=6,E22,0),0) -> 0 | AL22: =IF(C22>1,IF(D22=6,E22,0),0) -> 0 | AM22: =AA22+AC22+AE22+AG22+AI22+AK22 -> 0 | AN22: =AB22+AD22+AF22+AH22+AJ22+AL22 -> 0
A23: 9 | G23: ='4гпх'!K11+'4гпх'!M11+'4гпх'!O11+'4гпх'!Q11+'4гпх'!S11+'4гпх'!U11 -> 0 | H23: ='4гпх'!L11+'4гпх'!N11+'4гпх'!P11+'4гпх'!R11+'4гпх'!T11+'4гпх'!V11 -> 0 | J23: =E23-F23-G23-H23-I23 -> 0 | K23: =IF(E23<=0,0,IF(C23>=3,20%,10%)) -> 0 | L23: =IF(C23=1,J23*K23,0) -> 0 | M23: =IF(C23>=3,E23*K23,IF(C23=2,J23*K23,0)) -> 0 | N23: =IF(D23>6,D23-6,D23) -> 0 | O23: =IF($N23=1,$L23,0) -> 0 | P23: =IF($N23=1,$M23,0) -> 0 | Q23: =IF($N23=2,$L23,0) -> 0 | R23: =IF($N23=2,$M23,0) -> 0 | S23: =IF($N23=3,$L23,0) -> 0 | T23: =IF($N23=3,$M23,0) -> 0 | U23: =IF($N23=4,$L23,0) -> 0 | V23: =IF($N23=4,$M23,0) -> 0 | W23: =IF($N23=5,$L23,0) -> 0 | X23: =IF($N23=5,$M23,0) -> 0 | Y23: =IF($N23=6,$L23,0) -> 0 | Z23: =IF($N23=6,$M23,0) -> 0 | AA23: =IF(C23=1,IF(D23=1,E23,0),0) -> 0 | AB23: =IF(C23>1,IF(D23=1,E23,0),0) -> 0 | AC23: =IF(C23=1,IF(D23=2,E23,0),0) -> 0 | AD23: =IF(C23>1,IF(D23=2,E23,0),0) -> 0 | AE23: =IF(C23=1,IF(D23=3,E23,0),0) -> 0 | AF23: =IF(C23>1,IF(D23=3,E23,0),0) -> 0 | AG23: =IF(C23=1,IF(D23=4,E23,0),0) -> 0 | AH23: =IF(C23>1,IF(D23=4,E23,0),0) -> 0 | AI23: =IF(C23=1,IF(D23=5,E23,0),0) -> 0 | AJ23: =IF(C23>1,IF(D23=5,E23,0),0) -> 0 | AK23: =IF(C23=1,IF(D23=6,E23,0),0) -> 0 | AL23: =IF(C23>1,IF(D23=6,E23,0),0) -> 0 | AM23: =AA23+AC23+AE23+AG23+AI23+AK23 -> 0 | AN23: =AB23+AD23+AF23+AH23+AJ23+AL23 -> 0
A24: 10 | G24: ='4гпх'!K12+'4гпх'!M12+'4гпх'!O12+'4гпх'!Q12+'4гпх'!S12+'4гпх'!U12 -> 0 | H24: ='4гпх'!L12+'4гпх'!N12+'4гпх'!P12+'4гпх'!R12+'4гпх'!T12+'4гпх'!V12 -> 0 | J24: =E24-F24-G24-H24-I24 -> 0 | K24: =IF(E24<=0,0,IF(C24>=3,20%,10%)) -> 0 | L24: =IF(C24=1,J24*K24,0) -> 0 | M24: =IF(C24>=3,E24*K24,IF(C24=2,J24*K24,0)) -> 0 | N24: =IF(D24>6,D24-6,D24) -> 0 | O24: =IF($N24=1,$L24,0) -> 0 | P24: =IF($N24=1,$M24,0) -> 0 | Q24: =IF($N24=2,$L24,0) -> 0 | R24: =IF($N24=2,$M24,0) -> 0 | S24: =IF($N24=3,$L24,0) -> 0 | T24: =IF($N24=3,$M24,0) -> 0 | U24: =IF($N24=4,$L24,0) -> 0 | V24: =IF($N24=4,$M24,0) -> 0 | W24: =IF($N24=5,$L24,0) -> 0 | X24: =IF($N24=5,$M24,0) -> 0 | Y24: =IF($N24=6,$L24,0) -> 0 | Z24: =IF($N24=6,$M24,0) -> 0 | AA24: =IF(C24=1,IF(D24=1,E24,0),0) -> 0 | AB24: =IF(C24>1,IF(D24=1,E24,0),0) -> 0 | AC24: =IF(C24=1,IF(D24=2,E24,0),0) -> 0 | AD24: =IF(C24>1,IF(D24=2,E24,0),0) -> 0 | AE24: =IF(C24=1,IF(D24=3,E24,0),0) -> 0 | AF24: =IF(C24>1,IF(D24=3,E24,0),0) -> 0 | AG24: =IF(C24=1,IF(D24=4,E24,0),0) -> 0 | AH24: =IF(C24>1,IF(D24=4,E24,0),0) -> 0 | AI24: =IF(C24=1,IF(D24=5,E24,0),0) -> 0 | AJ24: =IF(C24>1,IF(D24=5,E24,0),0) -> 0 | AK24: =IF(C24=1,IF(D24=6,E24,0),0) -> 0 | AL24: =IF(C24>1,IF(D24=6,E24,0),0) -> 0 | AM24: =AA24+AC24+AE24+AG24+AI24+AK24 -> 0 | AN24: =AB24+AD24+AF24+AH24+AJ24+AL24 -> 0
A25: 11 | G25: ='4гпх'!K13+'4гпх'!M13+'4гпх'!O13+'4гпх'!Q13+'4гпх'!S13+'4гпх'!U13 -> 0 | H25: ='4гпх'!L13+'4гпх'!N13+'4гпх'!P13+'4гпх'!R13+'4гпх'!T13+'4гпх'!V13 -> 0 | J25: =E25-F25-G25-H25-I25 -> 0 | K25: =IF(E25<=0,0,IF(C25>=3,20%,10%)) -> 0 | L25: =IF(C25=1,J25*K25,0) -> 0 | M25: =IF(C25>=3,E25*K25,IF(C25=2,J25*K25,0)) -> 0 | N25: =IF(D25>6,D25-6,D25) -> 0 | O25: =IF($N25=1,$L25,0) -> 0 | P25: =IF($N25=1,$M25,0) -> 0 | Q25: =IF($N25=2,$L25,0) -> 0 | R25: =IF($N25=2,$M25,0) -> 0 | S25: =IF($N25=3,$L25,0) -> 0 | T25: =IF($N25=3,$M25,0) -> 0 | U25: =IF($N25=4,$L25,0) -> 0 | V25: =IF($N25=4,$M25,0) -> 0 | W25: =IF($N25=5,$L25,0) -> 0 | X25: =IF($N25=5,$M25,0) -> 0 | Y25: =IF($N25=6,$L25,0) -> 0 | Z25: =IF($N25=6,$M25,0) -> 0 | AA25: =IF(C25=1,IF(D25=1,E25,0),0) -> 0 | AB25: =IF(C25>1,IF(D25=1,E25,0),0) -> 0 | AC25: =IF(C25=1,IF(D25=2,E25,0),0) -> 0 | AD25: =IF(C25>1,IF(D25=2,E25,0),0) -> 0 | AE25: =IF(C25=1,IF(D25=3,E25,0),0) -> 0 | AF25: =IF(C25>1,IF(D25=3,E25,0),0) -> 0 | AG25: =IF(C25=1,IF(D25=4,E25,0),0) -> 0 | AH25: =IF(C25>1,IF(D25=4,E25,0),0) -> 0 | AI25: =IF(C25=1,IF(D25=5,E25,0),0) -> 0 | AJ25: =IF(C25>1,IF(D25=5,E25,0),0) -> 0 | AK25: =IF(C25=1,IF(D25=6,E25,0),0) -> 0 | AL25: =IF(C25>1,IF(D25=6,E25,0),0) -> 0 | AM25: =AA25+AC25+AE25+AG25+AI25+AK25 -> 0 | AN25: =AB25+AD25+AF25+AH25+AJ25+AL25 -> 0
A26: 12 | G26: ='4гпх'!K14+'4гпх'!M14+'4гпх'!O14+'4гпх'!Q14+'4гпх'!S14+'4гпх'!U14 -> 0 | H26: ='4гпх'!L14+'4гпх'!N14+'4гпх'!P14+'4гпх'!R14+'4гпх'!T14+'4гпх'!V14 -> 0 | J26: =E26-F26-G26-H26-I26 -> 0 | K26: =IF(E26<=0,0,IF(C26>=3,20%,10%)) -> 0 | L26: =IF(C26=1,J26*K26,0) -> 0 | M26: =IF(C26>=3,E26*K26,IF(C26=2,J26*K26,0)) -> 0 | N26: =IF(D26>6,D26-6,D26) -> 0 | O26: =IF($N26=1,$L26,0) -> 0 | P26: =IF($N26=1,$M26,0) -> 0 | Q26: =IF($N26=2,$L26,0) -> 0 | R26: =IF($N26=2,$M26,0) -> 0 | S26: =IF($N26=3,$L26,0) -> 0 | T26: =IF($N26=3,$M26,0) -> 0 | U26: =IF($N26=4,$L26,0) -> 0 | V26: =IF($N26=4,$M26,0) -> 0 | W26: =IF($N26=5,$L26,0) -> 0 | X26: =IF($N26=5,$M26,0) -> 0 | Y26: =IF($N26=6,$L26,0) -> 0 | Z26: =IF($N26=6,$M26,0) -> 0 | AA26: =IF(C26=1,IF(D26=1,E26,0),0) -> 0 | AB26: =IF(C26>1,IF(D26=1,E26,0),0) -> 0 | AC26: =IF(C26=1,IF(D26=2,E26,0),0) -> 0 | AD26: =IF(C26>1,IF(D26=2,E26,0),0) -> 0 | AE26: =IF(C26=1,IF(D26=3,E26,0),0) -> 0 | AF26: =IF(C26>1,IF(D26=3,E26,0),0) -> 0 | AG26: =IF(C26=1,IF(D26=4,E26,0),0) -> 0 | AH26: =IF(C26>1,IF(D26=4,E26,0),0) -> 0 | AI26: =IF(C26=1,IF(D26=5,E26,0),0) -> 0 | AJ26: =IF(C26>1,IF(D26=5,E26,0),0) -> 0 | AK26: =IF(C26=1,IF(D26=6,E26,0),0) -> 0 | AL26: =IF(C26>1,IF(D26=6,E26,0),0) -> 0 | AM26: =AA26+AC26+AE26+AG26+AI26+AK26 -> 0 | AN26: =AB26+AD26+AF26+AH26+AJ26+AL26 -> 0
A27: Итого: | E27: =SUM(E15:E26) -> 160000 | F27: =SUM(F15:F26) -> 0 | G27: =SUM(G15:G26) -> 16000 | H27: =SUM(H15:H26) -> 3200 | I27: =SUM(I15:I26) -> 0 | J27: =SUM(J15:J26) -> 140800 | L27: =SUM(L15:L26) -> 14080 | M27: =SUM(M15:M26) -> 0 | O27: =SUM(O15:O26) -> 0 | P27: =SUM(P15:P26) -> 0 | Q27: =SUM(Q15:Q26) -> 0 | R27: =SUM(R15:R26) -> 0 | S27: =SUM(S15:S26) -> 0 | T27: =SUM(T15:T26) -> 0 | U27: =SUM(U15:U26) -> 14080 | V27: =SUM(V15:V26) -> 0 | ... AN27: =SUM(AN15:AN26) -> 0
A29: (Ф.И.О., подпись руководителя (налогоплательщика), печать)
A32: (Ф.И.О., подпись главного бухгалтера )
A35: (Ф.И.О., подпись лица, ответственного за составление налогового регистра)
A38: (Дата составления налогового регистра)

Sheet 4гпх
A1: № п/п | B1: Ф.И.О. физического лица | C1: Номер месяца выплаты дохода | D1: Начисленный доход по договору ГПХ | E1: Доходы, не облагаемые ОПВ | F1: Доходы, облагаемые ОПВ | G1: Ставка ОПВ (10%) | H1: Доходы, не облагаемые ВОСМС | I1: Объект обложения ВОСМС | J1: Номер месяца в полугодии выплаты дохода | K1: ОПВ с доходов физических лиц, не являющихся налоговыми агентами | L1: Взносы ОСМС | M1: ОПВ с доходов физических лиц, не являющихся налоговыми агентами | N1: Взносы ОСМС | O1: ОПВ с доходов физических лиц, не являющихся налоговыми агентами | P1: Взносы ОСМС | Q1: ОПВ с доходов физических лиц, не являющихся налоговыми агентами | R1: Взносы ОСМС | S1: ОПВ с доходов физических лиц, не являющихся налоговыми агентами | T1: Взносы ОСМС | U1: ОПВ с доходов физических лиц, не являющихся налоговыми агентами | V1: Взносы ОСМС
K2: =IF('910.00'!L12=1,"январь","июль") -> январь | L2: =K2 -> январь | M2: =IF('910.00'!L12=1,"февраль","август") -> февраль | N2: =M2 -> февраль | O2: =IF('910.00'!L12=1,"март","сентябрь") -> март | P2: =O2 -> март | Q2: =IF('910.00'!L12=1,"апрель","октябрь") -> апрель | R2: =Q2 -> апрель | S2: =IF('910.00'!L12=1,"май","ноябрь") -> май | T2: =S2 -> май | U2: =IF('910.00'!L12=1,"июнь","декабрь") -> июнь | V2: =U2 -> июнь
A3: 1 | B3: ='3гпх'!B15 -> ахметов | C3: ='3гпх'!D15 -> 4 | D3: ='3гпх'!E15 -> 160000 | F3: =IF('3гпх'!C15=3,0,IF((D3-E3)>введ!C$12,введ!C$12,(D3-E3))) -> 160000 | G3: =IF(D3<=0,0,10%) -> 0.1 | I3: =IF('3гпх'!C15=3,0,IF((D3-H3)>введ!C$21,введ!C$21,(D3-H3))) -> 160000 | J3: =IF(C3>6,C3-6,C3) -> 4 | K3: =IF($J3=1,F3*G3,0) -> 0 | L3: =IF($C3=1,I3*введ!C$22,0) -> 0 | M3: =IF($J3=2,F3*G3,0) -> 0 | N3: =IF($C3=2,I3*введ!C$22,0) -> 0 | O3: =IF($J3=3,F3*G3,0) -> 0 | P3: =IF($C3=3,I3*введ!C$22,0) -> 0 | Q3: =IF($J3=4,F3*G3,0) -> 16000 | R3: =IF($C3=4,I3*введ!C$22,0) -> 3200 | S3: =IF($J3=5,F3*G3,0) -> 0 | T3: =IF($C3=5,I3*введ!C$22,0) -> 0 | U3: =IF($J3=6,F3*G3,0) -> 0 | V3: =IF($C3=6,I3*введ!C$22,0) -> 0
A4: 2 | B4: ='3гпх'!B16 -> 0 | C4: ='3гпх'!D16 -> 0 | D4: ='3гпх'!E16 -> 0 | F4: =IF('3гпх'!C16=3,0,IF((D4-E4)>введ!C$12,введ!C$12,(D4-E4))) -> 0 | G4: =IF(D4<=0,0,10%) -> 0 | I4: =IF('3гпх'!C16=3,0,IF((D4-H4)>введ!C$21,введ!C$21,(D4-H4))) -> 0 | J4: =IF(C4>6,C4-6,C4) -> 0 | K4: =IF($J4=1,F4*G4,0) -> 0 | L4: =IF($C4=1,I4*введ!C$22,0) -> 0 | M4: =IF($J4=2,F4*G4,0) -> 0 | N4: =IF($C4=2,I4*введ!C$22,0) -> 0 | O4: =IF($J4=3,F4*G4,0) -> 0 | P4: =IF($C4=3,I4*введ!C$22,0) -> 0 | Q4: =IF($J4=4,F4*G4,0) -> 0 | R4: =IF($C4=4,I4*введ!C$22,0) -> 0 | S4: =IF($J4=5,F4*G4,0) -> 0 | T4: =IF($C4=5,I4*введ!C$22,0) -> 0 | U4: =IF($J4=6,F4*G4,0) -> 0 | V4: =IF($C4=6,I4*введ!C$22,0) -> 0
A5: 3 | B5: ='3гпх'!B17 -> 0 | C5: ='3гпх'!D17 -> 0 | D5: ='3гпх'!E17 -> 0 | F5: =IF('3гпх'!C17=3,0,IF((D5-E5)>введ!C$12,введ!C$12,(D5-E5))) -> 0 | G5: =IF(D5<=0,0,10%) -> 0 | I5: =IF('3гпх'!C17=3,0,IF((D5-H5)>введ!C$21,введ!C$21,(D5-H5))) -> 0 | J5: =IF(C5>6,C5-6,C5) -> 0 | K5: =IF($J5=1,F5*G5,0) -> 0 | L5: =IF($C5=1,I5*введ!C$22,0) -> 0 | M5: =IF($J5=2,F5*G5,0) -> 0 | N5: =IF($C5=2,I5*введ!C$22,0) -> 0 | O5: =IF($J5=3,F5*G5,0) -> 0 | P5: =IF($C5=3,I5*введ!C$22,0) -> 0 | Q5: =IF($J5=4,F5*G5,0) -> 0 | R5: =IF($C5=4,I5*введ!C$22,0) -> 0 | S5: =IF($J5=5,F5*G5,0) -> 0 | T5: =IF($C5=5,I5*введ!C$22,0) -> 0 | U5: =IF($J5=6,F5*G5,0) -> 0 | V5: =IF($C5=6,I5*введ!C$22,0) -> 0
A6: 4 | B6: ='3гпх'!B18 -> 0 | C6: ='3гпх'!D18 -> 0 | D6: ='3гпх'!E18 -> 0 | F6: =IF('3гпх'!C18=3,0,IF((D6-E6)>введ!C$12,введ!C$12,(D6-E6))) -> 0 | G6: =IF(D6<=0,0,10%) -> 0 | I6: =IF('3гпх'!C18=3,0,IF((D6-H6)>введ!C$21,введ!C$21,(D6-H6))) -> 0 | J6: =IF(C6>6,C6-6,C6) -> 0 | K6: =IF($J6=1,F6*G6,0) -> 0 | L6: =IF($C6=1,I6*введ!C$22,0) -> 0 | M6: =IF($J6=2,F6*G6,0) -> 0 | N6: =IF($C6=2,I6*введ!C$22,0) -> 0 | O6: =IF($J6=3,F6*G6,0) -> 0 | P6: =IF($C6=3,I6*введ!C$22,0) -> 0 | Q6: =IF($J6=4,F6*G6,0) -> 0 | R6: =IF($C6=4,I6*введ!C$22,0) -> 0 | S6: =IF($J6=5,F6*G6,0) -> 0 | T6: =IF($C6=5,I6*введ!C$22,0) -> 0 | U6: =IF($J6=6,F6*G6,0) -> 0 | V6: =IF($C6=6,I6*введ!C$22,0) -> 0
A7: 5 | B7: ='3гпх'!B19 -> 0 | C7: ='3гпх'!D19 -> 0 | D7: ='3гпх'!E19 -> 0 | F7: =IF('3гпх'!C19=3,0,IF((D7-E7)>введ!C$12,введ!C$12,(D7-E7))) -> 0 | G7: =IF(D7<=0,0,10%) -> 0 | I7: =IF('3гпх'!C19=3,0,IF((D7-H7)>введ!C$21,введ!C$21,(D7-H7))) -> 0 | J7: =IF(C7>6,C7-6,C7) -> 0 | K7: =IF($J7=1,F7*G7,0) -> 0 | L7: =IF($C7=1,I7*введ!C$22,0) -> 0 | M7: =IF($J7=2,F7*G7,0) -> 0 | N7: =IF($C7=2,I7*введ!C$22,0) -> 0 | O7: =IF($J7=3,F7*G7,0) -> 0 | P7: =IF($C7=3,I7*введ!C$22,0) -> 0 | Q7: =IF($J7=4,F7*G7,0) -> 0 | R7: =IF($C7=4,I7*введ!C$22,0) -> 0 | S7: =IF($J7=5,F7*G7,0) -> 0 | T7: =IF($C7=5,I7*введ!C$22,0) -> 0 | U7: =IF($J7=6,F7*G7,0) -> 0 | V7: =IF($C7=6,I7*введ!C$22,0) -> 0
A8: 6 | B8: ='3гпх'!B20 -> 0 | C8: ='3гпх'!D20 -> 0 | D8: ='3гпх'!E20 -> 0 | F8: =IF('3гпх'!C20=3,0,IF((D8-E8)>введ!C$12,введ!C$12,(D8-E8))) -> 0 | G8: =IF(D8<=0,0,10%) -> 0 | I8: =IF('3гпх'!C20=3,0,IF((D8-H8)>введ!C$21,введ!C$21,(D8-H8))) -> 0 | J8: =IF(C8>6,C8-6,C8) -> 0 | K8: =IF($J8=1,F8*G8,0) -> 0 | L8: =IF($C8=1,I8*введ!C$22,0) -> 0 | M8: =IF($J8=2,F8*G8,0) -> 0 | N8: =IF($C8=2,I8*введ!C$22,0) -> 0 | O8: =IF($J8=3,F8*G8,0) -> 0 | P8: =IF($C8=3,I8*введ!C$22,0) -> 0 | Q8: =IF($J8=4,F8*G8,0) -> 0 | R8: =IF($C8=4,I8*введ!C$22,0) -> 0 | S8: =IF($J8=5,F8*G8,0) -> 0 | T8: =IF($C8=5,I8*введ!C$22,0) -> 0 | U8: =IF($J8=6,F8*G8,0) -> 0 | V8: =IF($C8=6,I8*введ!C$22,0) -> 0
A9: 7 | B9: ='3гпх'!B21 -> 0 | C9: ='3гпх'!D21 -> 0 | D9: ='3гпх'!E21 -> 0 | F9: =IF('3гпх'!C21=3,0,IF((D9-E9)>введ!C$12,введ!C$12,(D9-E9))) -> 0 | G9: =IF(D9<=0,0,10%) -> 0 | I9: =IF('3гпх'!C21=3,0,IF((D9-H9)>введ!C$21,введ!C$21,(D9-H9))) -> 0 | J9: =IF(C9>6,C9-6,C9) -> 0 | K9: =IF($J9=1,F9*G9,0) -> 0 | L9: =IF($C9=1,I9*введ!C$22,0) -> 0 | M9: =IF($J9=2,F9*G9,0) -> 0 | N9: =IF($C9=2,I9*введ!C$22,0) -> 0 | O9: =IF($J9=3,F9*G9,0) -> 0 | P9: =IF($C9=3,I9*введ!C$22,0) -> 0 | Q9: =IF($J9=4,F9*G9,0) -> 0 | R9: =IF($C9=4,I9*введ!C$22,0) -> 0 | S9: =IF($J9=5,F9*G9,0) -> 0 | T9: =IF($C9=5,I9*введ!C$22,0) -> 0 | U9: =IF($J9=6,F9*G9,0) -> 0 | V9: =IF($C9=6,I9*введ!C$22,0) -> 0
A10: 8 | B10: ='3гпх'!B22 -> 0 | C10: ='3гпх'!D22 -> 0 | D10: ='3гпх'!E22 -> 0 | F10: =IF('3гпх'!C22=3,0,IF((D10-E10)>введ!C$12,введ!C$12,(D10-E10))) -> 0 | G10: =IF(D10<=0,0,10%) -> 0 | I10: =IF('3гпх'!C22=3,0,IF((D10-H10)>введ!C$21,введ!C$21,(D10-H10))) -> 0 | J10: =IF(C10>6,C10-6,C10) -> 0 | K10: =IF($J10=1,F10*G10,0) -> 0 | L10: =IF($C10=1,I10*введ!C$22,0) -> 0 | M10: =IF($J10=2,F10*G10,0) -> 0 | N10: =IF($C10=2,I10*введ!C$22,0) -> 0 | O10: =IF($J10=3,F10*G10,0) -> 0 | P10: =IF($C10=3,I10*введ!C$22,0) -> 0 | Q10: =IF($J10=4,F10*G10,0) -> 0 | R10: =IF($C10=4,I10*введ!C$22,0) -> 0 | S10: =IF($J10=5,F10*G10,0) -> 0 | T10: =IF($C10=5,I10*введ!C$22,0) -> 0 | U10: =IF($J10=6,F10*G10,0) -> 0 | V10: =IF($C10=6,I10*введ!C$22,0) -> 0
A11: 9 | B11: ='3гпх'!B23 -> 0 | C11: ='3гпх'!D23 -> 0 | D11: ='3гпх'!E23 -> 0 | F11: =IF('3гпх'!C23=3,0,IF((D11-E11)>введ!C$12,введ!C$12,(D11-E11))) -> 0 | G11: =IF(D11<=0,0,10%) -> 0 | I11: =IF('3гпх'!C23=3,0,IF((D11-H11)>введ!C$21,введ!C$21,(D11-H11))) -> 0 | J11: =IF(C11>6,C11-6,C11) -> 0 | K11: =IF($J11=1,F11*G11,0) -> 0 | L11: =IF($C11=1,I11*введ!C$22,0) -> 0 | M11: =IF($J11=2,F11*G11,0) -> 0 | N11: =IF($C11=2,I11*введ!C$22,0) -> 0 | O11: =IF($J11=3,F11*G11,0) -> 0 | P11: =IF($C11=3,I11*введ!C$22,0) -> 0 | Q11: =IF($J11=4,F11*G11,0) -> 0 | R11: =IF($C11=4,I11*введ!C$22,0) -> 0 | S11: =IF($J11=5,F11*G11,0) -> 0 | T11: =IF($C11=5,I11*введ!C$22,0) -> 0 | U11: =IF($J11=6,F11*G11,0) -> 0 | V11: =IF($C11=6,I11*введ!C$22,0) -> 0
A12: 10 | B12: ='3гпх'!B24 -> 0 | C12: ='3гпх'!D24 -> 0 | D12: ='3гпх'!E24 -> 0 | F12: =IF('3гпх'!C24=3,0,IF((D12-E12)>введ!C$12,введ!C$12,(D12-E12))) -> 0 | G12: =IF(D12<=0,0,10%) -> 0 | I12: =IF('3гпх'!C24=3,0,IF((D12-H12)>введ!C$21,введ!C$21,(D12-H12))) -> 0 | J12: =IF(C12>6,C12-6,C12) -> 0 | K12: =IF($J12=1,F12*G12,0) -> 0 | L12: =IF($C12=1,I12*введ!C$22,0) -> 0 | M12: =IF($J12=2,F12*G12,0) -> 0 | N12: =IF($C12=2,I12*введ!C$22,0) -> 0 | O12: =IF($J12=3,F12*G12,0) -> 0 | P12: =IF($C12=3,I12*введ!C$22,0) -> 0 | Q12: =IF($J12=4,F12*G12,0) -> 0 | R12: =IF($C12=4,I12*введ!C$22,0) -> 0 | S12: =IF($J12=5,F12*G12,0) -> 0 | T12: =IF($C12=5,I12*введ!C$22,0) -> 0 | U12: =IF($J12=6,F12*G12,0) -> 0 | V12: =IF($C12=6,I12*введ!C$22,0) -> 0
A13: 11 | B13: ='3гпх'!B25 -> 0 | C13: ='3гпх'!D25 -> 0 | D13: ='3гпх'!E25 -> 0 | F13: =IF('3гпх'!C25=3,0,IF((D13-E13)>введ!C$12,введ!C$12,(D13-E13))) -> 0 | G13: =IF(D13<=0,0,10%) -> 0 | I13: =IF('3гпх'!C25=3,0,IF((D13-H13)>введ!C$21,введ!C$21,(D13-H13))) -> 0 | J13: =IF(C13>6,C13-6,C13) -> 0 | K13: =IF($J13=1,F13*G13,0) -> 0 | L13: =IF($C13=1,I13*введ!C$22,0) -> 0 | M13: =IF($J13=2,F13*G13,0) -> 0 | N13: =IF($C13=2,I13*введ!C$22,0) -> 0 | O13: =IF($J13=3,F13*G13,0) -> 0 | P13: =IF($C13=3,I13*введ!C$22,0) -> 0 | Q13: =IF($J13=4,F13*G13,0) -> 0 | R13: =IF($C13=4,I13*введ!C$22,0) -> 0 | S13: =IF($J13=5,F13*G13,0) -> 0 | T13: =IF($C13=5,I13*введ!C$22,0) -> 0 | U13: =IF($J13=6,F13*G13,0) -> 0 | V13: =IF($C13=6,I13*введ!C$22,0) -> 0
A14: 12 | B14: ='3гпх'!B26 -> 0 | C14: ='3гпх'!D26 -> 0 | D14: ='3гпх'!E26 -> 0 | F14: =IF('3гпх'!C26=3,0,IF((D14-E14)>введ!C$12,введ!C$12,(D14-E14))) -> 0 | G14: =IF(D14<=0,0,10%) -> 0 | I14: =IF('3гпх'!C26=3,0,IF((D14-H14)>введ!C$21,введ!C$21,(D14-H14))) -> 0 | J14: =IF(C14>6,C14-6,C14) -> 0 | K14: =IF($J14=1,F14*G14,0) -> 0 | L14: =IF($C14=1,I14*введ!C$22,0) -> 0 | M14: =IF($J14=2,F14*G14,0) -> 0 | N14: =IF($C14=2,I14*введ!C$22,0) -> 0 | O14: =IF($J14=3,F14*G14,0) -> 0 | P14: =IF($C14=3,I14*введ!C$22,0) -> 0 | Q14: =IF($J14=4,F14*G14,0) -> 0 | R14: =IF($C14=4,I14*введ!C$22,0) -> 0 | S14: =IF($J14=5,F14*G14,0) -> 0 | T14: =IF($C14=5,I14*введ!C$22,0) -> 0 | U14: =IF($J14=6,F14*G14,0) -> 0 | V14: =IF($C14=6,I14*введ!C$22,0) -> 0
A15: Итого: | D15: =SUM(D3:D14) -> 160000 | E15: =SUM(E3:E14) -> 0 | F15: =SUM(F3:F14) -> 160000 | H15: =SUM(H3:H14) -> 0 | I15: =SUM(I3:I14) -> 160000 | K15: =SUM(K3:K14) -> 0 | L15: =SUM(L3:L14) -> 0 | M15: =SUM(M3:M14) -> 0 | N15: =SUM(N3:N14) -> 0 | O15: =SUM(O3:O14) -> 0 | P15: =SUM(P3:P14) -> 0 | Q15: =SUM(Q3:Q14) -> 16000 | R15: =SUM(R3:R14) -> 3200 | ... V15: =SUM(V3:V14) -> 0

Sheet дивид
F2: Форма 910.00
A4: Наименование налогоплательщика
A6: 1 | B6: РНН
A7: 2 | B7: ИИН (БИН) | F7: ='910.00'!D8 -> 111111111111
A8: 3 | B8: Налоговый период: полугодие | G8: ='910.00'!L12 -> 1 | H8: ='910.00'!O12 -> 2021 | I8: Год
A10: Налоговый регистр: "Начисленные доходы физических лиц (дивиденды) для целей налогообложения"
B11: В случае, если учредитель обладает долей в уставном капитале более трех лет, необходимо в графе "Ставка обложения " поставить 0%
A13: № п/п | B13: Ф.И.О. физического лица | C13: ИИН физического лица | D13: Признак резиденства: гражданин РК - 1; иностранный гражданин резидент - 2; иностранный гражданин нерезидент - 3; гражданин ЕАЭС - 4 | E13: Номер месяца выплаты дохода | F13: начисленный доход (дивиденды, вознаграждения, выигрыши) | G13: Доходы, не облагаемые ИПН | H13: Доходы, облагаемые ИПН | I13: Ставка обложения (дивиденды резиденту - 5%; нерезиденту -15% ) | J13: Индивидуальный подоходный налог с доходов граждан РК | K13: Индивидуальный подоходный налог с доходов иностранцев и лиц без гражданства | L13: Номер месяца в полугодии выплаты дохода | M13: Индивидуальный подоходный налог с доходов граждан РК | N13: Индивидуальный подоходный налог с доходов иностранцев и лиц без гражданства | O13: Индивидуальный подоходный налог с доходов граждан РК | P13: Индивидуальный подоходный налог с доходов иностранцев и лиц без гражданства | Q13: Индивидуальный подоходный налог с доходов граждан РК | R13: Индивидуальный подоходный налог с доходов иностранцев и лиц без гражданства | S13: Индивидуальный подоходный налог с доходов граждан РК | T13: Индивидуальный подоходный налог с доходов иностранцев и лиц без гражданства | U13: Индивидуальный подоходный налог с доходов граждан РК | V13: Индивидуальный подоходный налог с доходов иностранцев и лиц без гражданства | W13: Индивидуальный подоходный налог с доходов граждан РК | X13: Индивидуальный подоходный налог с доходов иностранцев и лиц без гражданства | Y13: Доход граждане РК | Z13: Доход иностранцев | AA13: Доход граждане РК | AB13: Доход иностранцев | AC13: Доход граждане РК | AD13: Доход иностранцев | AE13: Доход граждане РК | AF13: Доход иностранцев | AG13: Доход граждане РК | AH13: Доход иностранцев | AI13: Доход граждане РК | AJ13: Доход иностранцев | AK13: Доход граждане РК | AL13: Доход иностранцев
M14: =IF('910.00'!$L12=1,"январь","июль") -> январь | O14: =IF('910.00'!$L12=1,"февраль","август") -> февраль | Q14: =IF('910.00'!$L12=1,"март","сентябрь") -> март | S14: =IF('910.00'!$L12=1,"апрель","октябрь") -> апрель | U14: =IF('910.00'!$L12=1,"май","ноябрь") -> май | W14: =IF('910.00'!$L12=1,"июнь","декабрь") -> июнь | Y14: =IF('910.00'!$L12=1,"январь","июль") -> январь | AA14: =IF('910.00'!$L12=1,"февраль","август") -> февраль | AC14: =IF('910.00'!$L12=1,"март","сентябрь") -> март | AE14: =IF('910.00'!$L12=1,"апрель","октябрь") -> апрель | AG14: =IF('910.00'!$L12=1,"май","ноябрь") -> май | AI14: =IF('910.00'!$L12=1,"июнь","декабрь") -> июнь | AK14: 6 месяцев
A15: 1 | B15: авов | C15: 345678912345 | D15: 3 | E15: 2 | F15: 1500000 | H15: =F15-G15 -> 1500000 | I15: =IF(F15<=0,0,IF(D15>=3,15%,5%)) -> 0.15 | J15: =IF(D15=1,H15*I15,0) -> 0 | K15: =IF(D15=1,0,H15*I15) -> 225000 | L15: =IF(E15>6,E15-6,E15) -> 2 | M15: =IF($L15=1,$J15,0) -> 0 | N15: =IF($L15=1,$K15,0) -> 0 | O15: =IF($L15=2,$J15,0) -> 0 | P15: =IF($L15=2,$K15,0) -> 225000 | Q15: =IF($L15=3,$J15,0) -> 0 | R15: =IF($L15=3,$K15,0) -> 0 | S15: =IF($L15=4,$J15,0) -> 0 | T15: =IF($L15=4,$K15,0) -> 0 | U15: =IF($L15=5,$J15,0) -> 0 | V15: =IF($L15=5,$K15,0) -> 0 | W15: =IF($L15=6,$J15,0) -> 0 | X15: =IF($L15=6,$K15,0) -> 0 | Y15: =IF(D15=1,IF(E15=1,F15,0),0) -> 0 | Z15: =IF(D15>1,IF(E15=1,F15,0),0) -> 0 | AA15: =IF(D15=1,IF(E15=2,F15,0),0) -> 0 | AB15: =IF(D15>1,IF(E15=2,F15,0),0) -> 1500000 | AC15: =IF(D15=1,IF(E15=3,F15,0),0) -> 0 | AD15: =IF(D15>1,IF(E15=3,F15,0),0) -> 0 | AE15: =IF(D15=1,IF(E15=4,F15,0),0) -> 0 | AF15: =IF(D15>1,IF(E15=4,F15,0),0) -> 0 | AG15: =IF(D15=1,IF(E15=5,F15,0),0) -> 0 | AH15: =IF(D15>1,IF(E15=5,F15,0),0) -> 0 | AI15: =IF(D15=1,IF(E15=6,F15,0),0) -> 0 | AJ15: =IF(D15>1,IF(E15=6,F15,0),0) -> 0 | AK15: =Y15+AA15+AC15+AE15+AG15+AI15 -> 0 | AL15: =Z15+AB15+AD15+AF15+AH15+AJ15 -> 1500000
A16: 2 | H16: =F16-G16 -> 0 | I16: =IF(F16<=0,0,IF(D16>=3,15%,5%)) -> 0 | J16: =IF(D16=1,H16*I16,0) -> 0 | K16: =IF(D16=1,0,H16*I16) -> 0 | L16: =IF(E16>6,E16-6,E16) -> 0 | M16: =IF($L16=1,$J16,0) -> 0 | N16: =IF($L16=1,$K16,0) -> 0 | O16: =IF($L16=2,$J16,0) -> 0 | P16: =IF($L16=2,$K16,0) -> 0 | Q16: =IF($L16=3,$J16,0) -> 0 | R16: =IF($L16=3,$K16,0) -> 0 | S16: =IF($L16=4,$J16,0) -> 0 | T16: =IF($L16=4,$K16,0) -> 0 | U16: =IF($L16=5,$J16,0) -> 0 | V16: =IF($L16=5,$K16,0) -> 0 | W16: =IF($L16=6,$J16,0) -> 0 | X16: =IF($L16=6,$K16,0) -> 0 | Y16: =IF(D16=1,IF(E16=1,F16,0),0) -> 0 | Z16: =IF(D16>1,IF(E16=1,F16,0),0) -> 0 | AA16: =IF(D16=1,IF(E16=2,F16,0),0) -> 0 | AB16: =IF(D16>1,IF(E16=2,F16,0),0) -> 0 | AC16: =IF(D16=1,IF(E16=3,F16,0),0) -> 0 | AD16: =IF(D16>1,IF(E16=3,F16,0),0) -> 0 | AE16: =IF(D16=1,IF(E16=4,F16,0),0) -> 0 | AF16: =IF(D16>1,IF(E16=4,F16,0),0) -> 0 | AG16: =IF(D16=1,IF(E16=5,F16,0),0) -> 0 | AH16: =IF(D16>1,IF(E16=5,F16,0),0) -> 0 | AI16: =IF(D16=1,IF(E16=6,F16,0),0) -> 0 | AJ16: =IF(D16>1,IF(E16=6,F16,0),0) -> 0 | AK16: =Y16+AA16+AC16+AE16+AG16+AI16 -> 0 | AL16: =Z16+AB16+AD16+AF16+AH16+AJ16 -> 0
A17: 3 | H17: =F17-G17 -> 0 | I17: =IF(F17<=0,0,IF(D17>=3,15%,5%)) -> 0 | J17: =IF(D17=1,H17*I17,0) -> 0 | K17: =IF(D17=1,0,H17*I17) -> 0 | L17: =IF(E17>6,E17-6,E17) -> 0 | M17: =IF($L17=1,$J17,0) -> 0 | N17: =IF($L17=1,$K17,0) -> 0 | O17: =IF($L17=2,$J17,0) -> 0 | P17: =IF($L17=2,$K17,0) -> 0 | Q17: =IF($L17=3,$J17,0) -> 0 | R17: =IF($L17=3,$K17,0) -> 0 | S17: =IF($L17=4,$J17,0) -> 0 | T17: =IF($L17=4,$K17,0) -> 0 | U17: =IF($L17=5,$J17,0) -> 0 | V17: =IF($L17=5,$K17,0) -> 0 | W17: =IF($L17=6,$J17,0) -> 0 | X17: =IF($L17=6,$K17,0) -> 0 | Y17: =IF(D17=1,IF(E17=1,F17,0),0) -> 0 | Z17: =IF(D17>1,IF(E17=1,F17,0),0) -> 0 | AA17: =IF(D17=1,IF(E17=2,F17,0),0) -> 0 | AB17: =IF(D17>1,IF(E17=2,F17,0),0) -> 0 | AC17: =IF(D17=1,IF(E17=3,F17,0),0) -> 0 | AD17: =IF(D17>1,IF(E17=3,F17,0),0) -> 0 | AE17: =IF(D17=1,IF(E17=4,F17,0),0) -> 0 | AF17: =IF(D17>1,IF(E17=4,F17,0),0) -> 0 | AG17: =IF(D17=1,IF(E17=5,F17,0),0) -> 0 | AH17: =IF(D17>1,IF(E17=5,F17,0),0) -> 0 | AI17: =IF(D17=1,IF(E17=6,F17,0),0) -> 0 | AJ17: =IF(D17>1,IF(E17=6,F17,0),0) -> 0 | AK17: =Y17+AA17+AC17+AE17+AG17+AI17 -> 0 | AL17: =Z17+AB17+AD17+AF17+AH17+AJ17 -> 0
A18: 4 | H18: =F18-G18 -> 0 | I18: =IF(F18<=0,0,IF(D18>=3,15%,5%)) -> 0 | J18: =IF(D18=1,H18*I18,0) -> 0 | K18: =IF(D18=1,0,H18*I18) -> 0 | L18: =IF(E18>6,E18-6,E18) -> 0 | M18: =IF($L18=1,$J18,0) -> 0 | N18: =IF($L18=1,$K18,0) -> 0 | O18: =IF($L18=2,$J18,0) -> 0 | P18: =IF($L18=2,$K18,0) -> 0 | Q18: =IF($L18=3,$J18,0) -> 0 | R18: =IF($L18=3,$K18,0) -> 0 | S18: =IF($L18=4,$J18,0) -> 0 | T18: =IF($L18=4,$K18,0) -> 0 | U18: =IF($L18=5,$J18,0) -> 0 | V18: =IF($L18=5,$K18,0) -> 0 | W18: =IF($L18=6,$J18,0) -> 0 | X18: =IF($L18=6,$K18,0) -> 0 | Y18: =IF(D18=1,IF(E18=1,F18,0),0) -> 0 | Z18: =IF(D18>1,IF(E18=1,F18,0),0) -> 0 | AA18: =IF(D18=1,IF(E18=2,F18,0),0) -> 0 | AB18: =IF(D18>1,IF(E18=2,F18,0),0) -> 0 | AC18: =IF(D18=1,IF(E18=3,F18,0),0) -> 0 | AD18: =IF(D18>1,IF(E18=3,F18,0),0) -> 0 | AE18: =IF(D18=1,IF(E18=4,F18,0),0) -> 0 | AF18: =IF(D18>1,IF(E18=4,F18,0),0) -> 0 | AG18: =IF(D18=1,IF(E18=5,F18,0),0) -> 0 | AH18: =IF(D18>1,IF(E18=5,F18,0),0) -> 0 | AI18: =IF(D18=1,IF(E18=6,F18,0),0) -> 0 | AJ18: =IF(D18>1,IF(E18=6,F18,0),0) -> 0 | AK18: =Y18+AA18+AC18+AE18+AG18+AI18 -> 0 | AL18: =Z18+AB18+AD18+AF18+AH18+AJ18 -> 0
A19: 5 | H19: =F19-G19 -> 0 | I19: =IF(F19<=0,0,IF(D19>=3,15%,5%)) -> 0 | J19: =IF(D19=1,H19*I19,0) -> 0 | K19: =IF(D19=1,0,H19*I19) -> 0 | L19: =IF(E19>6,E19-6,E19) -> 0 | M19: =IF($L19=1,$J19,0) -> 0 | N19: =IF($L19=1,$K19,0) -> 0 | O19: =IF($L19=2,$J19,0) -> 0 | P19: =IF($L19=2,$K19,0) -> 0 | Q19: =IF($L19=3,$J19,0) -> 0 | R19: =IF($L19=3,$K19,0) -> 0 | S19: =IF($L19=4,$J19,0) -> 0 | T19: =IF($L19=4,$K19,0) -> 0 | U19: =IF($L19=5,$J19,0) -> 0 | V19: =IF($L19=5,$K19,0) -> 0 | W19: =IF($L19=6,$J19,0) -> 0 | X19: =IF($L19=6,$K19,0) -> 0 | Y19: =IF(D19=1,IF(E19=1,F19,0),0) -> 0 | Z19: =IF(D19>1,IF(E19=1,F19,0),0) -> 0 | AA19: =IF(D19=1,IF(E19=2,F19,0),0) -> 0 | AB19: =IF(D19>1,IF(E19=2,F19,0),0) -> 0 | AC19: =IF(D19=1,IF(E19=3,F19,0),0) -> 0 | AD19: =IF(D19>1,IF(E19=3,F19,0),0) -> 0 | AE19: =IF(D19=1,IF(E19=4,F19,0),0) -> 0 | AF19: =IF(D19>1,IF(E19=4,F19,0),0) -> 0 | AG19: =IF(D19=1,IF(E19=5,F19,0),0) -> 0 | AH19: =IF(D19>1,IF(E19=5,F19,0),0) -> 0 | AI19: =IF(D19=1,IF(E19=6,F19,0),0) -> 0 | AJ19: =IF(D19>1,IF(E19=6,F19,0),0) -> 0 | AK19: =Y19+AA19+AC19+AE19+AG19+AI19 -> 0 | AL19: =Z19+AB19+AD19+AF19+AH19+AJ19 -> 0
A20: 6 | H20: =F20-G20 -> 0 | I20: =IF(F20<=0,0,IF(D20>=3,15%,5%)) -> 0 | J20: =IF(D20=1,H20*I20,0) -> 0 | K20: =IF(D20=1,0,H20*I20) -> 0 | L20: =IF(E20>6,E20-6,E20) -> 0 | M20: =IF($L20=1,$J20,0) -> 0 | N20: =IF($L20=1,$K20,0) -> 0 | O20: =IF($L20=2,$J20,0) -> 0 | P20: =IF($L20=2,$K20,0) -> 0 | Q20: =IF($L20=3,$J20,0) -> 0 | R20: =IF($L20=3,$K20,0) -> 0 | S20: =IF($L20=4,$J20,0) -> 0 | T20: =IF($L20=4,$K20,0) -> 0 | U20: =IF($L20=5,$J20,0) -> 0 | V20: =IF($L20=5,$K20,0) -> 0 | W20: =IF($L20=6,$J20,0) -> 0 | X20: =IF($L20=6,$K20,0) -> 0 | Y20: =IF(D20=1,IF(E20=1,F20,0),0) -> 0 | Z20: =IF(D20>1,IF(E20=1,F20,0),0) -> 0 | AA20: =IF(D20=1,IF(E20=2,F20,0),0) -> 0 | AB20: =IF(D20>1,IF(E20=2,F20,0),0) -> 0 | AC20: =IF(D20=1,IF(E20=3,F20,0),0) -> 0 | AD20: =IF(D20>1,IF(E20=3,F20,0),0) -> 0 | AE20: =IF(D20=1,IF(E20=4,F20,0),0) -> 0 | AF20: =IF(D20>1,IF(E20=4,F20,0),0) -> 0 | AG20: =IF(D20=1,IF(E20=5,F20,0),0) -> 0 | AH20: =IF(D20>1,IF(E20=5,F20,0),0) -> 0 | AI20: =IF(D20=1,IF(E20=6,F20,0),0) -> 0 | AJ20: =IF(D20>1,IF(E20=6,F20,0),0) -> 0 | AK20: =Y20+AA20+AC20+AE20+AG20+AI20 -> 0 | AL20: =Z20+AB20+AD20+AF20+AH20+AJ20 -> 0
A21: 7 | H21: =F21-G21 -> 0 | I21: =IF(F21<=0,0,IF(D21>=3,15%,5%)) -> 0 | J21: =IF(D21=1,H21*I21,0) -> 0 | K21: =IF(D21=1,0,H21*I21) -> 0 | L21: =IF(E21>6,E21-6,E21) -> 0 | M21: =IF($L21=1,$J21,0) -> 0 | N21: =IF($L21=1,$K21,0) -> 0 | O21: =IF($L21=2,$J21,0) -> 0 | P21: =IF($L21=2,$K21,0) -> 0 | Q21: =IF($L21=3,$J21,0) -> 0 | R21: =IF($L21=3,$K21,0) -> 0 | S21: =IF($L21=4,$J21,0) -> 0 | T21: =IF($L21=4,$K21,0) -> 0 | U21: =IF($L21=5,$J21,0) -> 0 | V21: =IF($L21=5,$K21,0) -> 0 | W21: =IF($L21=6,$J21,0) -> 0 | X21: =IF($L21=6,$K21,0) -> 0 | Y21: =IF(D21=1,IF(E21=1,F21,0),0) -> 0 | Z21: =IF(D21>1,IF(E21=1,F21,0),0) -> 0 | AA21: =IF(D21=1,IF(E21=2,F21,0),0) -> 0 | AB21: =IF(D21>1,IF(E21=2,F21,0),0) -> 0 | AC21: =IF(D21=1,IF(E21=3,F21,0),0) -> 0 | AD21: =IF(D21>1,IF(E21=3,F21,0),0) -> 0 | AE21: =IF(D21=1,IF(E21=4,F21,0),0) -> 0 | AF21: =IF(D21>1,IF(E21=4,F21,0),0) -> 0 | AG21: =IF(D21=1,IF(E21=5,F21,0),0) -> 0 | AH21: =IF(D21>1,IF(E21=5,F21,0),0) -> 0 | AI21: =IF(D21=1,IF(E21=6,F21,0),0) -> 0 | AJ21: =IF(D21>1,IF(E21=6,F21,0),0) -> 0 | AK21: =Y21+AA21+AC21+AE21+AG21+AI21 -> 0 | AL21: =Z21+AB21+AD21+AF21+AH21+AJ21 -> 0
A22: 8 | H22: =F22-G22 -> 0 | I22: =IF(F22<=0,0,IF(D22>=3,15%,5%)) -> 0 | J22: =IF(D22=1,H22*I22,0) -> 0 | K22: =IF(D22=1,0,H22*I22) -> 0 | L22: =IF(E22>6,E22-6,E22) -> 0 | M22: =IF($L22=1,$J22,0) -> 0 | N22: =IF($L22=1,$K22,0) -> 0 | O22: =IF($L22=2,$J22,0) -> 0 | P22: =IF($L22=2,$K22,0) -> 0 | Q22: =IF($L22=3,$J22,0) -> 0 | R22: =IF($L22=3,$K22,0) -> 0 | S22: =IF($L22=4,$J22,0) -> 0 | T22: =IF($L22=4,$K22,0) -> 0 | U22: =IF($L22=5,$J22,0) -> 0 | V22: =IF($L22=5,$K22,0) -> 0 | W22: =IF($L22=6,$J22,0) -> 0 | X22: =IF($L22=6,$K22,0) -> 0 | Y22: =IF(D22=1,IF(E22=1,F22,0),0) -> 0 | Z22: =IF(D22>1,IF(E22=1,F22,0),0) -> 0 | AA22: =IF(D22=1,IF(E22=2,F22,0),0) -> 0 | AB22: =IF(D22>1,IF(E22=2,F22,0),0) -> 0 | AC22: =IF(D22=1,IF(E22=3,F22,0),0) -> 0 | AD22: =IF(D22>1,IF(E22=3,F22,0),0) -> 0 | AE22: =IF(D22=1,IF(E22=4,F22,0),0) -> 0 | AF22: =IF(D22>1,IF(E22=4,F22,0),0) -> 0 | AG22: =IF(D22=1,IF(E22=5,F22,0),0) -> 0 | AH22: =IF(D22>1,IF(E22=5,F22,0),0) -> 0 | AI22: =IF(D22=1,IF(E22=6,F22,0),0) -> 0 | AJ22: =IF(D22>1,IF(E22=6,F22,0),0) -> 0 | AK22: =Y22+AA22+AC22+AE22+AG22+AI22 -> 0 | AL22: =Z22+AB22+AD22+AF22+AH22+AJ22 -> 0
A23: 9 | H23: =F23-G23 -> 0 | I23: =IF(F23<=0,0,IF(D23>=3,15%,5%)) -> 0 | J23: =IF(D23=1,H23*I23,0) -> 0 | K23: =IF(D23=1,0,H23*I23) -> 0 | L23: =IF(E23>6,E23-6,E23) -> 0 | M23: =IF($L23=1,$J23,0) -> 0 | N23: =IF($L23=1,$K23,0) -> 0 | O23: =IF($L23=2,$J23,0) -> 0 | P23: =IF($L23=2,$K23,0) -> 0 | Q23: =IF($L23=3,$J23,0) -> 0 | R23: =IF($L23=3,$K23,0) -> 0 | S23: =IF($L23=4,$J23,0) -> 0 | T23: =IF($L23=4,$K23,0) -> 0 | U23: =IF($L23=5,$J23,0) -> 0 | V23: =IF($L23=5,$K23,0) -> 0 | W23: =IF($L23=6,$J23,0) -> 0 | X23: =IF($L23=6,$K23,0) -> 0 | Y23: =IF(D23=1,IF(E23=1,F23,0),0) -> 0 | Z23: =IF(D23>1,IF(E23=1,F23,0),0) -> 0 | AA23: =IF(D23=1,IF(E23=2,F23,0),0) -> 0 | AB23: =IF(D23>1,IF(E23=2,F23,0),0) -> 0 | AC23: =IF(D23=1,IF(E23=3,F23,0),0) -> 0 | AD23: =IF(D23>1,IF(E23=3,F23,0),0) -> 0 | AE23: =IF(D23=1,IF(E23=4,F23,0),0) -> 0 | AF23: =IF(D23>1,IF(E23=4,F23,0),0) -> 0 | AG23: =IF(D23=1,IF(E23=5,F23,0),0) -> 0 | AH23: =IF(D23>1,IF(E23=5,F23,0),0) -> 0 | AI23: =IF(D23=1,IF(E23=6,F23,0),0) -> 0 | AJ23: =IF(D23>1,IF(E23=6,F23,0),0) -> 0 | AK23: =Y23+AA23+AC23+AE23+AG23+AI23 -> 0 | AL23: =Z23+AB23+AD23+AF23+AH23+AJ23 -> 0
A24: 10 | H24: =F24-G24 -> 0 | I24: =IF(F24<=0,0,IF(D24>=3,15%,5%)) -> 0 | J24: =IF(D24=1,H24*I24,0) -> 0 | K24: =IF(D24=1,0,H24*I24) -> 0 | L24: =IF(E24>6,E24-6,E24) -> 0 | M24: =IF($L24=1,$J24,0) -> 0 | N24: =IF($L24=1,$K24,0) -> 0 | O24: =IF($L24=2,$J24,0) -> 0 | P24: =IF($L24=2,$K24,0) -> 0 | Q24: =IF($L24=3,$J24,0) -> 0 | R24: =IF($L24=3,$K24,0) -> 0 | S24: =IF($L24=4,$J24,0) -> 0 | T24: =IF($L24=4,$K24,0) -> 0 | U24: =IF($L24=5,$J24,0) -> 0 | V24: =IF($L24=5,$K24,0) -> 0 | W24: =IF($L24=6,$J24,0) -> 0 | X24: =IF($L24=6,$K24,0) -> 0 | Y24: =IF(D24=1,IF(E24=1,F24,0),0) -> 0 | Z24: =IF(D24>1,IF(E24=1,F24,0),0) -> 0 | AA24: =IF(D24=1,IF(E24=2,F24,0),0) -> 0 | AB24: =IF(D24>1,IF(E24=2,F24,0),0) -> 0 | AC24: =IF(D24=1,IF(E24=3,F24,0),0) -> 0 | AD24: =IF(D24>1,IF(E24=3,F24,0),0) -> 0 | AE24: =IF(D24=1,IF(E24=4,F24,0),0) -> 0 | AF24: =IF(D24>1,IF(E24=4,F24,0),0) -> 0 | AG24: =IF(D24=1,IF(E24=5,F24,0),0) -> 0 | AH24: =IF(D24>1,IF(E24=5,F24,0),0) -> 0 | AI24: =IF(D24=1,IF(E24=6,F24,0),0) -> 0 | AJ24: =IF(D24>1,IF(E24=6,F24,0),0) -> 0 | AK24: =Y24+AA24+AC24+AE24+AG24+AI24 -> 0 | AL24: =Z24+AB24+AD24+AF24+AH24+AJ24 -> 0
A25: 11 | H25: =F25-G25 -> 0 | I25: =IF(F25<=0,0,IF(D25>=3,15%,5%)) -> 0 | J25: =IF(D25=1,H25*I25,0) -> 0 | K25: =IF(D25=1,0,H25*I25) -> 0 | L25: =IF(E25>6,E25-6,E25) -> 0 | M25: =IF($L25=1,$J25,0) -> 0 | N25: =IF($L25=1,$K25,0) -> 0 | O25: =IF($L25=2,$J25,0) -> 0 | P25: =IF($L25=2,$K25,0) -> 0 | Q25: =IF($L25=3,$J25,0) -> 0 | R25: =IF($L25=3,$K25,0) -> 0 | S25: =IF($L25=4,$J25,0) -> 0 | T25: =IF($L25=4,$K25,0) -> 0 | U25: =IF($L25=5,$J25,0) -> 0 | V25: =IF($L25=5,$K25,0) -> 0 | W25: =IF($L25=6,$J25,0) -> 0 | X25: =IF($L25=6,$K25,0) -> 0 | Y25: =IF(D25=1,IF(E25=1,F25,0),0) -> 0 | Z25: =IF(D25>1,IF(E25=1,F25,0),0) -> 0 | AA25: =IF(D25=1,IF(E25=2,F25,0),0) -> 0 | AB25: =IF(D25>1,IF(E25=2,F25,0),0) -> 0 | AC25: =IF(D25=1,IF(E25=3,F25,0),0) -> 0 | AD25: =IF(D25>1,IF(E25=3,F25,0),0) -> 0 | AE25: =IF(D25=1,IF(E25=4,F25,0),0) -> 0 | AF25: =IF(D25>1,IF(E25=4,F25,0),0) -> 0 | AG25: =IF(D25=1,IF(E25=5,F25,0),0) -> 0 | AH25: =IF(D25>1,IF(E25=5,F25,0),0) -> 0 | AI25: =IF(D25=1,IF(E25=6,F25,0),0) -> 0 | AJ25: =IF(D25>1,IF(E25=6,F25,0),0) -> 0 | AK25: =Y25+AA25+AC25+AE25+AG25+AI25 -> 0 | AL25: =Z25+AB25+AD25+AF25+AH25+AJ25 -> 0
A26: 12 | H26: =F26-G26 -> 0 | I26: =IF(F26<=0,0,IF(D26>=3,15%,5%)) -> 0 | J26: =IF(D26=1,H26*I26,0) -> 0 | K26: =IF(D26=1,0,H26*I26) -> 0 | L26: =IF(E26>6,E26-6,E26) -> 0 | M26: =IF($L26=1,$J26,0) -> 0 | N26: =IF($L26=1,$K26,0) -> 0 | O26: =IF($L26=2,$J26,0) -> 0 | P26: =IF($L26=2,$K26,0) -> 0 | Q26: =IF($L26=3,$J26,0) -> 0 | R26: =IF($L26=3,$K26,0) -> 0 | S26: =IF($L26=4,$J26,0) -> 0 | T26: =IF($L26=4,$K26,0) -> 0 | U26: =IF($L26=5,$J26,0) -> 0 | V26: =IF($L26=5,$K26,0) -> 0 | W26: =IF($L26=6,$J26,0) -> 0 | X26: =IF($L26=6,$K26,0) -> 0 | Y26: =IF(D26=1,IF(E26=1,F26,0),0) -> 0 | Z26: =IF(D26>1,IF(E26=1,F26,0),0) -> 0 | AA26: =IF(D26=1,IF(E26=2,F26,0),0) -> 0 | AB26: =IF(D26>1,IF(E26=2,F26,0),0) -> 0 | AC26: =IF(D26=1,IF(E26=3,F26,0),0) -> 0 | AD26: =IF(D26>1,IF(E26=3,F26,0),0) -> 0 | AE26: =IF(D26=1,IF(E26=4,F26,0),0) -> 0 | AF26: =IF(D26>1,IF(E26=4,F26,0),0) -> 0 | AG26: =IF(D26=1,IF(E26=5,F26,0),0) -> 0 | AH26: =IF(D26>1,IF(E26=5,F26,0),0) -> 0 | AI26: =IF(D26=1,IF(E26=6,F26,0),0) -> 0 | AJ26: =IF(D26>1,IF(E26=6,F26,0),0) -> 0 | AK26: =Y26+AA26+AC26+AE26+AG26+AI26 -> 0 | AL26: =Z26+AB26+AD26+AF26+AH26+AJ26 -> 0
A27: Итого: | F27: =SUM(F15:F26) -> 1500000 | G27: =SUM(G15:G26) -> 0 | H27: =SUM(H15:H26) -> 1500000 | J27: =SUM(J15:J26) -> 0 | K27: =SUM(K15:K26) -> 225000 | M27: =SUM(M15:M26) -> 0 | N27: =SUM(N15:N26) -> 0 | O27: =SUM(O15:O26) -> 0 | P27: =SUM(P15:P26) -> 225000 | Q27: =SUM(Q15:Q26) -> 0 | R27: =SUM(R15:R26) -> 0 | S27: =SUM(S15:S26) -> 0 | T27: =SUM(T15:T26) -> 0 | ... AL27: =SUM(AL15:AL26) -> 1500000
A29: (Ф.И.О., подпись руководителя (налогоплательщика), печать)
A32: (Ф.И.О., подпись главного бухгалтера )
A35: (Ф.И.О., подпись лица, ответственного за составление налогового регистра)
A38: (Дата составления налогового регистра)

Sheet свод
V1: Форма 910.00
A4: Наименование налогоплательщика
A6: 1 | B6: РНН
A7: 2 | B7: ИИН (БИН) | E7: ='910.00'!D8 -> 111111111111
A8: 3 | B8: Налоговый период: месяц Год | H8: ='910.00'!O12 -> 2021
A10: Налоговый регистр: "Начисленные доходы работникам для целей налогообложения в первом месяце полугодия"
A13: № п/п | B13: Ф.И.О. физического лица | C13: Признак резиденства: гражданин РК - 1; иностранный гражданин резидент - 2; иностранный гражданин нерезидент - 3; гражданин ЕАЭС - 4 | D13: начисленный доход | E13: примененный вычет 1 МЗП | F13: вычет взносов ОСМС | G13: прочие стандартные вычеты | H13: прочие вычеты | I13: Доходы, не облагаемые ИПН (корректировка) | J13: Доходы, облагаемые ИПН | K13: Индивидуальный подоходный налог с доходов граждан РК | L13: Индивидуальный подоходный налог с доходов иностранцев и лиц без гражданства | M13: Доходы, не облагаемые ОПВ | N13: Доход для исчисления обязательных пенсионных взносов | P13: Обязательные пенсионные взносы | Q13: Доходы не облагаемые СО | R13: Предварительный расчет объекта для исчисления СО | S13: Доход для исчисления социальных отчислений | T13: Обязательные социальные отчисления | U13: Доход для исчисления ОППВ работодателя | V13: Обязательные профессиональные пенсионные взносы | Z13: Предварительный расчет объекта для исчисления ОСМС | AA13: Доходы принимаемые для исчисления ОСМС | AB13: Сумма отчислений на обязательное социальное медицинское страхование, к уплате | AC13: Сумма взносов на обязательное социальное медицинское страхование, к уплате | AE13: Доход граждане РК | AF13: Доход иностранцев
A14: 1 | B14: иванов | C14: 1 | D14: =SUMIF('2.1'!B$14:B$25,свод!B14,'2.1'!D$14:D$25)+SUMIF('2.2'!B$14:B$25,свод!B14,'2.2'!D$14:D$25)+SUMIF('2.3'!B$14:B$25,свод!B14,'2.3'!D$14:D$25)+SUMIF('2.4'!B$14:B$25,свод!B14,'2.4'!D$14:D$25)+SUMIF('2.5'!B$14:B$25,свод!B14,'2.5'!D$14:D$25)+SUMIF('2.6'!B$14:B$25,свод!B14,'2.6'!D$14:D$25)+SUMIF('3гпх'!B$15:B$26,свод!B14,'3гпх'!E$15:E$26)+SUMIF(дивид!B$15:B$26,свод!B14,дивид!F$15:F$26) -> 750000 | E14: =SUMIF('2.1'!B$14:B$25,свод!B14,'2.1'!E$14:E$25)+SUMIF('2.2'!B$14:B$25,свод!B14,'2.2'!E$14:E$25)+SUMIF('2.3'!B$14:B$25,свод!B14,'2.3'!E$14:E$25)+SUMIF('2.4'!B$14:B$25,свод!B14,'2.4'!E$14:E$25)+SUMIF('2.5'!B$14:B$25,свод!B14,'2.5'!E$14:E$25)+SUMIF('2.6'!B$14:B$25,свод!B14,'2.6'!E$14:E$25) -> 127500 | F14: =SUMIF('2.1'!B$14:B$25,свод!B14,'2.1'!AC$14:AC$25)+SUMIF('2.2'!B$14:B$25,свод!B14,'2.2'!AC$14:AC$25)+SUMIF('2.3'!B$14:B$25,свод!B14,'2.3'!AC$14:AC$25)+SUMIF('2.4'!B$14:B$25,свод!B14,'2.4'!AC$14:AC$25)+SUMIF('2.5'!B$14:B$25,свод!B14,'2.5'!AC$14:AC$25)+SUMIF('2.6'!B$14:B$25,свод!B14,'2.6'!AC$14:AC$25)+SUMIF('3гпх'!B$15:B$26,свод!B14,'3гпх'!H$15:H$26) -> 15000 | G14: =SUMIF('2.1'!B$14:B$25,свод!B14,'2.1'!G$14:G$25)+SUMIF('2.2'!B$14:B$25,свод!B14,'2.2'!G$14:G$25)+SUMIF('2.3'!B$14:B$25,свод!B14,'2.3'!G$14:G$25)+SUMIF('2.4'!B$14:B$25,свод!B14,'2.4'!G$14:G$25)+SUMIF('2.5'!B$14:B$25,свод!B14,'2.5'!G$14:G$25)+SUMIF('2.6'!B$14:B$25,свод!B14,'2.6'!G$14:G$25)+SUMIF('3гпх'!B$15:B$26,свод!B14,'3гпх'!I$15:I$26) -> 0 | H14: =SUMIF('2.1'!B$14:B$25,свод!B14,'2.1'!H$14:H$25)+SUMIF('2.2'!B$14:B$25,свод!B14,'2.2'!H$14:H$25)+SUMIF('2.3'!B$14:B$25,свод!B14,'2.3'!H$14:H$25)+SUMIF('2.4'!B$14:B$25,свод!B14,'2.4'!H$14:H$25)+SUMIF('2.5'!B$14:B$25,свод!B14,'2.5'!H$14:H$25)+SUMIF('2.6'!B$14:B$25,свод!B14,'2.6'!H$14:H$25) -> 0 | I14: =SUMIF('2.1'!B$14:B$25,свод!B14,'2.1'!I$14:I$25)+SUMIF('2.2'!B$14:B$25,свод!B14,'2.2'!I$14:I$25)+SUMIF('2.3'!B$14:B$25,свод!B14,'2.3'!I$14:I$25)+SUMIF('2.4'!B$14:B$25,свод!B14,'2.4'!I$14:I$25)+SUMIF('2.5'!B$14:B$25,свод!B14,'2.5'!I$14:I$25)+SUMIF('2.6'!B$14:B$25,свод!B14,'2.6'!I$14:I$25)+SUMIF('3гпх'!B$15:B$26,свод!B14,'3гпх'!F$15:F$26)+SUMIF(дивид!B$15:B$26,свод!B14,дивид!G$15:G$26) -> 0 | J14: =SUMIF('2.1'!B$14:B$25,свод!B14,'2.1'!J$14:J$25)+SUMIF('2.2'!B$14:B$25,свод!B14,'2.2'!J$14:J$25)+SUMIF('2.3'!B$14:B$25,свод!B14,'2.3'!J$14:J$25)+SUMIF('2.4'!B$14:B$25,свод!B14,'2.4'!J$14:J$25)+SUMIF('2.5'!B$14:B$25,свод!B14,'2.5'!J$14:J$25)+SUMIF('2.6'!B$14:B$25,свод!B14,'2.6'!J$14:J$25)+SUMIF('3гпх'!B$15:B$26,свод!B14,'3гпх'!J$15:J$26)+SUMIF(дивид!B$15:B$26,свод!B14,дивид!H$15:H$26) -> 532500 | K14: =SUMIF('2.1'!B$14:B$25,свод!B14,'2.1'!K$14:K$25)+SUMIF('2.2'!B$14:B$25,свод!B14,'2.2'!K$14:K$25)+SUMIF('2.3'!B$14:B$25,свод!B14,'2.3'!K$14:K$25)+SUMIF('2.4'!B$14:B$25,свод!B14,'2.4'!K$14:K$25)+SUMIF('2.5'!B$14:B$25,свод!B14,'2.5'!K$14:K$25)+SUMIF('2.6'!B$14:B$25,свод!B14,'2.6'!K$14:K$25)+SUMIF('3гпх'!B$15:B$26,свод!B14,'3гпх'!L$15:L$26)+SUMIF(дивид!B$15:B$26,свод!B14,дивид!J$15:J$26) -> 53250 | L14: =SUMIF('2.1'!B$14:B$25,свод!B14,'2.1'!L$14:L$25)+SUMIF('2.2'!B$14:B$25,свод!B14,'2.2'!L$14:L$25)+SUMIF('2.3'!B$14:B$25,свод!B14,'2.3'!L$14:L$25)+SUMIF('2.4'!B$14:B$25,свод!B14,'2.4'!L$14:L$25)+SUMIF('2.5'!B$14:B$25,свод!B14,'2.5'!L$14:L$25)+SUMIF('2.6'!B$14:B$25,свод!B14,'2.6'!L$14:L$25)+SUMIF('3гпх'!B$15:B$26,свод!B14,'3гпх'!M$15:M$26)+SUMIF(дивид!B$15:B$26,свод!B14,дивид!K$15:K$26) -> 0 | M14: =SUMIF('2.1'!B$14:B$25,свод!B14,'2.1'!M$14:M$25)+SUMIF('2.2'!B$14:B$25,свод!B14,'2.2'!M$14:M$25)+SUMIF('2.3'!B$14:B$25,свод!B14,'2.3'!M$14:M$25)+SUMIF('2.4'!B$14:B$25,свод!B14,'2.4'!M$14:M$25)+SUMIF('2.5'!B$14:B$25,свод!B14,'2.5'!M$14:M$25)+SUMIF('2.6'!B$14:B$25,свод!B14,'2.6'!M$14:M$25)+SUMIF('3гпх'!B$15:B$26,свод!B14,'4гпх'!E$3:E$14) -> 0 | N14: =SUMIF('2.1'!B$14:B$25,свод!B14,'2.1'!N$14:N$25)+SUMIF('2.2'!B$14:B$25,свод!B14,'2.2'!N$14:N$25)+SUMIF('2.3'!B$14:B$25,свод!B14,'2.3'!N$14:N$25)+SUMIF('2.4'!B$14:B$25,свод!B14,'2.4'!N$14:N$25)+SUMIF('2.5'!B$14:B$25,свод!B14,'2.5'!N$14:N$25)+SUMIF('2.6'!B$14:B$25,свод!B14,'2.6'!N$14:N$25)+SUMIF('3гпх'!B$15:B$26,свод!B14,'4гпх'!F$3:F$14) -> 750000 | P14: =SUMIF('2.1'!B$14:B$25,свод!B14,'2.1'!P$14:P$25)+SUMIF('2.2'!B$14:B$25,свод!B14,'2.2'!P$14:P$25)+SUMIF('2.3'!B$14:B$25,свод!B14,'2.3'!P$14:P$25)+SUMIF('2.4'!B$14:B$25,свод!B14,'2.4'!P$14:P$25)+SUMIF('2.5'!B$14:B$25,свод!B14,'2.5'!P$14:P$25)+SUMIF('2.6'!B$14:B$25,свод!B14,'2.6'!P$14:P$25)+SUMIF('3гпх'!B$15:B$26,свод!B14,'3гпх'!G$15:G$26) -> 75000 | Q14: =SUMIF('2.1'!B$14:B$25,свод!B14,'2.1'!Q$14:Q$25)+SUMIF('2.2'!B$14:B$25,свод!B14,'2.2'!Q$14:Q$25)+SUMIF('2.3'!B$14:B$25,свод!B14,'2.3'!Q$14:Q$25)+SUMIF('2.4'!B$14:B$25,свод!B14,'2.4'!Q$14:Q$25)+SUMIF('2.5'!B$14:B$25,свод!B14,'2.5'!Q$14:Q$25)+SUMIF('2.6'!B$14:B$25,свод!B14,'2.6'!Q$14:Q$25) -> 0 | R14: =SUMIF('2.1'!B$14:B$25,свод!B14,'2.1'!R$14:R$25)+SUMIF('2.2'!B$14:B$25,свод!B14,'2.2'!R$14:R$25)+SUMIF('2.3'!B$14:B$25,свод!B14,'2.3'!R$14:R$25)+SUMIF('2.4'!B$14:B$25,свод!B14,'2.4'!R$14:R$25)+SUMIF('2.5'!B$14:B$25,свод!B14,'2.5'!R$14:R$25)+SUMIF('2.6'!B$14:B$25,свод!B14,'2.6'!R$14:R$25) -> 675000 | S14: =SUMIF('2.1'!B$14:B$25,свод!B14,'2.1'!S$14:S$25)+SUMIF('2.2'!B$14:B$25,свод!B14,'2.2'!S$14:S$25)+SUMIF('2.3'!B$14:B$25,свод!B14,'2.3'!S$14:S$25)+SUMIF('2.4'!B$14:B$25,свод!B14,'2.4'!S$14:S$25)+SUMIF('2.5'!B$14:B$25,свод!B14,'2.5'!S$14:S$25)+SUMIF('2.6'!B$14:B$25,свод!B14,'2.6'!S$14:S$25) -> 675000 | T14: =SUMIF('2.1'!B$14:B$25,свод!B14,'2.1'!T$14:T$25)+SUMIF('2.2'!B$14:B$25,свод!B14,'2.2'!T$14:T$25)+SUMIF('2.3'!B$14:B$25,свод!B14,'2.3'!T$14:T$25)+SUMIF('2.4'!B$14:B$25,свод!B14,'2.4'!T$14:T$25)+SUMIF('2.5'!B$14:B$25,свод!B14,'2.5'!T$14:T$25)+SUMIF('2.6'!B$14:B$25,свод!B14,'2.6'!T$14:T$25) -> 23625 | U14: =SUMIF('2.1'!B$14:B$25,свод!B14,'2.1'!U$14:U$25)+SUMIF('2.2'!B$14:B$25,свод!B14,'2.2'!U$14:U$25)+SUMIF('2.3'!B$14:B$25,свод!B14,'2.3'!U$14:U$25)+SUMIF('2.4'!B$14:B$25,свод!B14,'2.4'!U$14:U$25)+SUMIF('2.5'!B$14:B$25,свод!B14,'2.5'!U$14:U$25)+SUMIF('2.6'!B$14:B$25,свод!B14,'2.6'!U$14:U$25) -> 0 | V14: =SUMIF('2.1'!B$14:B$25,свод!B14,'2.1'!V$14:V$25)+SUMIF('2.2'!B$14:B$25,свод!B14,'2.2'!V$14:V$25)+SUMIF('2.3'!B$14:B$25,свод!B14,'2.3'!V$14:V$25)+SUMIF('2.4'!B$14:B$25,свод!B14,'2.4'!V$14:V$25)+SUMIF('2.5'!B$14:B$25,свод!B14,'2.5'!V$14:V$25)+SUMIF('2.6'!B$14:B$25,свод!B14,'2.6'!V$14:V$25) -> 0 | Z14: =SUMIF('2.1'!B$14:B$25,свод!B14,'2.1'!Z$14:Z$25)+SUMIF('2.2'!B$14:B$25,свод!B14,'2.2'!Z$14:Z$25)+SUMIF('2.3'!B$14:B$25,свод!B14,'2.3'!Z$14:Z$25)+SUMIF('2.4'!B$14:B$25,свод!B14,'2.4'!Z$14:Z$25)+SUMIF('2.5'!B$14:B$25,свод!B14,'2.5'!Z$14:Z$25)+SUMIF('2.6'!B$14:B$25,свод!B14,'2.6'!Z$14:Z$25)+SUMIF('3гпх'!B$15:B$26,свод!B14,'4гпх'!D$3:D$14) -> 750000 | AA14: =SUMIF('2.1'!B$14:B$25,свод!B14,'2.1'!AA$14:AA$25)+SUMIF('2.2'!B$14:B$25,свод!B14,'2.2'!AA$14:AA$25)+SUMIF('2.3'!B$14:B$25,свод!B14,'2.3'!AA$14:AA$25)+SUMIF('2.4'!B$14:B$25,свод!B14,'2.4'!AA$14:AA$25)+SUMIF('2.5'!B$14:B$25,свод!B14,'2.5'!AA$14:AA$25)+SUMIF('2.6'!B$14:B$25,свод!B14,'2.6'!AA$14:AA$25)+SUMIF('3гпх'!B$15:B$26,свод!B14,'4гпх'!I$3:I$14) -> 750000 | AB14: =SUMIF('2.1'!B$14:B$25,свод!B14,'2.1'!AB$14:AB$25)+SUMIF('2.2'!B$14:B$25,свод!B14,'2.2'!AB$14:AB$25)+SUMIF('2.3'!B$14:B$25,свод!B14,'2.3'!AB$14:AB$25)+SUMIF('2.4'!B$14:B$25,свод!B14,'2.4'!AB$14:AB$25)+SUMIF('2.5'!B$14:B$25,свод!B14,'2.5'!AB$14:AB$25)+SUMIF('2.6'!B$14:B$25,свод!B14,'2.6'!AB$14:AB$25) -> 15000 | AC14: =SUMIF('2.1'!B$14:B$25,свод!B14,'2.1'!AC$14:AC$25)+SUMIF('2.2'!B$14:B$25,свод!B14,'2.2'!AC$14:AC$25)+SUMIF('2.3'!B$14:B$25,свод!B14,'2.3'!AC$14:AC$25)+SUMIF('2.4'!B$14:B$25,свод!B14,'2.4'!AC$14:AC$25)+SUMIF('2.5'!B$14:B$25,свод!B14,'2.5'!AC$14:AC$25)+SUMIF('2.6'!B$14:B$25,свод!B14,'2.6'!AC$14:AC$25)+SUMIF('3гпх'!B$15:B$26,свод!B14,'3гпх'!H$15:H$26) -> 15000 | AE14: =SUMIF('2.1'!B$14:B$25,свод!B14,'2.1'!AE$14:AE$25)+SUMIF('2.2'!B$14:B$25,свод!B14,'2.2'!AE$14:AE$25)+SUMIF('2.3'!B$14:B$25,свод!B14,'2.3'!AE$14:AE$25)+SUMIF('2.4'!B$14:B$25,свод!B14,'2.4'!AE$14:AE$25)+SUMIF('2.5'!B$14:B$25,свод!B14,'2.5'!AE$14:AE$25)+SUMIF('2.6'!B$14:B$25,свод!B14,'2.6'!AE$14:AE$25)+SUMIF('3гпх'!B$15:B$26,свод!B14,'3гпх'!AM$15:AM$26)+SUMIF(дивид!B$15:B$26,свод!B14,дивид!AK$15:AK$26) -> 750000 | AF14: =SUMIF('2.1'!B$14:B$25,свод!B14,'2.1'!AF$14:AF$25)+SUMIF('2.2'!B$14:B$25,свод!B14,'2.2'!AF$14:AF$25)+SUMIF('2.3'!B$14:B$25,свод!B14,'2.3'!AF$14:AF$25)+SUMIF('2.4'!B$14:B$25,свод!B14,'2.4'!AF$14:AF$25)+SUMIF('2.5'!B$14:B$25,свод!B14,'2.5'!AF$14:AF$25)+SUMIF('2.6'!B$14:B$25,свод!B14,'2.6'!AF$14:AF$25)+SUMIF('3гпх'!B$15:B$26,свод!B14,'3гпх'!AN$15:AN$26)+SUMIF(дивид!B$15:B$26,свод!B14,дивид!AL$15:AL$26) -> 0
A15: 2 | B15: петров | C15: 1 | D15: =SUMIF('2.1'!B$14:B$25,свод!B15,'2.1'!D$14:D$25)+SUMIF('2.2'!B$14:B$25,свод!B15,'2.2'!D$14:D$25)+SUMIF('2.3'!B$14:B$25,свод!B15,'2.3'!D$14:D$25)+SUMIF('2.4'!B$14:B$25,свод!B15,'2.4'!D$14:D$25)+SUMIF('2.5'!B$14:B$25,свод!B15,'2.5'!D$14:D$25)+SUMIF('2.6'!B$14:B$25,свод!B15,'2.6'!D$14:D$25)+SUMIF('3гпх'!B$15:B$26,свод!B15,'3гпх'!E$15:E$26)+SUMIF(дивид!B$15:B$26,свод!B15,дивид!F$15:F$26) -> 1080000 | E15: =SUMIF('2.1'!B$14:B$25,свод!B15,'2.1'!E$14:E$25)+SUMIF('2.2'!B$14:B$25,свод!B15,'2.2'!E$14:E$25)+SUMIF('2.3'!B$14:B$25,свод!B15,'2.3'!E$14:E$25)+SUMIF('2.4'!B$14:B$25,свод!B15,'2.4'!E$14:E$25)+SUMIF('2.5'!B$14:B$25,свод!B15,'2.5'!E$14:E$25)+SUMIF('2.6'!B$14:B$25,свод!B15,'2.6'!E$14:E$25) -> 255000 | F15: =SUMIF('2.1'!B$14:B$25,свод!B15,'2.1'!AC$14:AC$25)+SUMIF('2.2'!B$14:B$25,свод!B15,'2.2'!AC$14:AC$25)+SUMIF('2.3'!B$14:B$25,свод!B15,'2.3'!AC$14:AC$25)+SUMIF('2.4'!B$14:B$25,свод!B15,'2.4'!AC$14:AC$25)+SUMIF('2.5'!B$14:B$25,свод!B15,'2.5'!AC$14:AC$25)+SUMIF('2.6'!B$14:B$25,свод!B15,'2.6'!AC$14:AC$25)+SUMIF('3гпх'!B$15:B$26,свод!B15,'3гпх'!H$15:H$26) -> 21600 | G15: =SUMIF('2.1'!B$14:B$25,свод!B15,'2.1'!G$14:G$25)+SUMIF('2.2'!B$14:B$25,свод!B15,'2.2'!G$14:G$25)+SUMIF('2.3'!B$14:B$25,свод!B15,'2.3'!G$14:G$25)+SUMIF('2.4'!B$14:B$25,свод!B15,'2.4'!G$14:G$25)+SUMIF('2.5'!B$14:B$25,свод!B15,'2.5'!G$14:G$25)+SUMIF('2.6'!B$14:B$25,свод!B15,'2.6'!G$14:G$25)+SUMIF('3гпх'!B$15:B$26,свод!B15,'3гпх'!I$15:I$26) -> 0 | H15: =SUMIF('2.1'!B$14:B$25,свод!B15,'2.1'!H$14:H$25)+SUMIF('2.2'!B$14:B$25,свод!B15,'2.2'!H$14:H$25)+SUMIF('2.3'!B$14:B$25,свод!B15,'2.3'!H$14:H$25)+SUMIF('2.4'!B$14:B$25,свод!B15,'2.4'!H$14:H$25)+SUMIF('2.5'!B$14:B$25,свод!B15,'2.5'!H$14:H$25)+SUMIF('2.6'!B$14:B$25,свод!B15,'2.6'!H$14:H$25) -> 0 | I15: =SUMIF('2.1'!B$14:B$25,свод!B15,'2.1'!I$14:I$25)+SUMIF('2.2'!B$14:B$25,свод!B15,'2.2'!I$14:I$25)+SUMIF('2.3'!B$14:B$25,свод!B15,'2.3'!I$14:I$25)+SUMIF('2.4'!B$14:B$25,свод!B15,'2.4'!I$14:I$25)+SUMIF('2.5'!B$14:B$25,свод!B15,'2.5'!I$14:I$25)+SUMIF('2.6'!B$14:B$25,свод!B15,'2.6'!I$14:I$25)+SUMIF('3гпх'!B$15:B$26,свод!B15,'3гпх'!F$15:F$26)+SUMIF(дивид!B$15:B$26,свод!B15,дивид!G$15:G$26) -> 0 | J15: =SUMIF('2.1'!B$14:B$25,свод!B15,'2.1'!J$14:J$25)+SUMIF('2.2'!B$14:B$25,свод!B15,'2.2'!J$14:J$25)+SUMIF('2.3'!B$14:B$25,свод!B15,'2.3'!J$14:J$25)+SUMIF('2.4'!B$14:B$25,свод!B15,'2.4'!J$14:J$25)+SUMIF('2.5'!B$14:B$25,свод!B15,'2.5'!J$14:J$25)+SUMIF('2.6'!B$14:B$25,свод!B15,'2.6'!J$14:J$25)+SUMIF('3гпх'!B$15:B$26,свод!B15,'3гпх'!J$15:J$26)+SUMIF(дивид!B$15:B$26,свод!B15,дивид!H$15:H$26) -> 695400 | K15: =SUMIF('2.1'!B$14:B$25,свод!B15,'2.1'!K$14:K$25)+SUMIF('2.2'!B$14:B$25,свод!B15,'2.2'!K$14:K$25)+SUMIF('2.3'!B$14:B$25,свод!B15,'2.3'!K$14:K$25)+SUMIF('2.4'!B$14:B$25,свод!B15,'2.4'!K$14:K$25)+SUMIF('2.5'!B$14:B$25,свод!B15,'2.5'!K$14:K$25)+SUMIF('2.6'!B$14:B$25,свод!B15,'2.6'!K$14:K$25)+SUMIF('3гпх'!B$15:B$26,свод!B15,'3гпх'!L$15:L$26)+SUMIF(дивид!B$15:B$26,свод!B15,дивид!J$15:J$26) -> 69540 | L15: =SUMIF('2.1'!B$14:B$25,свод!B15,'2.1'!L$14:L$25)+SUMIF('2.2'!B$14:B$25,свод!B15,'2.2'!L$14:L$25)+SUMIF('2.3'!B$14:B$25,свод!B15,'2.3'!L$14:L$25)+SUMIF('2.4'!B$14:B$25,свод!B15,'2.4'!L$14:L$25)+SUMIF('2.5'!B$14:B$25,свод!B15,'2.5'!L$14:L$25)+SUMIF('2.6'!B$14:B$25,свод!B15,'2.6'!L$14:L$25)+SUMIF('3гпх'!B$15:B$26,свод!B15,'3гпх'!M$15:M$26)+SUMIF(дивид!B$15:B$26,свод!B15,дивид!K$15:K$26) -> 0 | M15: =SUMIF('2.1'!B$14:B$25,свод!B15,'2.1'!M$14:M$25)+SUMIF('2.2'!B$14:B$25,свод!B15,'2.2'!M$14:M$25)+SUMIF('2.3'!B$14:B$25,свод!B15,'2.3'!M$14:M$25)+SUMIF('2.4'!B$14:B$25,свод!B15,'2.4'!M$14:M$25)+SUMIF('2.5'!B$14:B$25,свод!B15,'2.5'!M$14:M$25)+SUMIF('2.6'!B$14:B$25,свод!B15,'2.6'!M$14:M$25)+SUMIF('3гпх'!B$15:B$26,свод!B15,'4гпх'!E$3:E$14) -> 0 | N15: =SUMIF('2.1'!B$14:B$25,свод!B15,'2.1'!N$14:N$25)+SUMIF('2.2'!B$14:B$25,свод!B15,'2.2'!N$14:N$25)+SUMIF('2.3'!B$14:B$25,свод!B15,'2.3'!N$14:N$25)+SUMIF('2.4'!B$14:B$25,свод!B15,'2.4'!N$14:N$25)+SUMIF('2.5'!B$14:B$25,свод!B15,'2.5'!N$14:N$25)+SUMIF('2.6'!B$14:B$25,свод!B15,'2.6'!N$14:N$25)+SUMIF('3гпх'!B$15:B$26,свод!B15,'4гпх'!F$3:F$14) -> 1080000 | P15: =SUMIF('2.1'!B$14:B$25,свод!B15,'2.1'!P$14:P$25)+SUMIF('2.2'!B$14:B$25,свод!B15,'2.2'!P$14:P$25)+SUMIF('2.3'!B$14:B$25,свод!B15,'2.3'!P$14:P$25)+SUMIF('2.4'!B$14:B$25,свод!B15,'2.4'!P$14:P$25)+SUMIF('2.5'!B$14:B$25,свод!B15,'2.5'!P$14:P$25)+SUMIF('2.6'!B$14:B$25,свод!B15,'2.6'!P$14:P$25)+SUMIF('3гпх'!B$15:B$26,свод!B15,'3гпх'!G$15:G$26) -> 108000 | Q15: =SUMIF('2.1'!B$14:B$25,свод!B15,'2.1'!Q$14:Q$25)+SUMIF('2.2'!B$14:B$25,свод!B15,'2.2'!Q$14:Q$25)+SUMIF('2.3'!B$14:B$25,свод!B15,'2.3'!Q$14:Q$25)+SUMIF('2.4'!B$14:B$25,свод!B15,'2.4'!Q$14:Q$25)+SUMIF('2.5'!B$14:B$25,свод!B15,'2.5'!Q$14:Q$25)+SUMIF('2.6'!B$14:B$25,свод!B15,'2.6'!Q$14:Q$25) -> 0 | R15: =SUMIF('2.1'!B$14:B$25,свод!B15,'2.1'!R$14:R$25)+SUMIF('2.2'!B$14:B$25,свод!B15,'2.2'!R$14:R$25)+SUMIF('2.3'!B$14:B$25,свод!B15,'2.3'!R$14:R$25)+SUMIF('2.4'!B$14:B$25,свод!B15,'2.4'!R$14:R$25)+SUMIF('2.5'!B$14:B$25,свод!B15,'2.5'!R$14:R$25)+SUMIF('2.6'!B$14:B$25,свод!B15,'2.6'!R$14:R$25) -> 972000 | S15: =SUMIF('2.1'!B$14:B$25,свод!B15,'2.1'!S$14:S$25)+SUMIF('2.2'!B$14:B$25,свод!B15,'2.2'!S$14:S$25)+SUMIF('2.3'!B$14:B$25,свод!B15,'2.3'!S$14:S$25)+SUMIF('2.4'!B$14:B$25,свод!B15,'2.4'!S$14:S$25)+SUMIF('2.5'!B$14:B$25,свод!B15,'2.5'!S$14:S$25)+SUMIF('2.6'!B$14:B$25,свод!B15,'2.6'!S$14:S$25) -> 972000 | T15: =SUMIF('2.1'!B$14:B$25,свод!B15,'2.1'!T$14:T$25)+SUMIF('2.2'!B$14:B$25,свод!B15,'2.2'!T$14:T$25)+SUMIF('2.3'!B$14:B$25,свод!B15,'2.3'!T$14:T$25)+SUMIF('2.4'!B$14:B$25,свод!B15,'2.4'!T$14:T$25)+SUMIF('2.5'!B$14:B$25,свод!B15,'2.5'!T$14:T$25)+SUMIF('2.6'!B$14:B$25,свод!B15,'2.6'!T$14:T$25) -> 34020 | U15: =SUMIF('2.1'!B$14:B$25,свод!B15,'2.1'!U$14:U$25)+SUMIF('2.2'!B$14:B$25,свод!B15,'2.2'!U$14:U$25)+SUMIF('2.3'!B$14:B$25,свод!B15,'2.3'!U$14:U$25)+SUMIF('2.4'!B$14:B$25,свод!B15,'2.4'!U$14:U$25)+SUMIF('2.5'!B$14:B$25,свод!B15,'2.5'!U$14:U$25)+SUMIF('2.6'!B$14:B$25,свод!B15,'2.6'!U$14:U$25) -> 0 | V15: =SUMIF('2.1'!B$14:B$25,свод!B15,'2.1'!V$14:V$25)+SUMIF('2.2'!B$14:B$25,свод!B15,'2.2'!V$14:V$25)+SUMIF('2.3'!B$14:B$25,свод!B15,'2.3'!V$14:V$25)+SUMIF('2.4'!B$14:B$25,свод!B15,'2.4'!V$14:V$25)+SUMIF('2.5'!B$14:B$25,свод!B15,'2.5'!V$14:V$25)+SUMIF('2.6'!B$14:B$25,свод!B15,'2.6'!V$14:V$25) -> 0 | Z15: =SUMIF('2.1'!B$14:B$25,свод!B15,'2.1'!Z$14:Z$25)+SUMIF('2.2'!B$14:B$25,свод!B15,'2.2'!Z$14:Z$25)+SUMIF('2.3'!B$14:B$25,свод!B15,'2.3'!Z$14:Z$25)+SUMIF('2.4'!B$14:B$25,свод!B15,'2.4'!Z$14:Z$25)+SUMIF('2.5'!B$14:B$25,свод!B15,'2.5'!Z$14:Z$25)+SUMIF('2.6'!B$14:B$25,свод!B15,'2.6'!Z$14:Z$25)+SUMIF('3гпх'!B$15:B$26,свод!B15,'4гпх'!D$3:D$14) -> 1080000 | AA15: =SUMIF('2.1'!B$14:B$25,свод!B15,'2.1'!AA$14:AA$25)+SUMIF('2.2'!B$14:B$25,свод!B15,'2.2'!AA$14:AA$25)+SUMIF('2.3'!B$14:B$25,свод!B15,'2.3'!AA$14:AA$25)+SUMIF('2.4'!B$14:B$25,свод!B15,'2.4'!AA$14:AA$25)+SUMIF('2.5'!B$14:B$25,свод!B15,'2.5'!AA$14:AA$25)+SUMIF('2.6'!B$14:B$25,свод!B15,'2.6'!AA$14:AA$25)+SUMIF('3гпх'!B$15:B$26,свод!B15,'4гпх'!I$3:I$14) -> 1080000 | AB15: =SUMIF('2.1'!B$14:B$25,свод!B15,'2.1'!AB$14:AB$25)+SUMIF('2.2'!B$14:B$25,свод!B15,'2.2'!AB$14:AB$25)+SUMIF('2.3'!B$14:B$25,свод!B15,'2.3'!AB$14:AB$25)+SUMIF('2.4'!B$14:B$25,свод!B15,'2.4'!AB$14:AB$25)+SUMIF('2.5'!B$14:B$25,свод!B15,'2.5'!AB$14:AB$25)+SUMIF('2.6'!B$14:B$25,свод!B15,'2.6'!AB$14:AB$25) -> 21600 | AC15: =SUMIF('2.1'!B$14:B$25,свод!B15,'2.1'!AC$14:AC$25)+SUMIF('2.2'!B$14:B$25,свод!B15,'2.2'!AC$14:AC$25)+SUMIF('2.3'!B$14:B$25,свод!B15,'2.3'!AC$14:AC$25)+SUMIF('2.4'!B$14:B$25,свод!B15,'2.4'!AC$14:AC$25)+SUMIF('2.5'!B$14:B$25,свод!B15,'2.5'!AC$14:AC$25)+SUMIF('2.6'!B$14:B$25,свод!B15,'2.6'!AC$14:AC$25)+SUMIF('3гпх'!B$15:B$26,свод!B15,'3гпх'!H$15:H$26) -> 21600 | AE15: =SUMIF('2.1'!B$14:B$25,свод!B15,'2.1'!AE$14:AE$25)+SUMIF('2.2'!B$14:B$25,свод!B15,'2.2'!AE$14:AE$25)+SUMIF('2.3'!B$14:B$25,свод!B15,'2.3'!AE$14:AE$25)+SUMIF('2.4'!B$14:B$25,свод!B15,'2.4'!AE$14:AE$25)+SUMIF('2.5'!B$14:B$25,свод!B15,'2.5'!AE$14:AE$25)+SUMIF('2.6'!B$14:B$25,свод!B15,'2.6'!AE$14:AE$25)+SUMIF('3гпх'!B$15:B$26,свод!B15,'3гпх'!AM$15:AM$26)+SUMIF(дивид!B$15:B$26,свод!B15,дивид!AK$15:AK$26) -> 1080000 | AF15: =SUMIF('2.1'!B$14:B$25,свод!B15,'2.1'!AF$14:AF$25)+SUMIF('2.2'!B$14:B$25,свод!B15,'2.2'!AF$14:AF$25)+SUMIF('2.3'!B$14:B$25,свод!B15,'2.3'!AF$14:AF$25)+SUMIF('2.4'!B$14:B$25,свод!B15,'2.4'!AF$14:AF$25)+SUMIF('2.5'!B$14:B$25,свод!B15,'2.5'!AF$14:AF$25)+SUMIF('2.6'!B$14:B$25,свод!B15,'2.6'!AF$14:AF$25)+SUMIF('3гпх'!B$15:B$26,свод!B15,'3гпх'!AN$15:AN$26)+SUMIF(дивид!B$15:B$26,свод!B15,дивид!AL$15:AL$26) -> 0
A16: 3 | B16: сид | C16: 3 | D16: =SUMIF('2.1'!B$14:B$25,свод!B16,'2.1'!D$14:D$25)+SUMIF('2.2'!B$14:B$25,свод!B16,'2.2'!D$14:D$25)+SUMIF('2.3'!B$14:B$25,свод!B16,'2.3'!D$14:D$25)+SUMIF('2.4'!B$14:B$25,свод!B16,'2.4'!D$14:D$25)+SUMIF('2.5'!B$14:B$25,свод!B16,'2.5'!D$14:D$25)+SUMIF('2.6'!B$14:B$25,свод!B16,'2.6'!D$14:D$25)+SUMIF('3гпх'!B$15:B$26,свод!B16,'3гпх'!E$15:E$26)+SUMIF(дивид!B$15:B$26,свод!B16,дивид!F$15:F$26) -> 1200000 | E16: =SUMIF('2.1'!B$14:B$25,свод!B16,'2.1'!E$14:E$25)+SUMIF('2.2'!B$14:B$25,свод!B16,'2.2'!E$14:E$25)+SUMIF('2.3'!B$14:B$25,свод!B16,'2.3'!E$14:E$25)+SUMIF('2.4'!B$14:B$25,свод!B16,'2.4'!E$14:E$25)+SUMIF('2.5'!B$14:B$25,свод!B16,'2.5'!E$14:E$25)+SUMIF('2.6'!B$14:B$25,свод!B16,'2.6'!E$14:E$25) -> 0 | F16: =SUMIF('2.1'!B$14:B$25,свод!B16,'2.1'!AC$14:AC$25)+SUMIF('2.2'!B$14:B$25,свод!B16,'2.2'!AC$14:AC$25)+SUMIF('2.3'!B$14:B$25,свод!B16,'2.3'!AC$14:AC$25)+SUMIF('2.4'!B$14:B$25,свод!B16,'2.4'!AC$14:AC$25)+SUMIF('2.5'!B$14:B$25,свод!B16,'2.5'!AC$14:AC$25)+SUMIF('2.6'!B$14:B$25,свод!B16,'2.6'!AC$14:AC$25)+SUMIF('3гпх'!B$15:B$26,свод!B16,'3гпх'!H$15:H$26) -> 0 | G16: =SUMIF('2.1'!B$14:B$25,свод!B16,'2.1'!G$14:G$25)+SUMIF('2.2'!B$14:B$25,свод!B16,'2.2'!G$14:G$25)+SUMIF('2.3'!B$14:B$25,свод!B16,'2.3'!G$14:G$25)+SUMIF('2.4'!B$14:B$25,свод!B16,'2.4'!G$14:G$25)+SUMIF('2.5'!B$14:B$25,свод!B16,'2.5'!G$14:G$25)+SUMIF('2.6'!B$14:B$25,свод!B16,'2.6'!G$14:G$25)+SUMIF('3гпх'!B$15:B$26,свод!B16,'3гпх'!I$15:I$26) -> 0 | H16: =SUMIF('2.1'!B$14:B$25,свод!B16,'2.1'!H$14:H$25)+SUMIF('2.2'!B$14:B$25,свод!B16,'2.2'!H$14:H$25)+SUMIF('2.3'!B$14:B$25,свод!B16,'2.3'!H$14:H$25)+SUMIF('2.4'!B$14:B$25,свод!B16,'2.4'!H$14:H$25)+SUMIF('2.5'!B$14:B$25,свод!B16,'2.5'!H$14:H$25)+SUMIF('2.6'!B$14:B$25,свод!B16,'2.6'!H$14:H$25) -> 0 | I16: =SUMIF('2.1'!B$14:B$25,свод!B16,'2.1'!I$14:I$25)+SUMIF('2.2'!B$14:B$25,свод!B16,'2.2'!I$14:I$25)+SUMIF('2.3'!B$14:B$25,свод!B16,'2.3'!I$14:I$25)+SUMIF('2.4'!B$14:B$25,свод!B16,'2.4'!I$14:I$25)+SUMIF('2.5'!B$14:B$25,свод!B16,'2.5'!I$14:I$25)+SUMIF('2.6'!B$14:B$25,свод!B16,'2.6'!I$14:I$25)+SUMIF('3гпх'!B$15:B$26,свод!B16,'3гпх'!F$15:F$26)+SUMIF(дивид!B$15:B$26,свод!B16,дивид!G$15:G$26) -> 0 | J16: =SUMIF('2.1'!B$14:B$25,свод!B16,'2.1'!J$14:J$25)+SUMIF('2.2'!B$14:B$25,свод!B16,'2.2'!J$14:J$25)+SUMIF('2.3'!B$14:B$25,свод!B16,'2.3'!J$14:J$25)+SUMIF('2.4'!B$14:B$25,свод!B16,'2.4'!J$14:J$25)+SUMIF('2.5'!B$14:B$25,свод!B16,'2.5'!J$14:J$25)+SUMIF('2.6'!B$14:B$25,свод!B16,'2.6'!J$14:J$25)+SUMIF('3гпх'!B$15:B$26,свод!B16,'3гпх'!J$15:J$26)+SUMIF(дивид!B$15:B$26,свод!B16,дивид!H$15:H$26) -> 1200000 | K16: =SUMIF('2.1'!B$14:B$25,свод!B16,'2.1'!K$14:K$25)+SUMIF('2.2'!B$14:B$25,свод!B16,'2.2'!K$14:K$25)+SUMIF('2.3'!B$14:B$25,свод!B16,'2.3'!K$14:K$25)+SUMIF('2.4'!B$14:B$25,свод!B16,'2.4'!K$14:K$25)+SUMIF('2.5'!B$14:B$25,свод!B16,'2.5'!K$14:K$25)+SUMIF('2.6'!B$14:B$25,свод!B16,'2.6'!K$14:K$25)+SUMIF('3гпх'!B$15:B$26,свод!B16,'3гпх'!L$15:L$26)+SUMIF(дивид!B$15:B$26,свод!B16,дивид!J$15:J$26) -> 0 | L16: =SUMIF('2.1'!B$14:B$25,свод!B16,'2.1'!L$14:L$25)+SUMIF('2.2'!B$14:B$25,свод!B16,'2.2'!L$14:L$25)+SUMIF('2.3'!B$14:B$25,свод!B16,'2.3'!L$14:L$25)+SUMIF('2.4'!B$14:B$25,свод!B16,'2.4'!L$14:L$25)+SUMIF('2.5'!B$14:B$25,свод!B16,'2.5'!L$14:L$25)+SUMIF('2.6'!B$14:B$25,свод!B16,'2.6'!L$14:L$25)+SUMIF('3гпх'!B$15:B$26,свод!B16,'3гпх'!M$15:M$26)+SUMIF(дивид!B$15:B$26,свод!B16,дивид!K$15:K$26) -> 120000 | M16: =SUMIF('2.1'!B$14:B$25,свод!B16,'2.1'!M$14:M$25)+SUMIF('2.2'!B$14:B$25,свод!B16,'2.2'!M$14:M$25)+SUMIF('2.3'!B$14:B$25,свод!B16,'2.3'!M$14:M$25)+SUMIF('2.4'!B$14:B$25,свод!B16,'2.4'!M$14:M$25)+SUMIF('2.5'!B$14:B$25,свод!B16,'2.5'!M$14:M$25)+SUMIF('2.6'!B$14:B$25,свод!B16,'2.6'!M$14:M$25)+SUMIF('3гпх'!B$15:B$26,свод!B16,'4гпх'!E$3:E$14) -> 0 | N16: =SUMIF('2.1'!B$14:B$25,свод!B16,'2.1'!N$14:N$25)+SUMIF('2.2'!B$14:B$25,свод!B16,'2.2'!N$14:N$25)+SUMIF('2.3'!B$14:B$25,свод!B16,'2.3'!N$14:N$25)+SUMIF('2.4'!B$14:B$25,свод!B16,'2.4'!N$14:N$25)+SUMIF('2.5'!B$14:B$25,свод!B16,'2.5'!N$14:N$25)+SUMIF('2.6'!B$14:B$25,свод!B16,'2.6'!N$14:N$25)+SUMIF('3гпх'!B$15:B$26,свод!B16,'4гпх'!F$3:F$14) -> 0 | P16: =SUMIF('2.1'!B$14:B$25,свод!B16,'2.1'!P$14:P$25)+SUMIF('2.2'!B$14:B$25,свод!B16,'2.2'!P$14:P$25)+SUMIF('2.3'!B$14:B$25,свод!B16,'2.3'!P$14:P$25)+SUMIF('2.4'!B$14:B$25,свод!B16,'2.4'!P$14:P$25)+SUMIF('2.5'!B$14:B$25,свод!B16,'2.5'!P$14:P$25)+SUMIF('2.6'!B$14:B$25,свод!B16,'2.6'!P$14:P$25)+SUMIF('3гпх'!B$15:B$26,свод!B16,'3гпх'!G$15:G$26) -> 0 | Q16: =SUMIF('2.1'!B$14:B$25,свод!B16,'2.1'!Q$14:Q$25)+SUMIF('2.2'!B$14:B$25,свод!B16,'2.2'!Q$14:Q$25)+SUMIF('2.3'!B$14:B$25,свод!B16,'2.3'!Q$14:Q$25)+SUMIF('2.4'!B$14:B$25,свод!B16,'2.4'!Q$14:Q$25)+SUMIF('2.5'!B$14:B$25,свод!B16,'2.5'!Q$14:Q$25)+SUMIF('2.6'!B$14:B$25,свод!B16,'2.6'!Q$14:Q$25) -> 0 | R16: =SUMIF('2.1'!B$14:B$25,свод!B16,'2.1'!R$14:R$25)+SUMIF('2.2'!B$14:B$25,свод!B16,'2.2'!R$14:R$25)+SUMIF('2.3'!B$14:B$25,свод!B16,'2.3'!R$14:R$25)+SUMIF('2.4'!B$14:B$25,свод!B16,'2.4'!R$14:R$25)+SUMIF('2.5'!B$14:B$25,свод!B16,'2.5'!R$14:R$25)+SUMIF('2.6'!B$14:B$25,свод!B16,'2.6'!R$14:R$25) -> 0 | S16: =SUMIF('2.1'!B$14:B$25,свод!B16,'2.1'!S$14:S$25)+SUMIF('2.2'!B$14:B$25,свод!B16,'2.2'!S$14:S$25)+SUMIF('2.3'!B$14:B$25,свод!B16,'2.3'!S$14:S$25)+SUMIF('2.4'!B$14:B$25,свод!B16,'2.4'!S$14:S$25)+SUMIF('2.5'!B$14:B$25,свод!B16,'2.5'!S$14:S$25)+SUMIF('2.6'!B$14:B$25,свод!B16,'2.6'!S$14:S$25) -> 0 | T16: =SUMIF('2.1'!B$14:B$25,свод!B16,'2.1'!T$14:T$25)+SUMIF('2.2'!B$14:B$25,свод!B16,'2.2'!T$14:T$25)+SUMIF('2.3'!B$14:B$25,свод!B16,'2.3'!T$14:T$25)+SUMIF('2.4'!B$14:B$25,свод!B16,'2.4'!T$14:T$25)+SUMIF('2.5'!B$14:B$25,свод!B16,'2.5'!T$14:T$25)+SUMIF('2.6'!B$14:B$25,свод!B16,'2.6'!T$14:T$25) -> 0 | U16: =SUMIF('2.1'!B$14:B$25,свод!B16,'2.1'!U$14:U$25)+SUMIF('2.2'!B$14:B$25,свод!B16,'2.2'!U$14:U$25)+SUMIF('2.3'!B$14:B$25,свод!B16,'2.3'!U$14:U$25)+SUMIF('2.4'!B$14:B$25,свод!B16,'2.4'!U$14:U$25)+SUMIF('2.5'!B$14:B$25,свод!B16,'2.5'!U$14:U$25)+SUMIF('2.6'!B$14:B$25,свод!B16,'2.6'!U$14:U$25) -> 0 | V16: =SUMIF('2.1'!B$14:B$25,свод!B16,'2.1'!V$14:V$25)+SUMIF('2.2'!B$14:B$25,свод!B16,'2.2'!V$14:V$25)+SUMIF('2.3'!B$14:B$25,свод!B16,'2.3'!V$14:V$25)+SUMIF('2.4'!B$14:B$25,свод!B16,'2.4'!V$14:V$25)+SUMIF('2.5'!B$14:B$25,свод!B16,'2.5'!V$14:V$25)+SUMIF('2.6'!B$14:B$25,свод!B16,'2.6'!V$14:V$25) -> 0 | Z16: =SUMIF('2.1'!B$14:B$25,свод!B16,'2.1'!Z$14:Z$25)+SUMIF('2.2'!B$14:B$25,свод!B16,'2.2'!Z$14:Z$25)+SUMIF('2.3'!B$14:B$25,свод!B16,'2.3'!Z$14:Z$25)+SUMIF('2.4'!B$14:B$25,свод!B16,'2.4'!Z$14:Z$25)+SUMIF('2.5'!B$14:B$25,свод!B16,'2.5'!Z$14:Z$25)+SUMIF('2.6'!B$14:B$25,свод!B16,'2.6'!Z$14:Z$25)+SUMIF('3гпх'!B$15:B$26,свод!B16,'4гпх'!D$3:D$14) -> 0 | AA16: =SUMIF('2.1'!B$14:B$25,свод!B16,'2.1'!AA$14:AA$25)+SUMIF('2.2'!B$14:B$25,свод!B16,'2.2'!AA$14:AA$25)+SUMIF('2.3'!B$14:B$25,свод!B16,'2.3'!AA$14:AA$25)+SUMIF('2.4'!B$14:B$25,свод!B16,'2.4'!AA$14:AA$25)+SUMIF('2.5'!B$14:B$25,свод!B16,'2.5'!AA$14:AA$25)+SUMIF('2.6'!B$14:B$25,свод!B16,'2.6'!AA$14:AA$25)+SUMIF('3гпх'!B$15:B$26,свод!B16,'4гпх'!I$3:I$14) -> 0 | AB16: =SUMIF('2.1'!B$14:B$25,свод!B16,'2.1'!AB$14:AB$25)+SUMIF('2.2'!B$14:B$25,свод!B16,'2.2'!AB$14:AB$25)+SUMIF('2.3'!B$14:B$25,свод!B16,'2.3'!AB$14:AB$25)+SUMIF('2.4'!B$14:B$25,свод!B16,'2.4'!AB$14:AB$25)+SUMIF('2.5'!B$14:B$25,свод!B16,'2.5'!AB$14:AB$25)+SUMIF('2.6'!B$14:B$25,свод!B16,'2.6'!AB$14:AB$25) -> 0 | AC16: =SUMIF('2.1'!B$14:B$25,свод!B16,'2.1'!AC$14:AC$25)+SUMIF('2.2'!B$14:B$25,свод!B16,'2.2'!AC$14:AC$25)+SUMIF('2.3'!B$14:B$25,свод!B16,'2.3'!AC$14:AC$25)+SUMIF('2.4'!B$14:B$25,свод!B16,'2.4'!AC$14:AC$25)+SUMIF('2.5'!B$14:B$25,свод!B16,'2.5'!AC$14:AC$25)+SUMIF('2.6'!B$14:B$25,свод!B16,'2.6'!AC$14:AC$25)+SUMIF('3гпх'!B$15:B$26,свод!B16,'3гпх'!H$15:H$26) -> 0 | AE16: =SUMIF('2.1'!B$14:B$25,свод!B16,'2.1'!AE$14:AE$25)+SUMIF('2.2'!B$14:B$25,свод!B16,'2.2'!AE$14:AE$25)+SUMIF('2.3'!B$14:B$25,свод!B16,'2.3'!AE$14:AE$25)+SUMIF('2.4'!B$14:B$25,свод!B16,'2.4'!AE$14:AE$25)+SUMIF('2.5'!B$14:B$25,свод!B16,'2.5'!AE$14:AE$25)+SUMIF('2.6'!B$14:B$25,свод!B16,'2.6'!AE$14:AE$25)+SUMIF('3гпх'!B$15:B$26,свод!B16,'3гпх'!AM$15:AM$26)+SUMIF(дивид!B$15:B$26,свод!B16,дивид!AK$15:AK$26) -> 0 | AF16: =SUMIF('2.1'!B$14:B$25,свод!B16,'2.1'!AF$14:AF$25)+SUMIF('2.2'!B$14:B$25,свод!B16,'2.2'!AF$14:AF$25)+SUMIF('2.3'!B$14:B$25,свод!B16,'2.3'!AF$14:AF$25)+SUMIF('2.4'!B$14:B$25,свод!B16,'2.4'!AF$14:AF$25)+SUMIF('2.5'!B$14:B$25,свод!B16,'2.5'!AF$14:AF$25)+SUMIF('2.6'!B$14:B$25,свод!B16,'2.6'!AF$14:AF$25)+SUMIF('3гпх'!B$15:B$26,свод!B16,'3гпх'!AN$15:AN$26)+SUMIF(дивид!B$15:B$26,свод!B16,дивид!AL$15:AL$26) -> 1200000
A17: 4 | B17: кузнецов | C17: 2 | D17: =SUMIF('2.1'!B$14:B$25,свод!B17,'2.1'!D$14:D$25)+SUMIF('2.2'!B$14:B$25,свод!B17,'2.2'!D$14:D$25)+SUMIF('2.3'!B$14:B$25,свод!B17,'2.3'!D$14:D$25)+SUMIF('2.4'!B$14:B$25,свод!B17,'2.4'!D$14:D$25)+SUMIF('2.5'!B$14:B$25,свод!B17,'2.5'!D$14:D$25)+SUMIF('2.6'!B$14:B$25,свод!B17,'2.6'!D$14:D$25)+SUMIF('3гпх'!B$15:B$26,свод!B17,'3гпх'!E$15:E$26)+SUMIF(дивид!B$15:B$26,свод!B17,дивид!F$15:F$26) -> 1100000 | E17: =SUMIF('2.1'!B$14:B$25,свод!B17,'2.1'!E$14:E$25)+SUMIF('2.2'!B$14:B$25,свод!B17,'2.2'!E$14:E$25)+SUMIF('2.3'!B$14:B$25,свод!B17,'2.3'!E$14:E$25)+SUMIF('2.4'!B$14:B$25,свод!B17,'2.4'!E$14:E$25)+SUMIF('2.5'!B$14:B$25,свод!B17,'2.5'!E$14:E$25)+SUMIF('2.6'!B$14:B$25,свод!B17,'2.6'!E$14:E$25) -> 212500 | F17: =SUMIF('2.1'!B$14:B$25,свод!B17,'2.1'!AC$14:AC$25)+SUMIF('2.2'!B$14:B$25,свод!B17,'2.2'!AC$14:AC$25)+SUMIF('2.3'!B$14:B$25,свод!B17,'2.3'!AC$14:AC$25)+SUMIF('2.4'!B$14:B$25,свод!B17,'2.4'!AC$14:AC$25)+SUMIF('2.5'!B$14:B$25,свод!B17,'2.5'!AC$14:AC$25)+SUMIF('2.6'!B$14:B$25,свод!B17,'2.6'!AC$14:AC$25)+SUMIF('3гпх'!B$15:B$26,свод!B17,'3гпх'!H$15:H$26) -> 22000 | G17: =SUMIF('2.1'!B$14:B$25,свод!B17,'2.1'!G$14:G$25)+SUMIF('2.2'!B$14:B$25,свод!B17,'2.2'!G$14:G$25)+SUMIF('2.3'!B$14:B$25,свод!B17,'2.3'!G$14:G$25)+SUMIF('2.4'!B$14:B$25,свод!B17,'2.4'!G$14:G$25)+SUMIF('2.5'!B$14:B$25,свод!B17,'2.5'!G$14:G$25)+SUMIF('2.6'!B$14:B$25,свод!B17,'2.6'!G$14:G$25)+SUMIF('3гпх'!B$15:B$26,свод!B17,'3гпх'!I$15:I$26) -> 0 | H17: =SUMIF('2.1'!B$14:B$25,свод!B17,'2.1'!H$14:H$25)+SUMIF('2.2'!B$14:B$25,свод!B17,'2.2'!H$14:H$25)+SUMIF('2.3'!B$14:B$25,свод!B17,'2.3'!H$14:H$25)+SUMIF('2.4'!B$14:B$25,свод!B17,'2.4'!H$14:H$25)+SUMIF('2.5'!B$14:B$25,свод!B17,'2.5'!H$14:H$25)+SUMIF('2.6'!B$14:B$25,свод!B17,'2.6'!H$14:H$25) -> 0 | I17: =SUMIF('2.1'!B$14:B$25,свод!B17,'2.1'!I$14:I$25)+SUMIF('2.2'!B$14:B$25,свод!B17,'2.2'!I$14:I$25)+SUMIF('2.3'!B$14:B$25,свод!B17,'2.3'!I$14:I$25)+SUMIF('2.4'!B$14:B$25,свод!B17,'2.4'!I$14:I$25)+SUMIF('2.5'!B$14:B$25,свод!B17,'2.5'!I$14:I$25)+SUMIF('2.6'!B$14:B$25,свод!B17,'2.6'!I$14:I$25)+SUMIF('3гпх'!B$15:B$26,свод!B17,'3гпх'!F$15:F$26)+SUMIF(дивид!B$15:B$26,свод!B17,дивид!G$15:G$26) -> 0 | J17: =SUMIF('2.1'!B$14:B$25,свод!B17,'2.1'!J$14:J$25)+SUMIF('2.2'!B$14:B$25,свод!B17,'2.2'!J$14:J$25)+SUMIF('2.3'!B$14:B$25,свод!B17,'2.3'!J$14:J$25)+SUMIF('2.4'!B$14:B$25,свод!B17,'2.4'!J$14:J$25)+SUMIF('2.5'!B$14:B$25,свод!B17,'2.5'!J$14:J$25)+SUMIF('2.6'!B$14:B$25,свод!B17,'2.6'!J$14:J$25)+SUMIF('3гпх'!B$15:B$26,свод!B17,'3гпх'!J$15:J$26)+SUMIF(дивид!B$15:B$26,свод!B17,дивид!H$15:H$26) -> 755500 | K17: =SUMIF('2.1'!B$14:B$25,свод!B17,'2.1'!K$14:K$25)+SUMIF('2.2'!B$14:B$25,свод!B17,'2.2'!K$14:K$25)+SUMIF('2.3'!B$14:B$25,свод!B17,'2.3'!K$14:K$25)+SUMIF('2.4'!B$14:B$25,свод!B17,'2.4'!K$14:K$25)+SUMIF('2.5'!B$14:B$25,свод!B17,'2.5'!K$14:K$25)+SUMIF('2.6'!B$14:B$25,свод!B17,'2.6'!K$14:K$25)+SUMIF('3гпх'!B$15:B$26,свод!B17,'3гпх'!L$15:L$26)+SUMIF(дивид!B$15:B$26,свод!B17,дивид!J$15:J$26) -> 0 | L17: =SUMIF('2.1'!B$14:B$25,свод!B17,'2.1'!L$14:L$25)+SUMIF('2.2'!B$14:B$25,свод!B17,'2.2'!L$14:L$25)+SUMIF('2.3'!B$14:B$25,свод!B17,'2.3'!L$14:L$25)+SUMIF('2.4'!B$14:B$25,свод!B17,'2.4'!L$14:L$25)+SUMIF('2.5'!B$14:B$25,свод!B17,'2.5'!L$14:L$25)+SUMIF('2.6'!B$14:B$25,свод!B17,'2.6'!L$14:L$25)+SUMIF('3гпх'!B$15:B$26,свод!B17,'3гпх'!M$15:M$26)+SUMIF(дивид!B$15:B$26,свод!B17,дивид!K$15:K$26) -> 75550 | M17: =SUMIF('2.1'!B$14:B$25,свод!B17,'2.1'!M$14:M$25)+SUMIF('2.2'!B$14:B$25,свод!B17,'2.2'!M$14:M$25)+SUMIF('2.3'!B$14:B$25,свод!B17,'2.3'!M$14:M$25)+SUMIF('2.4'!B$14:B$25,свод!B17,'2.4'!M$14:M$25)+SUMIF('2.5'!B$14:B$25,свод!B17,'2.5'!M$14:M$25)+SUMIF('2.6'!B$14:B$25,свод!B17,'2.6'!M$14:M$25)+SUMIF('3гпх'!B$15:B$26,свод!B17,'4гпх'!E$3:E$14) -> 0 | N17: =SUMIF('2.1'!B$14:B$25,свод!B17,'2.1'!N$14:N$25)+SUMIF('2.2'!B$14:B$25,свод!B17,'2.2'!N$14:N$25)+SUMIF('2.3'!B$14:B$25,свод!B17,'2.3'!N$14:N$25)+SUMIF('2.4'!B$14:B$25,свод!B17,'2.4'!N$14:N$25)+SUMIF('2.5'!B$14:B$25,свод!B17,'2.5'!N$14:N$25)+SUMIF('2.6'!B$14:B$25,свод!B17,'2.6'!N$14:N$25)+SUMIF('3гпх'!B$15:B$26,свод!B17,'4гпх'!F$3:F$14) -> 1100000 | P17: =SUMIF('2.1'!B$14:B$25,свод!B17,'2.1'!P$14:P$25)+SUMIF('2.2'!B$14:B$25,свод!B17,'2.2'!P$14:P$25)+SUMIF('2.3'!B$14:B$25,свод!B17,'2.3'!P$14:P$25)+SUMIF('2.4'!B$14:B$25,свод!B17,'2.4'!P$14:P$25)+SUMIF('2.5'!B$14:B$25,свод!B17,'2.5'!P$14:P$25)+SUMIF('2.6'!B$14:B$25,свод!B17,'2.6'!P$14:P$25)+SUMIF('3гпх'!B$15:B$26,свод!B17,'3гпх'!G$15:G$26) -> 110000 | Q17: =SUMIF('2.1'!B$14:B$25,свод!B17,'2.1'!Q$14:Q$25)+SUMIF('2.2'!B$14:B$25,свод!B17,'2.2'!Q$14:Q$25)+SUMIF('2.3'!B$14:B$25,свод!B17,'2.3'!Q$14:Q$25)+SUMIF('2.4'!B$14:B$25,свод!B17,'2.4'!Q$14:Q$25)+SUMIF('2.5'!B$14:B$25,свод!B17,'2.5'!Q$14:Q$25)+SUMIF('2.6'!B$14:B$25,свод!B17,'2.6'!Q$14:Q$25) -> 0 | R17: =SUMIF('2.1'!B$14:B$25,свод!B17,'2.1'!R$14:R$25)+SUMIF('2.2'!B$14:B$25,свод!B17,'2.2'!R$14:R$25)+SUMIF('2.3'!B$14:B$25,свод!B17,'2.3'!R$14:R$25)+SUMIF('2.4'!B$14:B$25,свод!B17,'2.4'!R$14:R$25)+SUMIF('2.5'!B$14:B$25,свод!B17,'2.5'!R$14:R$25)+SUMIF('2.6'!B$14:B$25,свод!B17,'2.6'!R$14:R$25) -> 990000 | S17: =SUMIF('2.1'!B$14:B$25,свод!B17,'2.1'!S$14:S$25)+SUMIF('2.2'!B$14:B$25,свод!B17,'2.2'!S$14:S$25)+SUMIF('2.3'!B$14:B$25,свод!B17,'2.3'!S$14:S$25)+SUMIF('2.4'!B$14:B$25,свод!B17,'2.4'!S$14:S$25)+SUMIF('2.5'!B$14:B$25,свод!B17,'2.5'!S$14:S$25)+SUMIF('2.6'!B$14:B$25,свод!B17,'2.6'!S$14:S$25) -> 990000 | T17: =SUMIF('2.1'!B$14:B$25,свод!B17,'2.1'!T$14:T$25)+SUMIF('2.2'!B$14:B$25,свод!B17,'2.2'!T$14:T$25)+SUMIF('2.3'!B$14:B$25,свод!B17,'2.3'!T$14:T$25)+SUMIF('2.4'!B$14:B$25,свод!B17,'2.4'!T$14:T$25)+SUMIF('2.5'!B$14:B$25,свод!B17,'2.5'!T$14:T$25)+SUMIF('2.6'!B$14:B$25,свод!B17,'2.6'!T$14:T$25) -> 34650 | U17: =SUMIF('2.1'!B$14:B$25,свод!B17,'2.1'!U$14:U$25)+SUMIF('2.2'!B$14:B$25,свод!B17,'2.2'!U$14:U$25)+SUMIF('2.3'!B$14:B$25,свод!B17,'2.3'!U$14:U$25)+SUMIF('2.4'!B$14:B$25,свод!B17,'2.4'!U$14:U$25)+SUMIF('2.5'!B$14:B$25,свод!B17,'2.5'!U$14:U$25)+SUMIF('2.6'!B$14:B$25,свод!B17,'2.6'!U$14:U$25) -> 0 | V17: =SUMIF('2.1'!B$14:B$25,свод!B17,'2.1'!V$14:V$25)+SUMIF('2.2'!B$14:B$25,свод!B17,'2.2'!V$14:V$25)+SUMIF('2.3'!B$14:B$25,свод!B17,'2.3'!V$14:V$25)+SUMIF('2.4'!B$14:B$25,свод!B17,'2.4'!V$14:V$25)+SUMIF('2.5'!B$14:B$25,свод!B17,'2.5'!V$14:V$25)+SUMIF('2.6'!B$14:B$25,свод!B17,'2.6'!V$14:V$25) -> 0 | Z17: =SUMIF('2.1'!B$14:B$25,свод!B17,'2.1'!Z$14:Z$25)+SUMIF('2.2'!B$14:B$25,свод!B17,'2.2'!Z$14:Z$25)+SUMIF('2.3'!B$14:B$25,свод!B17,'2.3'!Z$14:Z$25)+SUMIF('2.4'!B$14:B$25,свод!B17,'2.4'!Z$14:Z$25)+SUMIF('2.5'!B$14:B$25,свод!B17,'2.5'!Z$14:Z$25)+SUMIF('2.6'!B$14:B$25,свод!B17,'2.6'!Z$14:Z$25)+SUMIF('3гпх'!B$15:B$26,свод!B17,'4гпх'!D$3:D$14) -> 1100000 | AA17: =SUMIF('2.1'!B$14:B$25,свод!B17,'2.1'!AA$14:AA$25)+SUMIF('2.2'!B$14:B$25,свод!B17,'2.2'!AA$14:AA$25)+SUMIF('2.3'!B$14:B$25,свод!B17,'2.3'!AA$14:AA$25)+SUMIF('2.4'!B$14:B$25,свод!B17,'2.4'!AA$14:AA$25)+SUMIF('2.5'!B$14:B$25,свод!B17,'2.5'!AA$14:AA$25)+SUMIF('2.6'!B$14:B$25,свод!B17,'2.6'!AA$14:AA$25)+SUMIF('3гпх'!B$15:B$26,свод!B17,'4гпх'!I$3:I$14) -> 1100000 | AB17: =SUMIF('2.1'!B$14:B$25,свод!B17,'2.1'!AB$14:AB$25)+SUMIF('2.2'!B$14:B$25,свод!B17,'2.2'!AB$14:AB$25)+SUMIF('2.3'!B$14:B$25,свод!B17,'2.3'!AB$14:AB$25)+SUMIF('2.4'!B$14:B$25,свод!B17,'2.4'!AB$14:AB$25)+SUMIF('2.5'!B$14:B$25,свод!B17,'2.5'!AB$14:AB$25)+SUMIF('2.6'!B$14:B$25,свод!B17,'2.6'!AB$14:AB$25) -> 22000 | AC17: =SUMIF('2.1'!B$14:B$25,свод!B17,'2.1'!AC$14:AC$25)+SUMIF('2.2'!B$14:B$25,свод!B17,'2.2'!AC$14:AC$25)+SUMIF('2.3'!B$14:B$25,свод!B17,'2.3'!AC$14:AC$25)+SUMIF('2.4'!B$14:B$25,свод!B17,'2.4'!AC$14:AC$25)+SUMIF('2.5'!B$14:B$25,свод!B17,'2.5'!AC$14:AC$25)+SUMIF('2.6'!B$14:B$25,свод!B17,'2.6'!AC$14:AC$25)+SUMIF('3гпх'!B$15:B$26,свод!B17,'3гпх'!H$15:H$26) -> 22000 | AE17: =SUMIF('2.1'!B$14:B$25,свод!B17,'2.1'!AE$14:AE$25)+SUMIF('2.2'!B$14:B$25,свод!B17,'2.2'!AE$14:AE$25)+SUMIF('2.3'!B$14:B$25,свод!B17,'2.3'!AE$14:AE$25)+SUMIF('2.4'!B$14:B$25,свод!B17,'2.4'!AE$14:AE$25)+SUMIF('2.5'!B$14:B$25,свод!B17,'2.5'!AE$14:AE$25)+SUMIF('2.6'!B$14:B$25,свод!B17,'2.6'!AE$14:AE$25)+SUMIF('3гпх'!B$15:B$26,свод!B17,'3гпх'!AM$15:AM$26)+SUMIF(дивид!B$15:B$26,свод!B17,дивид!AK$15:AK$26) -> 0 | AF17: =SUMIF('2.1'!B$14:B$25,свод!B17,'2.1'!AF$14:AF$25)+SUMIF('2.2'!B$14:B$25,свод!B17,'2.2'!AF$14:AF$25)+SUMIF('2.3'!B$14:B$25,свод!B17,'2.3'!AF$14:AF$25)+SUMIF('2.4'!B$14:B$25,свод!B17,'2.4'!AF$14:AF$25)+SUMIF('2.5'!B$14:B$25,свод!B17,'2.5'!AF$14:AF$25)+SUMIF('2.6'!B$14:B$25,свод!B17,'2.6'!AF$14:AF$25)+SUMIF('3гпх'!B$15:B$26,свод!B17,'3гпх'!AN$15:AN$26)+SUMIF(дивид!B$15:B$26,свод!B17,дивид!AL$15:AL$26) -> 1100000
A18: 5 | B18: ахметов | C18: 1 | D18: =SUMIF('2.1'!B$14:B$25,свод!B18,'2.1'!D$14:D$25)+SUMIF('2.2'!B$14:B$25,свод!B18,'2.2'!D$14:D$25)+SUMIF('2.3'!B$14:B$25,свод!B18,'2.3'!D$14:D$25)+SUMIF('2.4'!B$14:B$25,свод!B18,'2.4'!D$14:D$25)+SUMIF('2.5'!B$14:B$25,свод!B18,'2.5'!D$14:D$25)+SUMIF('2.6'!B$14:B$25,свод!B18,'2.6'!D$14:D$25)+SUMIF('3гпх'!B$15:B$26,свод!B18,'3гпх'!E$15:E$26)+SUMIF(дивид!B$15:B$26,свод!B18,дивид!F$15:F$26) -> 160000 | E18: =SUMIF('2.1'!B$14:B$25,свод!B18,'2.1'!E$14:E$25)+SUMIF('2.2'!B$14:B$25,свод!B18,'2.2'!E$14:E$25)+SUMIF('2.3'!B$14:B$25,свод!B18,'2.3'!E$14:E$25)+SUMIF('2.4'!B$14:B$25,свод!B18,'2.4'!E$14:E$25)+SUMIF('2.5'!B$14:B$25,свод!B18,'2.5'!E$14:E$25)+SUMIF('2.6'!B$14:B$25,свод!B18,'2.6'!E$14:E$25) -> 0 | F18: =SUMIF('2.1'!B$14:B$25,свод!B18,'2.1'!AC$14:AC$25)+SUMIF('2.2'!B$14:B$25,свод!B18,'2.2'!AC$14:AC$25)+SUMIF('2.3'!B$14:B$25,свод!B18,'2.3'!AC$14:AC$25)+SUMIF('2.4'!B$14:B$25,свод!B18,'2.4'!AC$14:AC$25)+SUMIF('2.5'!B$14:B$25,свод!B18,'2.5'!AC$14:AC$25)+SUMIF('2.6'!B$14:B$25,свод!B18,'2.6'!AC$14:AC$25)+SUMIF('3гпх'!B$15:B$26,свод!B18,'3гпх'!H$15:H$26) -> 3200 | G18: =SUMIF('2.1'!B$14:B$25,свод!B18,'2.1'!G$14:G$25)+SUMIF('2.2'!B$14:B$25,свод!B18,'2.2'!G$14:G$25)+SUMIF('2.3'!B$14:B$25,свод!B18,'2.3'!G$14:G$25)+SUMIF('2.4'!B$14:B$25,свод!B18,'2.4'!G$14:G$25)+SUMIF('2.5'!B$14:B$25,свод!B18,'2.5'!G$14:G$25)+SUMIF('2.6'!B$14:B$25,свод!B18,'2.6'!G$14:G$25)+SUMIF('3гпх'!B$15:B$26,свод!B18,'3гпх'!I$15:I$26) -> 0 | H18: =SUMIF('2.1'!B$14:B$25,свод!B18,'2.1'!H$14:H$25)+SUMIF('2.2'!B$14:B$25,свод!B18,'2.2'!H$14:H$25)+SUMIF('2.3'!B$14:B$25,свод!B18,'2.3'!H$14:H$25)+SUMIF('2.4'!B$14:B$25,свод!B18,'2.4'!H$14:H$25)+SUMIF('2.5'!B$14:B$25,свод!B18,'2.5'!H$14:H$25)+SUMIF('2.6'!B$14:B$25,свод!B18,'2.6'!H$14:H$25) -> 0 | I18: =SUMIF('2.1'!B$14:B$25,свод!B18,'2.1'!I$14:I$25)+SUMIF('2.2'!B$14:B$25,свод!B18,'2.2'!I$14:I$25)+SUMIF('2.3'!B$14:B$25,свод!B18,'2.3'!I$14:I$25)+SUMIF('2.4'!B$14:B$25,свод!B18,'2.4'!I$14:I$25)+SUMIF('2.5'!B$14:B$25,свод!B18,'2.5'!I$14:I$25)+SUMIF('2.6'!B$14:B$25,свод!B18,'2.6'!I$14:I$25)+SUMIF('3гпх'!B$15:B$26,свод!B18,'3гпх'!F$15:F$26)+SUMIF(дивид!B$15:B$26,свод!B18,дивид!G$15:G$26) -> 0 | J18: =SUMIF('2.1'!B$14:B$25,свод!B18,'2.1'!J$14:J$25)+SUMIF('2.2'!B$14:B$25,свод!B18,'2.2'!J$14:J$25)+SUMIF('2.3'!B$14:B$25,свод!B18,'2.3'!J$14:J$25)+SUMIF('2.4'!B$14:B$25,свод!B18,'2.4'!J$14:J$25)+SUMIF('2.5'!B$14:B$25,свод!B18,'2.5'!J$14:J$25)+SUMIF('2.6'!B$14:B$25,свод!B18,'2.6'!J$14:J$25)+SUMIF('3гпх'!B$15:B$26,свод!B18,'3гпх'!J$15:J$26)+SUMIF(дивид!B$15:B$26,свод!B18,дивид!H$15:H$26) -> 140800 | K18: =SUMIF('2.1'!B$14:B$25,свод!B18,'2.1'!K$14:K$25)+SUMIF('2.2'!B$14:B$25,свод!B18,'2.2'!K$14:K$25)+SUMIF('2.3'!B$14:B$25,свод!B18,'2.3'!K$14:K$25)+SUMIF('2.4'!B$14:B$25,свод!B18,'2.4'!K$14:K$25)+SUMIF('2.5'!B$14:B$25,свод!B18,'2.5'!K$14:K$25)+SUMIF('2.6'!B$14:B$25,свод!B18,'2.6'!K$14:K$25)+SUMIF('3гпх'!B$15:B$26,свод!B18,'3гпх'!L$15:L$26)+SUMIF(дивид!B$15:B$26,свод!B18,дивид!J$15:J$26) -> 14080 | L18: =SUMIF('2.1'!B$14:B$25,свод!B18,'2.1'!L$14:L$25)+SUMIF('2.2'!B$14:B$25,свод!B18,'2.2'!L$14:L$25)+SUMIF('2.3'!B$14:B$25,свод!B18,'2.3'!L$14:L$25)+SUMIF('2.4'!B$14:B$25,свод!B18,'2.4'!L$14:L$25)+SUMIF('2.5'!B$14:B$25,свод!B18,'2.5'!L$14:L$25)+SUMIF('2.6'!B$14:B$25,свод!B18,'2.6'!L$14:L$25)+SUMIF('3гпх'!B$15:B$26,свод!B18,'3гпх'!M$15:M$26)+SUMIF(дивид!B$15:B$26,свод!B18,дивид!K$15:K$26) -> 0 | M18: =SUMIF('2.1'!B$14:B$25,свод!B18,'2.1'!M$14:M$25)+SUMIF('2.2'!B$14:B$25,свод!B18,'2.2'!M$14:M$25)+SUMIF('2.3'!B$14:B$25,свод!B18,'2.3'!M$14:M$25)+SUMIF('2.4'!B$14:B$25,свод!B18,'2.4'!M$14:M$25)+SUMIF('2.5'!B$14:B$25,свод!B18,'2.5'!M$14:M$25)+SUMIF('2.6'!B$14:B$25,свод!B18,'2.6'!M$14:M$25)+SUMIF('3гпх'!B$15:B$26,свод!B18,'4гпх'!E$3:E$14) -> 0 | N18: =SUMIF('2.1'!B$14:B$25,свод!B18,'2.1'!N$14:N$25)+SUMIF('2.2'!B$14:B$25,свод!B18,'2.2'!N$14:N$25)+SUMIF('2.3'!B$14:B$25,свод!B18,'2.3'!N$14:N$25)+SUMIF('2.4'!B$14:B$25,свод!B18,'2.4'!N$14:N$25)+SUMIF('2.5'!B$14:B$25,свод!B18,'2.5'!N$14:N$25)+SUMIF('2.6'!B$14:B$25,свод!B18,'2.6'!N$14:N$25)+SUMIF('3гпх'!B$15:B$26,свод!B18,'4гпх'!F$3:F$14) -> 160000 | P18: =SUMIF('2.1'!B$14:B$25,свод!B18,'2.1'!P$14:P$25)+SUMIF('2.2'!B$14:B$25,свод!B18,'2.2'!P$14:P$25)+SUMIF('2.3'!B$14:B$25,свод!B18,'2.3'!P$14:P$25)+SUMIF('2.4'!B$14:B$25,свод!B18,'2.4'!P$14:P$25)+SUMIF('2.5'!B$14:B$25,свод!B18,'2.5'!P$14:P$25)+SUMIF('2.6'!B$14:B$25,свод!B18,'2.6'!P$14:P$25)+SUMIF('3гпх'!B$15:B$26,свод!B18,'3гпх'!G$15:G$26) -> 16000 | Q18: =SUMIF('2.1'!B$14:B$25,свод!B18,'2.1'!Q$14:Q$25)+SUMIF('2.2'!B$14:B$25,свод!B18,'2.2'!Q$14:Q$25)+SUMIF('2.3'!B$14:B$25,свод!B18,'2.3'!Q$14:Q$25)+SUMIF('2.4'!B$14:B$25,свод!B18,'2.4'!Q$14:Q$25)+SUMIF('2.5'!B$14:B$25,свод!B18,'2.5'!Q$14:Q$25)+SUMIF('2.6'!B$14:B$25,свод!B18,'2.6'!Q$14:Q$25) -> 0 | R18: =SUMIF('2.1'!B$14:B$25,свод!B18,'2.1'!R$14:R$25)+SUMIF('2.2'!B$14:B$25,свод!B18,'2.2'!R$14:R$25)+SUMIF('2.3'!B$14:B$25,свод!B18,'2.3'!R$14:R$25)+SUMIF('2.4'!B$14:B$25,свод!B18,'2.4'!R$14:R$25)+SUMIF('2.5'!B$14:B$25,свод!B18,'2.5'!R$14:R$25)+SUMIF('2.6'!B$14:B$25,свод!B18,'2.6'!R$14:R$25) -> 0 | S18: =SUMIF('2.1'!B$14:B$25,свод!B18,'2.1'!S$14:S$25)+SUMIF('2.2'!B$14:B$25,свод!B18,'2.2'!S$14:S$25)+SUMIF('2.3'!B$14:B$25,свод!B18,'2.3'!S$14:S$25)+SUMIF('2.4'!B$14:B$25,свод!B18,'2.4'!S$14:S$25)+SUMIF('2.5'!B$14:B$25,свод!B18,'2.5'!S$14:S$25)+SUMIF('2.6'!B$14:B$25,свод!B18,'2.6'!S$14:S$25) -> 0 | T18: =SUMIF('2.1'!B$14:B$25,свод!B18,'2.1'!T$14:T$25)+SUMIF('2.2'!B$14:B$25,свод!B18,'2.2'!T$14:T$25)+SUMIF('2.3'!B$14:B$25,свод!B18,'2.3'!T$14:T$25)+SUMIF('2.4'!B$14:B$25,свод!B18,'2.4'!T$14:T$25)+SUMIF('2.5'!B$14:B$25,свод!B18,'2.5'!T$14:T$25)+SUMIF('2.6'!B$14:B$25,свод!B18,'2.6'!T$14:T$25) -> 0 | U18: =SUMIF('2.1'!B$14:B$25,свод!B18,'2.1'!U$14:U$25)+SUMIF('2.2'!B$14:B$25,свод!B18,'2.2'!U$14:U$25)+SUMIF('2.3'!B$14:B$25,свод!B18,'2.3'!U$14:U$25)+SUMIF('2.4'!B$14:B$25,свод!B18,'2.4'!U$14:U$25)+SUMIF('2.5'!B$14:B$25,свод!B18,'2.5'!U$14:U$25)+SUMIF('2.6'!B$14:B$25,свод!B18,'2.6'!U$14:U$25) -> 0 | V18: =SUMIF('2.1'!B$14:B$25,свод!B18,'2.1'!V$14:V$25)+SUMIF('2.2'!B$14:B$25,свод!B18,'2.2'!V$14:V$25)+SUMIF('2.3'!B$14:B$25,свод!B18,'2.3'!V$14:V$25)+SUMIF('2.4'!B$14:B$25,свод!B18,'2.4'!V$14:V$25)+SUMIF('2.5'!B$14:B$25,свод!B18,'2.5'!V$14:V$25)+SUMIF('2.6'!B$14:B$25,свод!B18,'2.6'!V$14:V$25) -> 0 | Z18: =SUMIF('2.1'!B$14:B$25,свод!B18,'2.1'!Z$14:Z$25)+SUMIF('2.2'!B$14:B$25,свод!B18,'2.2'!Z$14:Z$25)+SUMIF('2.3'!B$14:B$25,свод!B18,'2.3'!Z$14:Z$25)+SUMIF('2.4'!B$14:B$25,свод!B18,'2.4'!Z$14:Z$25)+SUMIF('2.5'!B$14:B$25,свод!B18,'2.5'!Z$14:Z$25)+SUMIF('2.6'!B$14:B$25,свод!B18,'2.6'!Z$14:Z$25)+SUMIF('3гпх'!B$15:B$26,свод!B18,'4гпх'!D$3:D$14) -> 160000 | AA18: =SUMIF('2.1'!B$14:B$25,свод!B18,'2.1'!AA$14:AA$25)+SUMIF('2.2'!B$14:B$25,свод!B18,'2.2'!AA$14:AA$25)+SUMIF('2.3'!B$14:B$25,свод!B18,'2.3'!AA$14:AA$25)+SUMIF('2.4'!B$14:B$25,свод!B18,'2.4'!AA$14:AA$25)+SUMIF('2.5'!B$14:B$25,свод!B18,'2.5'!AA$14:AA$25)+SUMIF('2.6'!B$14:B$25,свод!B18,'2.6'!AA$14:AA$25)+SUMIF('3гпх'!B$15:B$26,свод!B18,'4гпх'!I$3:I$14) -> 160000 | AB18: =SUMIF('2.1'!B$14:B$25,свод!B18,'2.1'!AB$14:AB$25)+SUMIF('2.2'!B$14:B$25,свод!B18,'2.2'!AB$14:AB$25)+SUMIF('2.3'!B$14:B$25,свод!B18,'2.3'!AB$14:AB$25)+SUMIF('2.4'!B$14:B$25,свод!B18,'2.4'!AB$14:AB$25)+SUMIF('2.5'!B$14:B$25,свод!B18,'2.5'!AB$14:AB$25)+SUMIF('2.6'!B$14:B$25,свод!B18,'2.6'!AB$14:AB$25) -> 0 | AC18: =SUMIF('2.1'!B$14:B$25,свод!B18,'2.1'!AC$14:AC$25)+SUMIF('2.2'!B$14:B$25,свод!B18,'2.2'!AC$14:AC$25)+SUMIF('2.3'!B$14:B$25,свод!B18,'2.3'!AC$14:AC$25)+SUMIF('2.4'!B$14:B$25,свод!B18,'2.4'!AC$14:AC$25)+SUMIF('2.5'!B$14:B$25,свод!B18,'2.5'!AC$14:AC$25)+SUMIF('2.6'!B$14:B$25,свод!B18,'2.6'!AC$14:AC$25)+SUMIF('3гпх'!B$15:B$26,свод!B18,'3гпх'!H$15:H$26) -> 3200 | AE18: =SUMIF('2.1'!B$14:B$25,свод!B18,'2.1'!AE$14:AE$25)+SUMIF('2.2'!B$14:B$25,свод!B18,'2.2'!AE$14:AE$25)+SUMIF('2.3'!B$14:B$25,свод!B18,'2.3'!AE$14:AE$25)+SUMIF('2.4'!B$14:B$25,свод!B18,'2.4'!AE$14:AE$25)+SUMIF('2.5'!B$14:B$25,свод!B18,'2.5'!AE$14:AE$25)+SUMIF('2.6'!B$14:B$25,свод!B18,'2.6'!AE$14:AE$25)+SUMIF('3гпх'!B$15:B$26,свод!B18,'3гпх'!AM$15:AM$26)+SUMIF(дивид!B$15:B$26,свод!B18,дивид!AK$15:AK$26) -> 160000 | AF18: =SUMIF('2.1'!B$14:B$25,свод!B18,'2.1'!AF$14:AF$25)+SUMIF('2.2'!B$14:B$25,свод!B18,'2.2'!AF$14:AF$25)+SUMIF('2.3'!B$14:B$25,свод!B18,'2.3'!AF$14:AF$25)+SUMIF('2.4'!B$14:B$25,свод!B18,'2.4'!AF$14:AF$25)+SUMIF('2.5'!B$14:B$25,свод!B18,'2.5'!AF$14:AF$25)+SUMIF('2.6'!B$14:B$25,свод!B18,'2.6'!AF$14:AF$25)+SUMIF('3гпх'!B$15:B$26,свод!B18,'3гпх'!AN$15:AN$26)+SUMIF(дивид!B$15:B$26,свод!B18,дивид!AL$15:AL$26) -> 0
A19: 6 | B19: авов | C19: 3 | D19: =SUMIF('2.1'!B$14:B$25,свод!B19,'2.1'!D$14:D$25)+SUMIF('2.2'!B$14:B$25,свод!B19,'2.2'!D$14:D$25)+SUMIF('2.3'!B$14:B$25,свод!B19,'2.3'!D$14:D$25)+SUMIF('2.4'!B$14:B$25,свод!B19,'2.4'!D$14:D$25)+SUMIF('2.5'!B$14:B$25,свод!B19,'2.5'!D$14:D$25)+SUMIF('2.6'!B$14:B$25,свод!B19,'2.6'!D$14:D$25)+SUMIF('3гпх'!B$15:B$26,свод!B19,'3гпх'!E$15:E$26)+SUMIF(дивид!B$15:B$26,свод!B19,дивид!F$15:F$26) -> 1500000 | E19: =SUMIF('2.1'!B$14:B$25,свод!B19,'2.1'!E$14:E$25)+SUMIF('2.2'!B$14:B$25,свод!B19,'2.2'!E$14:E$25)+SUMIF('2.3'!B$14:B$25,свод!B19,'2.3'!E$14:E$25)+SUMIF('2.4'!B$14:B$25,свод!B19,'2.4'!E$14:E$25)+SUMIF('2.5'!B$14:B$25,свод!B19,'2.5'!E$14:E$25)+SUMIF('2.6'!B$14:B$25,свод!B19,'2.6'!E$14:E$25) -> 0 | F19: =SUMIF('2.1'!B$14:B$25,свод!B19,'2.1'!AC$14:AC$25)+SUMIF('2.2'!B$14:B$25,свод!B19,'2.2'!AC$14:AC$25)+SUMIF('2.3'!B$14:B$25,свод!B19,'2.3'!AC$14:AC$25)+SUMIF('2.4'!B$14:B$25,свод!B19,'2.4'!AC$14:AC$25)+SUMIF('2.5'!B$14:B$25,свод!B19,'2.5'!AC$14:AC$25)+SUMIF('2.6'!B$14:B$25,свод!B19,'2.6'!AC$14:AC$25)+SUMIF('3гпх'!B$15:B$26,свод!B19,'3гпх'!H$15:H$26) -> 0 | G19: =SUMIF('2.1'!B$14:B$25,свод!B19,'2.1'!G$14:G$25)+SUMIF('2.2'!B$14:B$25,свод!B19,'2.2'!G$14:G$25)+SUMIF('2.3'!B$14:B$25,свод!B19,'2.3'!G$14:G$25)+SUMIF('2.4'!B$14:B$25,свод!B19,'2.4'!G$14:G$25)+SUMIF('2.5'!B$14:B$25,свод!B19,'2.5'!G$14:G$25)+SUMIF('2.6'!B$14:B$25,свод!B19,'2.6'!G$14:G$25)+SUMIF('3гпх'!B$15:B$26,свод!B19,'3гпх'!I$15:I$26) -> 0 | H19: =SUMIF('2.1'!B$14:B$25,свод!B19,'2.1'!H$14:H$25)+SUMIF('2.2'!B$14:B$25,свод!B19,'2.2'!H$14:H$25)+SUMIF('2.3'!B$14:B$25,свод!B19,'2.3'!H$14:H$25)+SUMIF('2.4'!B$14:B$25,свод!B19,'2.4'!H$14:H$25)+SUMIF('2.5'!B$14:B$25,свод!B19,'2.5'!H$14:H$25)+SUMIF('2.6'!B$14:B$25,свод!B19,'2.6'!H$14:H$25) -> 0 | I19: =SUMIF('2.1'!B$14:B$25,свод!B19,'2.1'!I$14:I$25)+SUMIF('2.2'!B$14:B$25,свод!B19,'2.2'!I$14:I$25)+SUMIF('2.3'!B$14:B$25,свод!B19,'2.3'!I$14:I$25)+SUMIF('2.4'!B$14:B$25,свод!B19,'2.4'!I$14:I$25)+SUMIF('2.5'!B$14:B$25,свод!B19,'2.5'!I$14:I$25)+SUMIF('2.6'!B$14:B$25,свод!B19,'2.6'!I$14:I$25)+SUMIF('3гпх'!B$15:B$26,свод!B19,'3гпх'!F$15:F$26)+SUMIF(дивид!B$15:B$26,свод!B19,дивид!G$15:G$26) -> 0 | J19: =SUMIF('2.1'!B$14:B$25,свод!B19,'2.1'!J$14:J$25)+SUMIF('2.2'!B$14:B$25,свод!B19,'2.2'!J$14:J$25)+SUMIF('2.3'!B$14:B$25,свод!B19,'2.3'!J$14:J$25)+SUMIF('2.4'!B$14:B$25,свод!B19,'2.4'!J$14:J$25)+SUMIF('2.5'!B$14:B$25,свод!B19,'2.5'!J$14:J$25)+SUMIF('2.6'!B$14:B$25,свод!B19,'2.6'!J$14:J$25)+SUMIF('3гпх'!B$15:B$26,свод!B19,'3гпх'!J$15:J$26)+SUMIF(дивид!B$15:B$26,свод!B19,дивид!H$15:H$26) -> 1500000 | K19: =SUMIF('2.1'!B$14:B$25,свод!B19,'2.1'!K$14:K$25)+SUMIF('2.2'!B$14:B$25,свод!B19,'2.2'!K$14:K$25)+SUMIF('2.3'!B$14:B$25,свод!B19,'2.3'!K$14:K$25)+SUMIF('2.4'!B$14:B$25,свод!B19,'2.4'!K$14:K$25)+SUMIF('2.5'!B$14:B$25,свод!B19,'2.5'!K$14:K$25)+SUMIF('2.6'!B$14:B$25,свод!B19,'2.6'!K$14:K$25)+SUMIF('3гпх'!B$15:B$26,свод!B19,'3гпх'!L$15:L$26)+SUMIF(дивид!B$15:B$26,свод!B19,дивид!J$15:J$26) -> 0 | L19: =SUMIF('2.1'!B$14:B$25,свод!B19,'2.1'!L$14:L$25)+SUMIF('2.2'!B$14:B$25,свод!B19,'2.2'!L$14:L$25)+SUMIF('2.3'!B$14:B$25,свод!B19,'2.3'!L$14:L$25)+SUMIF('2.4'!B$14:B$25,свод!B19,'2.4'!L$14:L$25)+SUMIF('2.5'!B$14:B$25,свод!B19,'2.5'!L$14:L$25)+SUMIF('2.6'!B$14:B$25,свод!B19,'2.6'!L$14:L$25)+SUMIF('3гпх'!B$15:B$26,свод!B19,'3гпх'!M$15:M$26)+SUMIF(дивид!B$15:B$26,свод!B19,дивид!K$15:K$26) -> 225000 | M19: =SUMIF('2.1'!B$14:B$25,свод!B19,'2.1'!M$14:M$25)+SUMIF('2.2'!B$14:B$25,свод!B19,'2.2'!M$14:M$25)+SUMIF('2.3'!B$14:B$25,свод!B19,'2.3'!M$14:M$25)+SUMIF('2.4'!B$14:B$25,свод!B19,'2.4'!M$14:M$25)+SUMIF('2.5'!B$14:B$25,свод!B19,'2.5'!M$14:M$25)+SUMIF('2.6'!B$14:B$25,свод!B19,'2.6'!M$14:M$25)+SUMIF('3гпх'!B$15:B$26,свод!B19,'4гпх'!E$3:E$14) -> 0 | N19: =SUMIF('2.1'!B$14:B$25,свод!B19,'2.1'!N$14:N$25)+SUMIF('2.2'!B$14:B$25,свод!B19,'2.2'!N$14:N$25)+SUMIF('2.3'!B$14:B$25,свод!B19,'2.3'!N$14:N$25)+SUMIF('2.4'!B$14:B$25,свод!B19,'2.4'!N$14:N$25)+SUMIF('2.5'!B$14:B$25,свод!B19,'2.5'!N$14:N$25)+SUMIF('2.6'!B$14:B$25,свод!B19,'2.6'!N$14:N$25)+SUMIF('3гпх'!B$15:B$26,свод!B19,'4гпх'!F$3:F$14) -> 0 | P19: =SUMIF('2.1'!B$14:B$25,свод!B19,'2.1'!P$14:P$25)+SUMIF('2.2'!B$14:B$25,свод!B19,'2.2'!P$14:P$25)+SUMIF('2.3'!B$14:B$25,свод!B19,'2.3'!P$14:P$25)+SUMIF('2.4'!B$14:B$25,свод!B19,'2.4'!P$14:P$25)+SUMIF('2.5'!B$14:B$25,свод!B19,'2.5'!P$14:P$25)+SUMIF('2.6'!B$14:B$25,свод!B19,'2.6'!P$14:P$25)+SUMIF('3гпх'!B$15:B$26,свод!B19,'3гпх'!G$15:G$26) -> 0 | Q19: =SUMIF('2.1'!B$14:B$25,свод!B19,'2.1'!Q$14:Q$25)+SUMIF('2.2'!B$14:B$25,свод!B19,'2.2'!Q$14:Q$25)+SUMIF('2.3'!B$14:B$25,свод!B19,'2.3'!Q$14:Q$25)+SUMIF('2.4'!B$14:B$25,свод!B19,'2.4'!Q$14:Q$25)+SUMIF('2.5'!B$14:B$25,свод!B19,'2.5'!Q$14:Q$25)+SUMIF('2.6'!B$14:B$25,свод!B19,'2.6'!Q$14:Q$25) -> 0 | R19: =SUMIF('2.1'!B$14:B$25,свод!B19,'2.1'!R$14:R$25)+SUMIF('2.2'!B$14:B$25,свод!B19,'2.2'!R$14:R$25)+SUMIF('2.3'!B$14:B$25,свод!B19,'2.3'!R$14:R$25)+SUMIF('2.4'!B$14:B$25,свод!B19,'2.4'!R$14:R$25)+SUMIF('2.5'!B$14:B$25,свод!B19,'2.5'!R$14:R$25)+SUMIF('2.6'!B$14:B$25,свод!B19,'2.6'!R$14:R$25) -> 0 | S19: =SUMIF('2.1'!B$14:B$25,свод!B19,'2.1'!S$14:S$25)+SUMIF('2.2'!B$14:B$25,свод!B19,'2.2'!S$14:S$25)+SUMIF('2.3'!B$14:B$25,свод!B19,'2.3'!S$14:S$25)+SUMIF('2.4'!B$14:B$25,свод!B19,'2.4'!S$14:S$25)+SUMIF('2.5'!B$14:B$25,свод!B19,'2.5'!S$14:S$25)+SUMIF('2.6'!B$14:B$25,свод!B19,'2.6'!S$14:S$25) -> 0 | T19: =SUMIF('2.1'!B$14:B$25,свод!B19,'2.1'!T$14:T$25)+SUMIF('2.2'!B$14:B$25,свод!B19,'2.2'!T$14:T$25)+SUMIF('2.3'!B$14:B$25,свод!B19,'2.3'!T$14:T$25)+SUMIF('2.4'!B$14:B$25,свод!B19,'2.4'!T$14:T$25)+SUMIF('2.5'!B$14:B$25,свод!B19,'2.5'!T$14:T$25)+SUMIF('2.6'!B$14:B$25,свод!B19,'2.6'!T$14:T$25) -> 0 | U19: =SUMIF('2.1'!B$14:B$25,свод!B19,'2.1'!U$14:U$25)+SUMIF('2.2'!B$14:B$25,свод!B19,'2.2'!U$14:U$25)+SUMIF('2.3'!B$14:B$25,свод!B19,'2.3'!U$14:U$25)+SUMIF('2.4'!B$14:B$25,свод!B19,'2.4'!U$14:U$25)+SUMIF('2.5'!B$14:B$25,свод!B19,'2.5'!U$14:U$25)+SUMIF('2.6'!B$14:B$25,свод!B19,'2.6'!U$14:U$25) -> 0 | V19: =SUMIF('2.1'!B$14:B$25,свод!B19,'2.1'!V$14:V$25)+SUMIF('2.2'!B$14:B$25,свод!B19,'2.2'!V$14:V$25)+SUMIF('2.3'!B$14:B$25,свод!B19,'2.3'!V$14:V$25)+SUMIF('2.4'!B$14:B$25,свод!B19,'2.4'!V$14:V$25)+SUMIF('2.5'!B$14:B$25,свод!B19,'2.5'!V$14:V$25)+SUMIF('2.6'!B$14:B$25,свод!B19,'2.6'!V$14:V$25) -> 0 | Z19: =SUMIF('2.1'!B$14:B$25,свод!B19,'2.1'!Z$14:Z$25)+SUMIF('2.2'!B$14:B$25,свод!B19,'2.2'!Z$14:Z$25)+SUMIF('2.3'!B$14:B$25,свод!B19,'2.3'!Z$14:Z$25)+SUMIF('2.4'!B$14:B$25,свод!B19,'2.4'!Z$14:Z$25)+SUMIF('2.5'!B$14:B$25,свод!B19,'2.5'!Z$14:Z$25)+SUMIF('2.6'!B$14:B$25,свод!B19,'2.6'!Z$14:Z$25)+SUMIF('3гпх'!B$15:B$26,свод!B19,'4гпх'!D$3:D$14) -> 0 | AA19: =SUMIF('2.1'!B$14:B$25,свод!B19,'2.1'!AA$14:AA$25)+SUMIF('2.2'!B$14:B$25,свод!B19,'2.2'!AA$14:AA$25)+SUMIF('2.3'!B$14:B$25,свод!B19,'2.3'!AA$14:AA$25)+SUMIF('2.4'!B$14:B$25,свод!B19,'2.4'!AA$14:AA$25)+SUMIF('2.5'!B$14:B$25,свод!B19,'2.5'!AA$14:AA$25)+SUMIF('2.6'!B$14:B$25,свод!B19,'2.6'!AA$14:AA$25)+SUMIF('3гпх'!B$15:B$26,свод!B19,'4гпх'!I$3:I$14) -> 0 | AB19: =SUMIF('2.1'!B$14:B$25,свод!B19,'2.1'!AB$14:AB$25)+SUMIF('2.2'!B$14:B$25,свод!B19,'2.2'!AB$14:AB$25)+SUMIF('2.3'!B$14:B$25,свод!B19,'2.3'!AB$14:AB$25)+SUMIF('2.4'!B$14:B$25,свод!B19,'2.4'!AB$14:AB$25)+SUMIF('2.5'!B$14:B$25,свод!B19,'2.5'!AB$14:AB$25)+SUMIF('2.6'!B$14:B$25,свод!B19,'2.6'!AB$14:AB$25) -> 0 | AC19: =SUMIF('2.1'!B$14:B$25,свод!B19,'2.1'!AC$14:AC$25)+SUMIF('2.2'!B$14:B$25,свод!B19,'2.2'!AC$14:AC$25)+SUMIF('2.3'!B$14:B$25,свод!B19,'2.3'!AC$14:AC$25)+SUMIF('2.4'!B$14:B$25,свод!B19,'2.4'!AC$14:AC$25)+SUMIF('2.5'!B$14:B$25,свод!B19,'2.5'!AC$14:AC$25)+SUMIF('2.6'!B$14:B$25,свод!B19,'2.6'!AC$14:AC$25)+SUMIF('3гпх'!B$15:B$26,свод!B19,'3гпх'!H$15:H$26) -> 0 | AE19: =SUMIF('2.1'!B$14:B$25,свод!B19,'2.1'!AE$14:AE$25)+SUMIF('2.2'!B$14:B$25,свод!B19,'2.2'!AE$14:AE$25)+SUMIF('2.3'!B$14:B$25,свод!B19,'2.3'!AE$14:AE$25)+SUMIF('2.4'!B$14:B$25,свод!B19,'2.4'!AE$14:AE$25)+SUMIF('2.5'!B$14:B$25,свод!B19,'2.5'!AE$14:AE$25)+SUMIF('2.6'!B$14:B$25,свод!B19,'2.6'!AE$14:AE$25)+SUMIF('3гпх'!B$15:B$26,свод!B19,'3гпх'!AM$15:AM$26)+SUMIF(дивид!B$15:B$26,свод!B19,дивид!AK$15:AK$26) -> 0 | AF19: =SUMIF('2.1'!B$14:B$25,свод!B19,'2.1'!AF$14:AF$25)+SUMIF('2.2'!B$14:B$25,свод!B19,'2.2'!AF$14:AF$25)+SUMIF('2.3'!B$14:B$25,свод!B19,'2.3'!AF$14:AF$25)+SUMIF('2.4'!B$14:B$25,свод!B19,'2.4'!AF$14:AF$25)+SUMIF('2.5'!B$14:B$25,свод!B19,'2.5'!AF$14:AF$25)+SUMIF('2.6'!B$14:B$25,свод!B19,'2.6'!AF$14:AF$25)+SUMIF('3гпх'!B$15:B$26,свод!B19,'3гпх'!AN$15:AN$26)+SUMIF(дивид!B$15:B$26,свод!B19,дивид!AL$15:AL$26) -> 1500000
A20: 7 | D20: =SUMIF('2.1'!B$14:B$25,свод!B20,'2.1'!D$14:D$25)+SUMIF('2.2'!B$14:B$25,свод!B20,'2.2'!D$14:D$25)+SUMIF('2.3'!B$14:B$25,свод!B20,'2.3'!D$14:D$25)+SUMIF('2.4'!B$14:B$25,свод!B20,'2.4'!D$14:D$25)+SUMIF('2.5'!B$14:B$25,свод!B20,'2.5'!D$14:D$25)+SUMIF('2.6'!B$14:B$25,свод!B20,'2.6'!D$14:D$25)+SUMIF('3гпх'!B$15:B$26,свод!B20,'3гпх'!E$15:E$26)+SUMIF(дивид!B$15:B$26,свод!B20,дивид!F$15:F$26) -> 0 | E20: =SUMIF('2.1'!B$14:B$25,свод!B20,'2.1'!E$14:E$25)+SUMIF('2.2'!B$14:B$25,свод!B20,'2.2'!E$14:E$25)+SUMIF('2.3'!B$14:B$25,свод!B20,'2.3'!E$14:E$25)+SUMIF('2.4'!B$14:B$25,свод!B20,'2.4'!E$14:E$25)+SUMIF('2.5'!B$14:B$25,свод!B20,'2.5'!E$14:E$25)+SUMIF('2.6'!B$14:B$25,свод!B20,'2.6'!E$14:E$25) -> 0 | F20: =SUMIF('2.1'!B$14:B$25,свод!B20,'2.1'!AC$14:AC$25)+SUMIF('2.2'!B$14:B$25,свод!B20,'2.2'!AC$14:AC$25)+SUMIF('2.3'!B$14:B$25,свод!B20,'2.3'!AC$14:AC$25)+SUMIF('2.4'!B$14:B$25,свод!B20,'2.4'!AC$14:AC$25)+SUMIF('2.5'!B$14:B$25,свод!B20,'2.5'!AC$14:AC$25)+SUMIF('2.6'!B$14:B$25,свод!B20,'2.6'!AC$14:AC$25)+SUMIF('3гпх'!B$15:B$26,свод!B20,'3гпх'!H$15:H$26) -> 0 | G20: =SUMIF('2.1'!B$14:B$25,свод!B20,'2.1'!G$14:G$25)+SUMIF('2.2'!B$14:B$25,свод!B20,'2.2'!G$14:G$25)+SUMIF('2.3'!B$14:B$25,свод!B20,'2.3'!G$14:G$25)+SUMIF('2.4'!B$14:B$25,свод!B20,'2.4'!G$14:G$25)+SUMIF('2.5'!B$14:B$25,свод!B20,'2.5'!G$14:G$25)+SUMIF('2.6'!B$14:B$25,свод!B20,'2.6'!G$14:G$25)+SUMIF('3гпх'!B$15:B$26,свод!B20,'3гпх'!I$15:I$26) -> 0 | H20: =SUMIF('2.1'!B$14:B$25,свод!B20,'2.1'!H$14:H$25)+SUMIF('2.2'!B$14:B$25,свод!B20,'2.2'!H$14:H$25)+SUMIF('2.3'!B$14:B$25,свод!B20,'2.3'!H$14:H$25)+SUMIF('2.4'!B$14:B$25,свод!B20,'2.4'!H$14:H$25)+SUMIF('2.5'!B$14:B$25,свод!B20,'2.5'!H$14:H$25)+SUMIF('2.6'!B$14:B$25,свод!B20,'2.6'!H$14:H$25) -> 0 | I20: =SUMIF('2.1'!B$14:B$25,свод!B20,'2.1'!I$14:I$25)+SUMIF('2.2'!B$14:B$25,свод!B20,'2.2'!I$14:I$25)+SUMIF('2.3'!B$14:B$25,свод!B20,'2.3'!I$14:I$25)+SUMIF('2.4'!B$14:B$25,свод!B20,'2.4'!I$14:I$25)+SUMIF('2.5'!B$14:B$25,свод!B20,'2.5'!I$14:I$25)+SUMIF('2.6'!B$14:B$25,свод!B20,'2.6'!I$14:I$25)+SUMIF('3гпх'!B$15:B$26,свод!B20,'3гпх'!F$15:F$26)+SUMIF(дивид!B$15:B$26,свод!B20,дивид!G$15:G$26) -> 0 | J20: =SUMIF('2.1'!B$14:B$25,свод!B20,'2.1'!J$14:J$25)+SUMIF('2.2'!B$14:B$25,свод!B20,'2.2'!J$14:J$25)+SUMIF('2.3'!B$14:B$25,свод!B20,'2.3'!J$14:J$25)+SUMIF('2.4'!B$14:B$25,свод!B20,'2.4'!J$14:J$25)+SUMIF('2.5'!B$14:B$25,свод!B20,'2.5'!J$14:J$25)+SUMIF('2.6'!B$14:B$25,свод!B20,'2.6'!J$14:J$25)+SUMIF('3гпх'!B$15:B$26,свод!B20,'3гпх'!J$15:J$26)+SUMIF(дивид!B$15:B$26,свод!B20,дивид!H$15:H$26) -> 0 | K20: =SUMIF('2.1'!B$14:B$25,свод!B20,'2.1'!K$14:K$25)+SUMIF('2.2'!B$14:B$25,свод!B20,'2.2'!K$14:K$25)+SUMIF('2.3'!B$14:B$25,свод!B20,'2.3'!K$14:K$25)+SUMIF('2.4'!B$14:B$25,свод!B20,'2.4'!K$14:K$25)+SUMIF('2.5'!B$14:B$25,свод!B20,'2.5'!K$14:K$25)+SUMIF('2.6'!B$14:B$25,свод!B20,'2.6'!K$14:K$25)+SUMIF('3гпх'!B$15:B$26,свод!B20,'3гпх'!L$15:L$26)+SUMIF(дивид!B$15:B$26,свод!B20,дивид!J$15:J$26) -> 0 | L20: =SUMIF('2.1'!B$14:B$25,свод!B20,'2.1'!L$14:L$25)+SUMIF('2.2'!B$14:B$25,свод!B20,'2.2'!L$14:L$25)+SUMIF('2.3'!B$14:B$25,свод!B20,'2.3'!L$14:L$25)+SUMIF('2.4'!B$14:B$25,свод!B20,'2.4'!L$14:L$25)+SUMIF('2.5'!B$14:B$25,свод!B20,'2.5'!L$14:L$25)+SUMIF('2.6'!B$14:B$25,свод!B20,'2.6'!L$14:L$25)+SUMIF('3гпх'!B$15:B$26,свод!B20,'3гпх'!M$15:M$26)+SUMIF(дивид!B$15:B$26,свод!B20,дивид!K$15:K$26) -> 0 | M20: =SUMIF('2.1'!B$14:B$25,свод!B20,'2.1'!M$14:M$25)+SUMIF('2.2'!B$14:B$25,свод!B20,'2.2'!M$14:M$25)+SUMIF('2.3'!B$14:B$25,свод!B20,'2.3'!M$14:M$25)+SUMIF('2.4'!B$14:B$25,свод!B20,'2.4'!M$14:M$25)+SUMIF('2.5'!B$14:B$25,свод!B20,'2.5'!M$14:M$25)+SUMIF('2.6'!B$14:B$25,свод!B20,'2.6'!M$14:M$25)+SUMIF('3гпх'!B$15:B$26,свод!B20,'4гпх'!E$3:E$14) -> 0 | N20: =SUMIF('2.1'!B$14:B$25,свод!B20,'2.1'!N$14:N$25)+SUMIF('2.2'!B$14:B$25,свод!B20,'2.2'!N$14:N$25)+SUMIF('2.3'!B$14:B$25,свод!B20,'2.3'!N$14:N$25)+SUMIF('2.4'!B$14:B$25,свод!B20,'2.4'!N$14:N$25)+SUMIF('2.5'!B$14:B$25,свод!B20,'2.5'!N$14:N$25)+SUMIF('2.6'!B$14:B$25,свод!B20,'2.6'!N$14:N$25)+SUMIF('3гпх'!B$15:B$26,свод!B20,'4гпх'!F$3:F$14) -> 0 | P20: =SUMIF('2.1'!B$14:B$25,свод!B20,'2.1'!P$14:P$25)+SUMIF('2.2'!B$14:B$25,свод!B20,'2.2'!P$14:P$25)+SUMIF('2.3'!B$14:B$25,свод!B20,'2.3'!P$14:P$25)+SUMIF('2.4'!B$14:B$25,свод!B20,'2.4'!P$14:P$25)+SUMIF('2.5'!B$14:B$25,свод!B20,'2.5'!P$14:P$25)+SUMIF('2.6'!B$14:B$25,свод!B20,'2.6'!P$14:P$25)+SUMIF('3гпх'!B$15:B$26,свод!B20,'3гпх'!G$15:G$26) -> 0 | Q20: =SUMIF('2.1'!B$14:B$25,свод!B20,'2.1'!Q$14:Q$25)+SUMIF('2.2'!B$14:B$25,свод!B20,'2.2'!Q$14:Q$25)+SUMIF('2.3'!B$14:B$25,свод!B20,'2.3'!Q$14:Q$25)+SUMIF('2.4'!B$14:B$25,свод!B20,'2.4'!Q$14:Q$25)+SUMIF('2.5'!B$14:B$25,свод!B20,'2.5'!Q$14:Q$25)+SUMIF('2.6'!B$14:B$25,свод!B20,'2.6'!Q$14:Q$25) -> 0 | R20: =SUMIF('2.1'!B$14:B$25,свод!B20,'2.1'!R$14:R$25)+SUMIF('2.2'!B$14:B$25,свод!B20,'2.2'!R$14:R$25)+SUMIF('2.3'!B$14:B$25,свод!B20,'2.3'!R$14:R$25)+SUMIF('2.4'!B$14:B$25,свод!B20,'2.4'!R$14:R$25)+SUMIF('2.5'!B$14:B$25,свод!B20,'2.5'!R$14:R$25)+SUMIF('2.6'!B$14:B$25,свод!B20,'2.6'!R$14:R$25) -> 0 | S20: =SUMIF('2.1'!B$14:B$25,свод!B20,'2.1'!S$14:S$25)+SUMIF('2.2'!B$14:B$25,свод!B20,'2.2'!S$14:S$25)+SUMIF('2.3'!B$14:B$25,свод!B20,'2.3'!S$14:S$25)+SUMIF('2.4'!B$14:B$25,свод!B20,'2.4'!S$14:S$25)+SUMIF('2.5'!B$14:B$25,свод!B20,'2.5'!S$14:S$25)+SUMIF('2.6'!B$14:B$25,свод!B20,'2.6'!S$14:S$25) -> 0 | T20: =SUMIF('2.1'!B$14:B$25,свод!B20,'2.1'!T$14:T$25)+SUMIF('2.2'!B$14:B$25,свод!B20,'2.2'!T$14:T$25)+SUMIF('2.3'!B$14:B$25,свод!B20,'2.3'!T$14:T$25)+SUMIF('2.4'!B$14:B$25,свод!B20,'2.4'!T$14:T$25)+SUMIF('2.5'!B$14:B$25,свод!B20,'2.5'!T$14:T$25)+SUMIF('2.6'!B$14:B$25,свод!B20,'2.6'!T$14:T$25) -> 0 | U20: =SUMIF('2.1'!B$14:B$25,свод!B20,'2.1'!U$14:U$25)+SUMIF('2.2'!B$14:B$25,свод!B20,'2.2'!U$14:U$25)+SUMIF('2.3'!B$14:B$25,свод!B20,'2.3'!U$14:U$25)+SUMIF('2.4'!B$14:B$25,свод!B20,'2.4'!U$14:U$25)+SUMIF('2.5'!B$14:B$25,свод!B20,'2.5'!U$14:U$25)+SUMIF('2.6'!B$14:B$25,свод!B20,'2.6'!U$14:U$25) -> 0 | V20: =SUMIF('2.1'!B$14:B$25,свод!B20,'2.1'!V$14:V$25)+SUMIF('2.2'!B$14:B$25,свод!B20,'2.2'!V$14:V$25)+SUMIF('2.3'!B$14:B$25,свод!B20,'2.3'!V$14:V$25)+SUMIF('2.4'!B$14:B$25,свод!B20,'2.4'!V$14:V$25)+SUMIF('2.5'!B$14:B$25,свод!B20,'2.5'!V$14:V$25)+SUMIF('2.6'!B$14:B$25,свод!B20,'2.6'!V$14:V$25) -> 0 | Z20: =SUMIF('2.1'!B$14:B$25,свод!B20,'2.1'!Z$14:Z$25)+SUMIF('2.2'!B$14:B$25,свод!B20,'2.2'!Z$14:Z$25)+SUMIF('2.3'!B$14:B$25,свод!B20,'2.3'!Z$14:Z$25)+SUMIF('2.4'!B$14:B$25,свод!B20,'2.4'!Z$14:Z$25)+SUMIF('2.5'!B$14:B$25,свод!B20,'2.5'!Z$14:Z$25)+SUMIF('2.6'!B$14:B$25,свод!B20,'2.6'!Z$14:Z$25)+SUMIF('3гпх'!B$15:B$26,свод!B20,'4гпх'!D$3:D$14) -> 0 | AA20: =SUMIF('2.1'!B$14:B$25,свод!B20,'2.1'!AA$14:AA$25)+SUMIF('2.2'!B$14:B$25,свод!B20,'2.2'!AA$14:AA$25)+SUMIF('2.3'!B$14:B$25,свод!B20,'2.3'!AA$14:AA$25)+SUMIF('2.4'!B$14:B$25,свод!B20,'2.4'!AA$14:AA$25)+SUMIF('2.5'!B$14:B$25,свод!B20,'2.5'!AA$14:AA$25)+SUMIF('2.6'!B$14:B$25,свод!B20,'2.6'!AA$14:AA$25)+SUMIF('3гпх'!B$15:B$26,свод!B20,'4гпх'!I$3:I$14) -> 0 | AB20: =SUMIF('2.1'!B$14:B$25,свод!B20,'2.1'!AB$14:AB$25)+SUMIF('2.2'!B$14:B$25,свод!B20,'2.2'!AB$14:AB$25)+SUMIF('2.3'!B$14:B$25,свод!B20,'2.3'!AB$14:AB$25)+SUMIF('2.4'!B$14:B$25,свод!B20,'2.4'!AB$14:AB$25)+SUMIF('2.5'!B$14:B$25,свод!B20,'2.5'!AB$14:AB$25)+SUMIF('2.6'!B$14:B$25,свод!B20,'2.6'!AB$14:AB$25) -> 0 | AC20: =SUMIF('2.1'!B$14:B$25,свод!B20,'2.1'!AC$14:AC$25)+SUMIF('2.2'!B$14:B$25,свод!B20,'2.2'!AC$14:AC$25)+SUMIF('2.3'!B$14:B$25,свод!B20,'2.3'!AC$14:AC$25)+SUMIF('2.4'!B$14:B$25,свод!B20,'2.4'!AC$14:AC$25)+SUMIF('2.5'!B$14:B$25,свод!B20,'2.5'!AC$14:AC$25)+SUMIF('2.6'!B$14:B$25,свод!B20,'2.6'!AC$14:AC$25)+SUMIF('3гпх'!B$15:B$26,свод!B20,'3гпх'!H$15:H$26) -> 0 | AE20: =SUMIF('2.1'!B$14:B$25,свод!B20,'2.1'!AE$14:AE$25)+SUMIF('2.2'!B$14:B$25,свод!B20,'2.2'!AE$14:AE$25)+SUMIF('2.3'!B$14:B$25,свод!B20,'2.3'!AE$14:AE$25)+SUMIF('2.4'!B$14:B$25,свод!B20,'2.4'!AE$14:AE$25)+SUMIF('2.5'!B$14:B$25,свод!B20,'2.5'!AE$14:AE$25)+SUMIF('2.6'!B$14:B$25,свод!B20,'2.6'!AE$14:AE$25)+SUMIF('3гпх'!B$15:B$26,свод!B20,'3гпх'!AM$15:AM$26)+SUMIF(дивид!B$15:B$26,свод!B20,дивид!AK$15:AK$26) -> 0 | AF20: =SUMIF('2.1'!B$14:B$25,свод!B20,'2.1'!AF$14:AF$25)+SUMIF('2.2'!B$14:B$25,свод!B20,'2.2'!AF$14:AF$25)+SUMIF('2.3'!B$14:B$25,свод!B20,'2.3'!AF$14:AF$25)+SUMIF('2.4'!B$14:B$25,свод!B20,'2.4'!AF$14:AF$25)+SUMIF('2.5'!B$14:B$25,свод!B20,'2.5'!AF$14:AF$25)+SUMIF('2.6'!B$14:B$25,свод!B20,'2.6'!AF$14:AF$25)+SUMIF('3гпх'!B$15:B$26,свод!B20,'3гпх'!AN$15:AN$26)+SUMIF(дивид!B$15:B$26,свод!B20,дивид!AL$15:AL$26) -> 0
